Workbook

Sheet Consolidado
A1: ESTRUCTURA CONTRATO MATERIAL MEDICO QUIRURGICO 2023
I2: DMBOG | K2: BIM 12 | M2: BUENAVENTURA | O2: TURBO | Q2: PUERTO LOPEZ | S2: BARRANCABERMEJA | U2: BAHIA MALAGA | W2: BAHIA SOLANO | Y2: PTO CARREÑO | AA2: GUAPI | AC2: YATI | AE2: LETICIA | AG2: HONAL | AI2: MALAGANA | AK2: SAN ANDRES | AM2: COVEÑAS | AO2: TUMACO | AQ2: INIRIDA | AS2: ENAP | AU2: ENSB | AW2: COROZAL | AY2: ARAUCA | BA2: CANTIDAD 2023
A3: NO ITEM GRAL | B3: NO ITEM GRUPO | C3: CODIGO UNSPSC | D3: NUMERO DE MATERIAL | E3: DESCRIPCION | F3: ESPECIFICACION TECNICA | G3: PRESENTACIÓN | H3: VALOR UNITARIO + IVA | I3: CANTIDAD 2023 | J3: VALOR | K3: CANTIDAD 2023 | L3: VALOR | M3: CANTIDAD 2023 | N3: VALOR | O3: CANTIDAD 2023 | P3: VALOR | Q3: CANTIDAD2023 | R3: VALOR | S3: CANTIDAD 2023 | T3: VALOR | U3: CANTIDAD 2023 | V3: VALOR | W3: CANTIDAD 2023 | X3: VALOR | Y3: CANTIDAD 2023 | Z3: VALOR | AA3: CANTIDAD 2023 | AB3: VALOR | AC3: CANTIDAD 2023 | AD3: VALOR | AE3: CANTIDAD 2023 | AF3: VALOR | AG3: CANTIDAD 2023 | AH3: VALOR | AI3: CANTIDAD 2023 | AJ3: VALOR | AK3: CANTIDAD 2023 | AL3: VALOR | AM3: CANTIDAD 2023 | AN3: VALOR | AO3: CANTIDAD 2023 | AP3: VALOR | AQ3: CANTIDAD 2023 | AR3: VALOR | AS3: CANTIDAD 2023 | AT3: VALOR | AU3: CANTIDAD 2023 | AV3: VALOR | AW3: CANTIDAD 2023 | AX3: VALOR | AY3: CANTIDAD 2023 | AZ3: VALOR | BB3: TOTAL 2023
A4: GRUPO No.1 ESTERILIZACION | I4: VALOR | J4: =+J15+J33+J38+J44+J54+J76+J90+J129+J144+J153+J184+J217+J225+J229+J233 -> 40125835 | K4: VALOR | L4: =+L15+L33+L38+L44+L54+L76+L90+L129+L144+L153+L184+L217+L225+L229+L233 -> 2482322.4 | M4: VALOR | N4: =+N15+N33+N38+N44+N54+N76+N90+N129+N144+N153+N184+N217+N225+N229+N233 -> 6774604.3 | O4: VALOR | P4: =+P15+P33+P38+P44+P54+P76+P90+P129+P144+P153+P184+P217+P225+P229+P233 -> 3734857.4 | Q4: VALOR | R4: =+R15+R33+R38+R44+R54+R76+R90+R129+R144+R153+R184+R217+R225+R229+R233 -> 1774776.3 | S4: VALOR | T4: =+T15+T33+T38+T44+T54+T76+T90+T129+T144+T153+T184+T217+T225+T229+T233 -> 2158642.4 | U4: VALOR | V4: =+V15+V33+V38+V44+V54+V76+V90+V129+V144+V153+V184+V217+V225+V229+V233 -> 4221977.4 | W4: VALOR | X4: =+X15+X33+X38+X44+X54+X76+X90+X129+X144+X153+X184+X217+X225+X229+X233 -> 2764180.8 | Y4: VALOR | Z4: =+Z15+Z33+Z38+Z44+Z54+Z76+Z90+Z129+Z144+Z153+Z184+Z217+Z225+Z229+Z233 -> 2749896.2 | AA4: VALOR | AB4: =+AB15+AB33+AB38+AB44+AB54+AB76+AB90+AB129+AB144+AB153+AB184+AB217+AB225+AB229+AB233 -> 2585258.6 | AC4: VALOR | AD4: =+AD15+AD33+AD38+AD44+AD54+AD76+AD90+AD129+AD144+AD153+AD184+AD217+AD225+AD229+AD233 -> 3235521.5 | AE4: VALOR | AF4: =+AF15+AF33+AF38+AF44+AF54+AF76+AF90+AF129+AF144+AF153+AF184+AF217+AF225+AF229+AF233 -> 2528654.2 | AG4: VALOR | AH4: =+AH15+AH33+AH38+AH44+AH54+AH76+AH90+AH129+AH144+AH153+AH184+AH217+AH225+AH229+AH233 -> 7598438.3 | AI4: VALOR | AJ4: =+AJ15+AJ33+AJ38+AJ44+AJ54+AJ76+AJ90+AJ129+AJ144+AJ153+AJ184+AJ217+AJ225+AJ229+AJ233 -> 3084042 | AK4: VALOR | AL4: =+AL15+AL33+AL38+AL44+AL54+AL76+AL90+AL129+AL144+AL153+AL184+AL217+AL225+AL229+AL233 -> 3260198.8 | AM4: VALOR | AN4: =+AN15+AN33+AN38+AN44+AN54+AN76+AN90+AN129+AN144+AN153+AN184+AN217+AN225+AN229+AN233 -> 4604483.2 | AO4: VALOR | AP4: =+AP15+AP33+AP38+AP44+AP54+AP76+AP90+AP129+AP144+AP153+AP184+AP217+AP225+AP229+AP233 -> 5713264.2 | AQ4: VALOR | AR4: =+AR15+AR33+AR38+AR44+AR54+AR76+AR90+AR129+AR144+AR153+AR184+AR217+AR225+AR229+AR233 -> 3039148.9 | AS4: VALOR | AT4: =+AT15+AT33+AT38+AT44+AT54+AT76+AT90+AT129+AT144+AT153+AT184+AT217+AT225+AT229+AT233 -> 3055980.2 | AU4: VALOR | AV4: =+AV15+AV33+AV38+AV44+AV54+AV76+AV90+AV129+AV144+AV153+AV184+AV217+AV225+AV229+AV233 -> 0 | AW4: VALOR | AX4: =+AX15+AX33+AX38+AX44+AX54+AX76+AX90+AX129+AX144+AX153+AX184+AX217+AX225+AX229+AX233 -> 8722577.4 | AY4: VALOR | AZ4: =+AZ15+AZ33+AZ38+AZ44+AZ54+AZ76+AZ90+AZ129+AZ144+AZ153+AZ184+AZ217+AZ225+AZ229+AZ233 -> 1785290.6 | BB4: =J4+L4+N4+P4+R4+T4+V4+X4+Z4+AB4+AD4+AF4+AH4+AJ4+AL4+AN4+AP4+AR4+AT4+AV4+AX4+AZ4 -> 1.1599995e+08
A5: 1 | B5: 1 | C5: 42281807 | D5: 000000000002584099 | E5: ROLLO DE CINTA ADHESIVA TESTIGO PARA GARANTIZAR LA ESTERILIDAD DE MATERIAL EXPUESTO EN AUTOCLAVE A VAPOR DE BAJA TEMPERATURA CON FORMALDEHIDO DE GRADO QUIRÚRGICO. | F5: CINTA ADHESIVA DE PAPEL COMPATIBLE CON SISTEMA DE ESTERILIZACION MATACHANA POR VAPOR A BAJA TEMPERATURA CON FORMALFEHIDO 130LF (VBTF). DIMENSIONES 1,80CM X 50 MTS, HASTA 2 CM X 50 MTS, DE ALTA RESISTENCIA, EN LA QUE HAY POR UN LADO ADHESIVO Y POR EL OTRO LADO EL INDICADOR QUIMICO. CON CAMBIO DE COLOR DE LA TINTA INDICADORA DE GRANATE A VERDE. | G5: ROLLO | H5: 57314.554 | I5: 10 | J5: =I5*H5 -> 573145.54 | K5: 0 | L5: =K5*H5 -> 0 | M5: 0 | N5: =M5*H5 -> 0 | O5: 0 | P5: =O5*H5 -> 0 | Q5: 0 | R5: =Q5*H5 -> 0 | S5: 0 | T5: =S5*H5 -> 0 | U5: 0 | V5: =U5*H5 -> 0 | W5: 0 | X5: =W5*H5 -> 0 | Y5: 0 | Z5: =Y5*H5 -> 0 | AA5: 0 | AB5: =AA5*H5 -> 0 | AC5: 0 | AD5: =AC5*H5 -> 0 | AE5: 0 | AF5: =AE5*H5 -> 0 | AG5: 0 | AH5: =AG5*H5 -> 0 | AI5: 0 | AJ5: =AI5*H5 -> 0 | AK5: 0 | AL5: =AK5*H5 -> 0 | AM5: 0 | AN5: =AM5*H5 -> 0 | AO5: 0 | AP5: =AO5*H5 -> 0 | AQ5: 0 | AR5: =AQ5*H5 -> 0 | AS5: 0 | AT5: =AS5*H5 -> 0 | AU5: 0 | AV5: =AU5*H5 -> 0 | AW5: 0 | AX5: =AW5*H5 -> 0 | AY5: 0 | AZ5: =AY5*H5 -> 0 | BA5: =I5+K5+M5+O5+Q5+S5+U5+W5+Y5+AA5+AC5+AE5+AG5+AI5+AK5+AM5+AO5+AQ5+AS5+AU5+AW5+AY5 -> 10 | BB5: =J5+L5+N5+P5+R5+T5+V5+X5+Z5+AB5+AD5+AF5+AH5+AJ5+AL5+AN5+AP5+AR5+AT5+AV5+AX5+AZ5 -> 573145.54 | BD5: =+H5*BA5 -> 573145.54 | BE5: =+BB5-BD5 -> 0
A6: 2 | B6: 2 | C6: 42281803 | D6: 000000000002584099 | E6: ROLLO DE CINTA ADHESIVA TESTIGO PARA GARANTIZAR LA ESTERILIDAD DE MATERIAL EXPUESTO EN AUTOCLAVE A VAPOR DE ALTA TEMPERATURA, DE GRADO QUIRÚRGICO. | F6: CINTA ADHESIVA COMPATIBLE CON SISTEMA DE ESTERILIZACION DE AUTOCLAVE A VAPOR DE ALTA TEMPERATURA. DIMENSIONES 1,80CM, X 50 MTS, HASTA 2 CM X 50 MTS, DE ALTA RESISTENCIA, LIBRE DE PLOMO, EN LA QUE HAY POR UN LADO ADHESIVO Y POR EL OTRO LADO EL INDICADOR QUIMICO. CON CAMBIO DE COLOR DE LA TINTA INDICADORA. | G6: ROLLO | H6: 33673.977 | I6: 0 | J6: =I6*H6 -> 0 | K6: 0 | L6: =K6*H6 -> 0 | M6: 0 | N6: =M6*H6 -> 0 | O6: 5 | P6: =O6*H6 -> 168369.88 | Q6: 0 | R6: =Q6*H6 -> 0 | S6: 0 | T6: =S6*H6 -> 0 | U6: 0 | V6: =U6*H6 -> 0 | W6: 0 | X6: =W6*H6 -> 0 | Y6: 0 | Z6: =Y6*H6 -> 0 | AA6: 0 | AB6: =AA6*H6 -> 0 | AC6: 2 | AD6: =AC6*H6 -> 67347.953 | AE6: 2 | AF6: =AE6*H6 -> 67347.953 | AG6: 0 | AH6: =AG6*H6 -> 0 | AI6: 0 | AJ6: =AI6*H6 -> 0 | AK6: 0 | AL6: =AK6*H6 -> 0 | AM6: 0 | AN6: =AM6*H6 -> 0 | AO6: 0 | AP6: =AO6*H6 -> 0 | AQ6: 0 | AR6: =AQ6*H6 -> 0 | AS6: 2 | AT6: =AS6*H6 -> 67347.953 | AU6: 0 | AV6: =AU6*H6 -> 0 | AW6: 5 | AX6: =AW6*H6 -> 168369.88 | AY6: 0 | AZ6: =AY6*H6 -> 0 | BA6: =I6+K6+M6+O6+Q6+S6+U6+W6+Y6+AA6+AC6+AE6+AG6+AI6+AK6+AM6+AO6+AQ6+AS6+AU6+AW6+AY6 -> 16 | BB6: =J6+L6+N6+P6+R6+T6+V6+X6+Z6+AB6+AD6+AF6+AH6+AJ6+AL6+AN6+AP6+AR6+AT6+AV6+AX6+AZ6 -> 538783.63 | BD6: =+H6*BA6 -> 538783.63 | BE6: =+BB6-BD6 -> 0
A7: 3 | B7: 3 | C7: 42281904 | D7: 000000000002500005 | E7: BOLSA PARA ESTERILIZAR A VAPOR, DE MEDIDAS 135 MM X 255 MM (5 ¼’ X 10’) | F7: BOLSA PAPEL PLASTICO PARA ESTERILIZAR A VAPOR, INDICADOR QUÍMICO PARA VAPOR Y ÓXIDO DE ETILENO, DE MEDIDAS 135 MM X 255 MM (5 ¼’ X 10’), CON UN RANGO DE MÁS O MENOS 15%”. | G7: CAJA X 200 | H7: 50154.192 | I7: 0 | J7: =I7*H7 -> 0 | K7: 0 | L7: =K7*H7 -> 0 | M7: 0 | N7: =M7*H7 -> 0 | O7: 0 | P7: =O7*H7 -> 0 | Q7: 0 | R7: =Q7*H7 -> 0 | S7: 0 | T7: =S7*H7 -> 0 | U7: 0 | V7: =U7*H7 -> 0 | W7: 0 | X7: =W7*H7 -> 0 | Y7: 0 | Z7: =Y7*H7 -> 0 | AA7: 0 | AB7: =AA7*H7 -> 0 | AC7: 1 | AD7: =AC7*H7 -> 50154.192 | AE7: 1 | AF7: =H7*AE7 -> 50154.192 | AG7: 0 | AH7: =AG7*H7 -> 0 | AI7: 0 | AJ7: =AI7*H7 -> 0 | AK7: 0 | AL7: =AK7*H7 -> 0 | AM7: 0 | AN7: =AM7*H7 -> 0 | AO7: 0 | AP7: =AO7*H7 -> 0 | AQ7: 1 | AR7: =AQ7*H7 -> 50154.192 | AS7: 0 | AT7: =AS7*H7 -> 0 | AU7: 0 | AV7: =AU7*H7 -> 0 | AW7: 0 | AX7: =AW7*H7 -> 0 | AZ7: =AY7*H7 -> 0 | BA7: =I7+K7+M7+O7+Q7+S7+U7+W7+Y7+AA7+AC7+AE7+AG7+AI7+AK7+AM7+AO7+AQ7+AS7+AU7+AW7+AY7 -> 3 | BB7: =J7+L7+N7+P7+R7+T7+V7+X7+Z7+AB7+AD7+AF7+AH7+AJ7+AL7+AN7+AP7+AR7+AT7+AV7+AX7+AZ7 -> 150462.58 | BD7: =+H7*BA7 -> 150462.58 | BE7: =+BB7-BD7 -> 0
A8: 4 | B8: 4 | C8: 42281810 | D8: 000000000002500005 | E8: BOLSA PARA ESTERILIZAR A VAPOR DE 90 MM X 230 MM A 260 MM | F8: BOLSA PARA ESTERILIZAR A VAPOR CON INDICADOR QUÍMICO PARA VAPOR Y ÓXIDO DE ETILENO, CON MEDIDAS DE 90 MM X 230 MM A 260 MM | G8: CAJA X 200 | H8: 36167.572 | I8: 0 | J8: =I8*H8 -> 0 | K8: 2 | L8: =K8*H8 -> 72335.143 | M8: 0 | N8: =M8*H8 -> 0 | O8: 4 | P8: =O8*H8 -> 144670.29 | Q8: 0 | R8: =Q8*H8 -> 0 | S8: 0 | T8: =S8*H8 -> 0 | U8: 2 | V8: =U8*H8 -> 72335.143 | W8: 0 | X8: =W8*H8 -> 0 | Y8: 0 | Z8: =Y8*H8 -> 0 | AA8: 0 | AB8: =AA8*H8 -> 0 | AC8: 7 | AD8: =AC8*H8 -> 253173 | AE8: 0 | AF8: =AE8*H8 -> 0 | AG8: 0 | AH8: =AG8*H8 -> 0 | AI8: 0 | AJ8: =AI8*H8 -> 0 | AK8: 2 | AL8: =AK8*H8 -> 72335.143 | AM8: 0 | AN8: =AM8*H8 -> 0 | AO8: 0 | AP8: =AO8*H8 -> 0 | AQ8: 0 | AR8: =AQ8*H8 -> 0 | AS8: 0 | AT8: =AS8*H8 -> 0 | AU8: 0 | AV8: =AU8*H8 -> 0 | AW8: 4 | AX8: =AW8*H8 -> 144670.29 | AY8: 0 | AZ8: =AY8*H8 -> 0 | BA8: =I8+K8+M8+O8+Q8+S8+U8+W8+Y8+AA8+AC8+AE8+AG8+AI8+AK8+AM8+AO8+AQ8+AS8+AU8+AW8+AY8 -> 21 | BB8: =J8+L8+N8+P8+R8+T8+V8+X8+Z8+AB8+AD8+AF8+AH8+AJ8+AL8+AN8+AP8+AR8+AT8+AV8+AX8+AZ8 -> 759519 | BD8: =+H8*BA8 -> 759519 | BE8: =+BB8-BD8 -> 0
A9: 5 | B9: 5 | C9: 42281706 | D9: 2584094 | E9: TEST BOWIE DICK CAJA X 50 | F9: HOJA DE PRUEBA DE ADVERTENCIA TEMPRANA PARA PROBAR LOS ESTERILIZADORES A VAPOR ASISTIDOS CON VACIO DE 132 A 134° CENTIGRADOS INDICA LA EFICIENCIA DE LA ELIMICIÓN DEL AIRE DURANTE LA FASE DE VACIO DEL ESTERILIZADOR | G9: CAJA X 50 | H9: 468544.72 | I9: 2 | J9: =I9*H9 -> 937089.44 | K9: 0 | L9: =K9*H9 -> 0 | M9: 0 | N9: =M9*H9 -> 0 | O9: 0 | P9: =O9*H9 -> 0 | Q9: 0 | R9: =Q9*H9 -> 0 | S9: 0 | T9: =S9*H9 -> 0 | U9: 0 | V9: =U9*H9 -> 0 | W9: 0 | X9: =W9*H9 -> 0 | Y9: 0 | Z9: =Y9*H9 -> 0 | AA9: 0 | AB9: =AA9*H9 -> 0 | AC9: 0 | AD9: =AC9*H9 -> 0 | AE9: 0 | AF9: =AE9*H9 -> 0 | AG9: 0 | AH9: =AG9*H9 -> 0 | AI9: 0 | AJ9: =AI9*H9 -> 0 | AK9: 0 | AL9: =AK9*H9 -> 0 | AM9: 0 | AN9: =AM9*H9 -> 0 | AO9: 0 | AP9: =AO9*H9 -> 0 | AQ9: 0 | AR9: =AQ9*H9 -> 0 | AS9: 0 | AT9: =AS9*H9 -> 0 | AU9: 0 | AV9: =AU9*H9 -> 0 | AW9: 0 | AX9: =AW9*H9 -> 0 | AY9: 0 | AZ9: =AY9*H9 -> 0 | BA9: =I9+K9+M9+O9+Q9+S9+U9+W9+Y9+AA9+AC9+AE9+AG9+AI9+AK9+AM9+AO9+AQ9+AS9+AU9+AW9+AY9 -> 2 | BB9: =J9+L9+N9+P9+R9+T9+V9+X9+Z9+AB9+AD9+AF9+AH9+AJ9+AL9+AN9+AP9+AR9+AT9+AV9+AX9+AZ9 -> 937089.44 | BD9: =+H9*BA9 -> 937089.44 | BE9: =+BB9-BD9 -> 0
A10: 6 | B10: 6 | C10: 42281915 | D10: 2501244 | E10: ROLLO EN PAPEL MIXTO PARA ESTERILIZAR A VAPOR | F10: ROLLO EN PAPEL MIXTO PARA ESTERILIZAR A VAPOR: 15X200MT, GRADO MEDICO, PARA EL ENVOLVIMIENTO Y PROTECCION DE MATERIAL ESTERIL QUIRUGICO | G10: ROLLO | H10: 206453.29 | I10: 3 | J10: =I10*H10 -> 619359.88 | K10: 0 | L10: =K10*H10 -> 0 | M10: 0 | N10: =M10*H10 -> 0 | O10: 0 | P10: =O10*H10 -> 0 | Q10: 0 | R10: =Q10*H10 -> 0 | S10: 0 | T10: =S10*H10 -> 0 | U10: 1 | V10: =U10*H10 -> 206453.29 | W10: 0 | X10: =W10*H10 -> 0 | Y10: 0 | Z10: =Y10*H10 -> 0 | AA10: 0 | AB10: =AA10*H10 -> 0 | AC10: 0 | AD10: =AC10*H10 -> 0 | AE10: 0 | AF10: =AE10*H10 -> 0 | AG10: 0 | AH10: =AG10*H10 -> 0 | AI10: 0 | AJ10: =AI10*H10 -> 0 | AK10: 0 | AL10: =AK10*H10 -> 0 | AM10: 0 | AN10: =AM10*H10 -> 0 | AO10: 0 | AP10: =AO10*H10 -> 0 | AQ10: 0 | AR10: =AQ10*H10 -> 0 | AS10: 0 | AT10: =AS10*H10 -> 0 | AU10: 0 | AV10: =AU10*H10 -> 0 | AW10: 0 | AX10: =AW10*H10 -> 0 | AY10: 0 | AZ10: =AY10*H10 -> 0 | BA10: =I10+K10+M10+O10+Q10+S10+U10+W10+Y10+AA10+AC10+AE10+AG10+AI10+AK10+AM10+AO10+AQ10+AS10+AU10+AW10+AY10 -> 4 | BB10: =J10+L10+N10+P10+R10+T10+V10+X10+Z10+AB10+AD10+AF10+AH10+AJ10+AL10+AN10+AP10+AR10+AT10+AV10+AX10+AZ10 -> 825813.17 | BD10: =+H10*BA10 -> 825813.17 | BE10: =+BB10-BD10 -> 0
A11: 7 | B11: 7 | C11: 42281915 | D11: 2501247 | E11: ROLLO EN PAPEL MIXTO PARA ESTERILIZAR A VAPOR | F11: ROLLO EN PAPEL MIXTO PARA ESTERILIZAR A VAPOR: DE MEDIDAS 40 X 200 MT (CON UN RANGO DE MÁS O MENOS 15%), GRADO MEDICO, PARA EL ENVOLVIMIENTO Y PROTECCION DE MATERIAL ESTERIL QUIRUGICO | G11: ROLLO | H11: 578061.92 | I11: 1 | J11: =I11*H11 -> 578061.92 | K11: 0 | L11: =K11*H11 -> 0 | M11: 0 | N11: =M11*H11 -> 0 | O11: 0 | P11: =O11*H11 -> 0 | Q11: 0 | R11: =Q11*H11 -> 0 | S11: 0 | T11: =S11*H11 -> 0 | U11: 0 | V11: =U11*H11 -> 0 | W11: 0 | X11: =W11*H11 -> 0 | Y11: 0 | Z11: =Y11*H11 -> 0 | AA11: 0 | AB11: =AA11*H11 -> 0 | AC11: 0 | AD11: =AC11*H11 -> 0 | AE11: 0 | AF11: =AE11*H11 -> 0 | AG11: 0 | AH11: =AG11*H11 -> 0 | AI11: 0 | AJ11: =AI11*H11 -> 0 | AK11: 0 | AL11: =AK11*H11 -> 0 | AM11: 0 | AN11: =AM11*H11 -> 0 | AO11: 0 | AP11: =AO11*H11 -> 0 | AQ11: 0 | AR11: =AQ11*H11 -> 0 | AS11: 0 | AT11: =AS11*H11 -> 0 | AU11: 0 | AV11: =AU11*H11 -> 0 | AW11: 0 | AX11: =AW11*H11 -> 0 | AY11: 0 | AZ11: =AY11*H11 -> 0 | BA11: =I11+K11+M11+O11+Q11+S11+U11+W11+Y11+AA11+AC11+AE11+AG11+AI11+AK11+AM11+AO11+AQ11+AS11+AU11+AW11+AY11 -> 1 | BB11: =J11+L11+N11+P11+R11+T11+V11+X11+Z11+AB11+AD11+AF11+AH11+AJ11+AL11+AN11+AP11+AR11+AT11+AV11+AX11+AZ11 -> 578061.92 | BD11: =+H11*BA11 -> 578061.92 | BE11: =+BB11-BD11 -> 0
A12: 8 | B12: 8 | C12: 13111201 | D12: 2501247 | E12: ROLLO EN PAPEL MIXTO PARA ESTERILIZAR A VAPOR | F12: ROLLO EN PAPEL MIXTO PARA ESTERILIZAR A VAPOR: 30X200MT, GRADO MEDICO, PARA EL ENVOLVIMIENTO Y PROTECCION DE MATERIAL ESTERIL QUIRUGICO, SIN FUELLE | G12: ROLLO | H12: 322629.37 | I12: 2 | J12: =I12*H12 -> 645258.73 | K12: 0 | L12: =K12*H12 -> 0 | M12: 0 | N12: =M12*H12 -> 0 | O12: 0 | P12: =O12*H12 -> 0 | Q12: 0 | R12: =Q12*H12 -> 0 | S12: 0 | T12: =S12*H12 -> 0 | U12: 0 | V12: =U12*H12 -> 0 | W12: 0 | X12: =W12*H12 -> 0 | Y12: 0 | Z12: =Y12*H12 -> 0 | AA12: 0 | AB12: =AA12*H12 -> 0 | AC12: 0 | AD12: =AC12*H12 -> 0 | AE12: 0 | AF12: =AE12*H12 -> 0 | AG12: 0 | AH12: =AG12*H12 -> 0 | AI12: 1 | AJ12: =AI12*H12 -> 322629.37 | AK12: 0 | AL12: =AK12*H12 -> 0 | AM12: 0 | AN12: =AM12*H12 -> 0 | AO12: 0 | AP12: =AO12*H12 -> 0 | AQ12: 0 | AR12: =AQ12*H12 -> 0 | AS12: 0 | AT12: =AS12*H12 -> 0 | AU12: 0 | AV12: =AU12*H12 -> 0 | AW12: 2 | AX12: =AW12*H12 -> 645258.73 | AY12: 0 | AZ12: =AY12*H12 -> 0 | BA12: =I12+K12+M12+O12+Q12+S12+U12+W12+Y12+AA12+AC12+AE12+AG12+AI12+AK12+AM12+AO12+AQ12+AS12+AU12+AW12+AY12 -> 5 | BB12: =J12+L12+N12+P12+R12+T12+V12+X12+Z12+AB12+AD12+AF12+AH12+AJ12+AL12+AN12+AP12+AR12+AT12+AV12+AX12+AZ12 -> 1613146.8 | BD12: =+H12*BA12 -> 1613146.8 | BE12: =+BB12-BD12 -> 0
A13: 9 | B13: 9 | C13: 51102708 | D13: 1144198 | E13: PAPEL VINIPEL | F13: MATERIAL TERMOPLÁSTICO CON PROPIEDADES DE ELONGACIÓN Y RETENCIÓN DE CARGA, ASEGURAMIENTO Y PROTECCIÓN EN MOVIMIENTO Y TRANSPORTE. LOS ROLLOS VIENEN ENVUELTOS EN STRETCH FILM PARA EVITAR CONTAMINACIÓN DEL PRODUCTO Y CUNETA CON PROTECCIÓN DEL CARTÓN EN LOS BORDES PARA EVITAR DAÑOS DURANTE EL TRANSPORTE Y MANIPULACIÓN. EMPAQUE 15-30CM X 300MT | G13: ROLLO | H13: 22204.655 | I13: 0 | J13: =I13*H13 -> 0 | K13: 0 | L13: =K13*H13 -> 0 | M13: 0 | N13: =M13*H13 -> 0 | O13: 0 | P13: =O13*H13 -> 0 | Q13: 2 | R13: =Q13*H13 -> 44409.31 | S13: 0 | T13: =S13*H13 -> 0 | U13: 4 | V13: =U13*H13 -> 88818.619 | W13: 8 | X13: =W13*H13 -> 177637.24 | Y13: 0 | Z13: =Y13*H13 -> 0 | AA13: 0 | AB13: =AA13*H13 -> 0 | AC13: 1 | AD13: =AC13*H13 -> 22204.655 | AE13: 3 | AF13: =AE13*H13 -> 66613.965 | AG13: 2 | AH13: =AG13*H13 -> 44409.31 | AI13: 4 | AJ13: =AI13*H13 -> 88818.619 | AK13: 0 | AL13: =AK13*H13 -> 0 | AM13: 0 | AN13: =AM13*H13 -> 0 | AO13: 1 | AP13: =AO13*H13 -> 22204.655 | AQ13: 2 | AR13: =AQ13*H13 -> 44409.31 | AS13: 0 | AT13: =AS13*H13 -> 0 | AU13: 0 | AV13: =AU13*H13 -> 0 | AW13: 0 | AX13: =AW13*H13 -> 0 | AY13: 0 | AZ13: =AY13*H13 -> 0 | BA13: =I13+K13+M13+O13+Q13+S13+U13+W13+Y13+AA13+AC13+AE13+AG13+AI13+AK13+AM13+AO13+AQ13+AS13+AU13+AW13+AY13 -> 27 | BB13: =J13+L13+N13+P13+R13+T13+V13+X13+Z13+AB13+AD13+AF13+AH13+AJ13+AL13+AN13+AP13+AR13+AT13+AV13+AX13+AZ13 -> 599525.68 | BD13: =+H13*BA13 -> 599525.68 | BE13: =+BB13-BD13 -> 0
A14: 10 | B14: 10 | C14: 42281915 | D14: 2501238 | E14: PAPEL PARA ESTERILIZAR | F14: ROLLO DE PAPEL DE GRADO MEDICO, PARA EL ENVOLVIMIENTO Y PROTECCIÓN DE MATERIAL ESTÉRIL QUIRÚRGICO, DE 38 A 60 CM X 100 METROS | G14: ROLLO | H14: 176127.72 | I14: 0 | J14: =I14*H14 -> 0 | K14: 1 | L14: =K14*H14 -> 176127.72 | M14: 0 | N14: =M14*H14 -> 0 | O14: 0 | P14: =O14*H14 -> 0 | Q14: 0 | R14: =Q14*H14 -> 0 | S14: 0 | T14: =S14*H14 -> 0 | U14: 0 | V14: =U14*H14 -> 0 | W14: 0 | X14: =W14*H14 -> 0 | Y14: 0 | Z14: =Y14*H14 -> 0 | AA14: 0 | AB14: =AA14*H14 -> 0 | AC14: 0 | AD14: =AC14*H14 -> 0 | AE14: 0 | AF14: =AE14*H14 -> 0 | AG14: 0 | AH14: =AG14*H14 -> 0 | AI14: 0 | AJ14: =AI14*H14 -> 0 | AK14: 0 | AL14: =AK14*H14 -> 0 | AM14: 0 | AN14: =AM14*H14 -> 0 | AO14: 0 | AP14: =AO14*H14 -> 0 | AQ14: 0 | AR14: =AQ14*H14 -> 0 | AS14: 0 | AT14: =AS14*H14 -> 0 | AU14: 0 | AV14: =AU14*H14 -> 0 | AW14: 2 | AX14: =AW14*H14 -> 352255.44 | AY14: 0 | AZ14: =AY14*H14 -> 0 | BA14: =I14+K14+M14+O14+Q14+S14+U14+W14+Y14+AA14+AC14+AE14+AG14+AI14+AK14+AM14+AO14+AQ14+AS14+AU14+AW14+AY14 -> 3 | BB14: =J14+L14+N14+P14+R14+T14+V14+X14+Z14+AB14+AD14+AF14+AH14+AJ14+AL14+AN14+AP14+AR14+AT14+AV14+AX14+AZ14 -> 528383.16 | BD14: =+H14*BA14 -> 528383.16 | BE14: =+BB14-BD14 -> 0
A15: VALOR GRUPO 1. ESTERILIZACION | I15: =SUM(I5:I14) -> 18 | J15: =SUM(J5:J14) -> 3352915.5 | K15: =SUM(K5:K14) -> 3 | L15: =SUM(L5:L14) -> 248462.86 | M15: =SUM(M5:M14) -> 0 | N15: =SUM(N5:N14) -> 0 | O15: =SUM(O5:O14) -> 9 | P15: =SUM(P5:P14) -> 313040.17 | ... BA15: =SUM(BA5:BA14) -> 92 | BB15: =J15+L15+N15+P15+R15+T15+V15+X15+Z15+AB15+AD15+AF15+AH15+AJ15+AL15+AN15+AP15+AR15+AT15+AV15+AX15+AZ15 -> 7103930.9 | BC15: =SUM(BB5:BB14) -> 7103930.9 | BD15: =SUM(BD5:BD14) -> 7103930.9 | BE15: =+BB15-BD15 -> 0
A16: GRUPO No.2 ELEMENTOS DE CIRUGIA | H16: VALOR | I16: DMBOG | K16: BIM12 | M16: BTURA | O16: TURBO | Q16: PUERTO LOPEZ | S16: BARRANCABERMEJA | U16: BAHIA MALAGA | W16: BAHIA SOLANO | Y16: PTO CARREÑO | AA16: GUAPI | AC16: YATI | AE16: LETICIA | AG16: HONAL | AI16: MALAGANA | AK16: SAN ANDRES | AM16: COVEÑAS | AO16: TUMACO | AQ16: INIRIDA | AS16: ENAP | AU16: ENSB | AW16: COROZAL | AY16: ARAUCA | BA16: CANTIDAD
A17: 11 | B17: 1 | C17: 42295143 | D17: 2505276 | E17: LAPIZ PARA ELECTROBISTURÍ | F17: LAPIZ PARA ELECTROBISTURÍ COMPATIBLE SISTEMA VALLEYLABS O SU EQUIVALENTE. ESTERIL | G17: UND | H17: 14533.156 | I17: 20 | J17: =I17*H17 -> 290663.11 | K17: 0 | L17: =K17*H17 -> 0 | M17: 0 | N17: =H17*M17 -> 0 | O17: 0 | P17: =H17*O17 -> 0 | Q17: 0 | R17: =H17*Q17 -> 0 | S17: 0 | T17: =H17*S17 -> 0 | U17: 0 | V17: =H17*U17 -> 0 | W17: 0 | X17: =H17*W17 -> 0 | Y17: 0 | Z17: =H17*Y17 -> 0 | AA17: 0 | AB17: =H17*AA17 -> 0 | AC17: 0 | AD17: =H17*AC17 -> 0 | AE17: 0 | AF17: =H17*AE17 -> 0 | AG17: 0 | AH17: =H17*AG17 -> 0 | AI17: 0 | AJ17: =H17*AI17 -> 0 | AK17: 0 | AL17: =H17*AK17 -> 0 | AM17: 0 | AN17: =H17*AM17 -> 0 | AO17: 0 | AP17: =H17*AO17 -> 0 | AQ17: 0 | AR17: =H17*AQ17 -> 0 | AS17: 0 | AT17: =H17*AS17 -> 0 | AU17: 0 | AV17: =H17*AU17 -> 0 | AW17: 0 | AX17: =H17*AW17 -> 0 | AY17: 0 | AZ17: =H17*AY17 -> 0 | BA17: =+AY17+AU17+AS17+AQ17+AO17+AM17+AK17+AI17+AG17+AE17+AC17+AA17+Y17+W17+U17+S17+O17+M17+K17+I17+Q17+AW17 -> 20 | BB17: =J17+L17+N17+P17+R17+T17+V17+X17+Z17+AB17+AD17+AF17+AH17+AJ17+AL17+AN17+AP17+AR17+AT17+AV17+AX17+AZ17 -> 290663.11 | BD17: =+H17*BA17 -> 290663.11 | BE17: =+BB17-BD17 -> 0
A18: 12 | B18: 2 | C18: 42295143 | D18: 2500291 | E18: PLACA DE ELECTROCAUTERIO | F18: PLACA DE ELECTROCAUTERIO DESECHABLE, COMPATIBLE CON EQUIPO VALLEY LAB CON CABLE Y CONECTOR. PARA ADULTO | G18: UND | H18: 19895.991 | I18: 20 | J18: =I18*H18 -> 397919.82 | K18: 0 | L18: =K18*H18 -> 0 | M18: 0 | N18: =H18*M18 -> 0 | O18: 0 | P18: =H18*O18 -> 0 | Q18: 0 | R18: =H18*Q18 -> 0 | S18: 0 | T18: =H18*S18 -> 0 | U18: 0 | V18: =H18*U18 -> 0 | W18: 0 | X18: =H18*W18 -> 0 | Y18: 0 | Z18: =H18*Y18 -> 0 | AA18: 0 | AB18: =H18*AA18 -> 0 | AC18: 0 | AD18: =H18*AC18 -> 0 | AE18: 0 | AF18: =H18*AE18 -> 0 | AG18: 0 | AH18: =H18*AG18 -> 0 | AI18: 0 | AJ18: =H18*AI18 -> 0 | AK18: 0 | AL18: =H18*AK18 -> 0 | AM18: 0 | AN18: =H18*AM18 -> 0 | AO18: 0 | AP18: =H18*AO18 -> 0 | AQ18: 0 | AR18: =H18*AQ18 -> 0 | AS18: 0 | AT18: =H18*AS18 -> 0 | AU18: 0 | AV18: =H18*AU18 -> 0 | AW18: 0 | AX18: =H18*AW18 -> 0 | AY18: 0 | AZ18: =H18*AY18 -> 0 | BA18: =+AY18+AU18+AS18+AQ18+AO18+AM18+AK18+AI18+AG18+AE18+AC18+AA18+Y18+W18+U18+S18+O18+M18+K18+I18+Q18+AW18 -> 20 | BB18: =J18+L18+N18+P18+R18+T18+V18+X18+Z18+AB18+AD18+AF18+AH18+AJ18+AL18+AN18+AP18+AR18+AT18+AV18+AX18+AZ18 -> 397919.82 | BD18: =+H18*BA18 -> 397919.82 | BE18: =+BB18-BD18 -> 0
A19: 13 | B19: 3 | C19: 42181708 | D19: 2503282 | E19: ELECTRODOS DESECHABLES PARA MONITORIZACION ADULTOS | F19: ELECTRODOS HIPOALERGENICOS SIN LATEX, NO TEJIDO, CON GEL COMPACTO (NO SE TRANSFIERE AL ADHESIVO NI AL PACIENTE), CON SOPORTE DE ESPUMA PERMITE UNA APLICACION RAPIDA, FACIL Y SEGURA DURANTE MINIMO 24 HORAS, OJAL EN PLATA: CLORURO DE PLATA. PERMITE UN APROPIADO REGISTRO, BROCHE EN ACERO INOXIDABLE O NIQUEL , RESPALDO EN PELICULA DE POLIPROPILENO O POLIETILENO, CONEXION ESTANDAR DEL BROCHE, AJUSTA EN TODOS LOS SISTEMAS.CON BROCHE DE SEGURIDAD | G19: BOLSA X 50 | H19: 28014.917 | I19: 8 | J19: =I19*H19 -> 224119.34 | K19: 1 | L19: =K19*H19 -> 28014.917 | M19: 0 | N19: =H19*M19 -> 0 | O19: 0 | P19: =H19*O19 -> 0 | Q19: 0 | R19: =H19*Q19 -> 0 | S19: 0 | T19: =H19*S19 -> 0 | U19: 0 | V19: =H19*U19 -> 0 | W19: 0 | X19: =H19*W19 -> 0 | Y19: 0 | Z19: =H19*Y19 -> 0 | AA19: 0 | AB19: =H19*AA19 -> 0 | AC19: 0 | AD19: =H19*AC19 -> 0 | AE19: 0 | AF19: =H19*AE19 -> 0 | AG19: 5 | AH19: =H19*AG19 -> 140074.58 | AI19: 0 | AJ19: =H19*AI19 -> 0 | AK19: 0 | AL19: =H19*AK19 -> 0 | AM19: 0 | AN19: =H19*AM19 -> 0 | AO19: 3 | AP19: =H19*AO19 -> 84044.751 | AQ19: 0 | AR19: =H19*AQ19 -> 0 | AS19: 0 | AT19: =H19*AS19 -> 0 | AU19: 0 | AV19: =H19*AU19 -> 0 | AW19: 2 | AX19: =H19*AW19 -> 56029.834 | AY19: 0 | AZ19: =H19*AY19 -> 0 | BA19: =+AY19+AU19+AS19+AQ19+AO19+AM19+AK19+AI19+AG19+AE19+AC19+AA19+Y19+W19+U19+S19+O19+M19+K19+I19+Q19+AW19 -> 19 | BB19: =J19+L19+N19+P19+R19+T19+V19+X19+Z19+AB19+AD19+AF19+AH19+AJ19+AL19+AN19+AP19+AR19+AT19+AV19+AX19+AZ19 -> 532283.42 | BD19: =+H19*BA19 -> 532283.42 | BE19: =+BB19-BD19 -> 0
A20: 14 | B20: 4 | C20: 42181707 | D20: 2504511 | E20: ELECTRODOS DESECHABLES EKG PEDIATRICO | F20: ELECTRODOS HIPOALERGENICOS SIN LATEX NO TEJIDO CON GEL COMPACTO (NO SE TRANSFIERE AL ADHESIVO NI AL PACIENTE), CON SOPORTE DE ESPUMA PERMITE UNA APLICACION RAPIDA, FACIL Y SEGURA DURANTE MINIMO 24 HORAS, OJAL EN PLATA: CLORURO DE PLATA. PERMITE UN APROPIADO REGISTRO, BROCHE EN ACERO INOXIDABLE O NIQUEL , RESPALDO EN PELICULA DE POLIPROPILENO O POLIETILENO, CONEXION ESTANDAR DEL BROCHE, AJUSTA EN TODOS LOS SISTEMAS.CON BROCHE DE SEGURIDAD | G20: BOLSA X 50 | H20: 30502.779 | I20: 1 | J20: =I20*H20 -> 30502.779 | K20: 0 | L20: =K20*H20 -> 0 | M20: 0 | N20: =H20*M20 -> 0 | O20: 1 | P20: =H20*O20 -> 30502.779 | Q20: 0 | R20: =H20*Q20 -> 0 | S20: 0 | T20: =H20*S20 -> 0 | U20: 0 | V20: =H20*U20 -> 0 | W20: 0 | X20: =H20*W20 -> 0 | Y20: 0 | Z20: =H20*Y20 -> 0 | AA20: 0 | AB20: =H20*AA20 -> 0 | AC20: 0 | AD20: =H20*AC20 -> 0 | AE20: 0 | AF20: =H20*AE20 -> 0 | AG20: 0 | AH20: =H20*AG20 -> 0 | AI20: 0 | AJ20: =H20*AI20 -> 0 | AK20: 0 | AL20: =H20*AK20 -> 0 | AM20: 0 | AN20: =H20*AM20 -> 0 | AO20: 3 | AP20: =H20*AO20 -> 91508.337 | AQ20: 0 | AR20: =H20*AQ20 -> 0 | AS20: 0 | AT20: =H20*AS20 -> 0 | AU20: 0 | AV20: =H20*AU20 -> 0 | AW20: 1 | AX20: =H20*AW20 -> 30502.779 | AY20: 0 | AZ20: =H20*AY20 -> 0 | BA20: =+AY20+AU20+AS20+AQ20+AO20+AM20+AK20+AI20+AG20+AE20+AC20+AA20+Y20+W20+U20+S20+O20+M20+K20+I20+Q20+AW20 -> 6 | BB20: =J20+L20+N20+P20+R20+T20+V20+X20+Z20+AB20+AD20+AF20+AH20+AJ20+AL20+AN20+AP20+AR20+AT20+AV20+AX20+AZ20 -> 183016.67 | BD20: =+H20*BA20 -> 183016.67 | BE20: =+BB20-BD20 -> 0
A21: 15 | B21: 5 | C21: 42181707 | D21: 2503282 | E21: ELECTRODO (PARCHE) DESECHABLE PARA PARA DESFIBRILADOR EXTERNO (DEA) ADULTO. | F21: ELECTRODO (PARCHE) DESECHABLE PARA ADULTO, REFERENCIA 0-21-0013 - SCHILLER PARA DESFIBRILADOR EXTERNO - FREED EASY. DE 75 CM2 DE SUPERFICIE ACTIVA POR ELECTRODO, LONGITUD DEL CABLE 2 M. | G21: UND | H21: 514649.74 | I21: 1 | J21: =I21*H21 -> 514649.74 | K21: 0 | L21: =K21*H21 -> 0 | M21: 0 | N21: =H21*M21 -> 0 | O21: 0 | P21: =H21*O21 -> 0 | Q21: 0 | R21: =H21*Q21 -> 0 | S21: 0 | T21: =H21*S21 -> 0 | U21: 0 | V21: =H21*U21 -> 0 | W21: 0 | X21: =H21*W21 -> 0 | Y21: 0 | Z21: =H21*Y21 -> 0 | AA21: 0 | AB21: =H21*AA21 -> 0 | AC21: 0 | AD21: =H21*AC21 -> 0 | AE21: 0 | AF21: =H21*AE21 -> 0 | AG21: 0 | AH21: =H21*AG21 -> 0 | AI21: 0 | AJ21: =H21*AI21 -> 0 | AK21: 0 | AL21: =H21*AK21 -> 0 | AM21: 0 | AN21: =H21*AM21 -> 0 | AO21: 0 | AP21: =H21*AO21 -> 0 | AQ21: 0 | AR21: =H21*AQ21 -> 0 | AS21: 0 | AT21: =H21*AS21 -> 0 | AU21: 0 | AV21: =H21*AU21 -> 0 | AW21: 0 | AX21: =H21*AW21 -> 0 | AY21: 0 | AZ21: =H21*AY21 -> 0 | BA21: =+AY21+AU21+AS21+AQ21+AO21+AM21+AK21+AI21+AG21+AE21+AC21+AA21+Y21+W21+U21+S21+O21+M21+K21+I21+Q21+AW21 -> 1 | BB21: =J21+L21+N21+P21+R21+T21+V21+X21+Z21+AB21+AD21+AF21+AH21+AJ21+AL21+AN21+AP21+AR21+AT21+AV21+AX21+AZ21 -> 514649.74 | BD21: =+H21*BA21 -> 514649.74 | BE21: =+BB21-BD21 -> 0
A22: 16 | B22: 6 | C22: 42181715 | D22: 000000000002503935 | E22: GEL CONDUCTOR PARA ULTRASONIDO | F22: JALEA CONDUCTIVA (GEL ULTRASONIDO), VISCOSO NEUTRO, HIDROSOLUBLE, HIPOALERGÉNICO DE ALTA CONDUCCIÓN, COLOR AZUL, PARA USO EN PROCEDIMIENTOS DE IMÁGENES DIAGNÓSTICAS, Y OTROS PROCEDIMIENTOS, EL CUAL FACILITA LA TRANSMISIÓN DE ONDAS DE ULTRASONIDO E IMPULSOS ELECTRICOS. INDICADO PARA USO EN EQUIPOS DE ELECTRO ESTIMULACIÓN, TERAPIA FÍSICA ENTRE OTROS PROCEDIMIENTOS. QUE NO MANCHE, NO DETERIORE LOS TRANSDUCTORES, NO GRASO, NO CONTENGA SALES, ALCOHOLES NI FRAGANCIAS. | G22: FCO X 250 ML | H22: 6969.0995 | I22: 0 | J22: =I22*H22 -> 0 | K22: 0 | L22: =K22*H22 -> 0 | M22: 0 | N22: =H22*M22 -> 0 | O22: 0 | P22: =H22*O22 -> 0 | Q22: 0 | R22: =H22*Q22 -> 0 | S22: 0 | T22: =H22*S22 -> 0 | U22: 0 | V22: =H22*U22 -> 0 | W22: 0 | X22: =H22*W22 -> 0 | Y22: 0 | Z22: =H22*Y22 -> 0 | AA22: 0 | AB22: =H22*AA22 -> 0 | AC22: 0 | AD22: =H22*AC22 -> 0 | AE22: 0 | AF22: =H22*AE22 -> 0 | AG22: 0 | AH22: =H22*AG22 -> 0 | AI22: 0 | AJ22: =H22*AI22 -> 0 | AK22: 0 | AL22: =H22*AK22 -> 0 | AM22: 0 | AN22: =H22*AM22 -> 0 | AO22: 2 | AP22: =H22*AO22 -> 13938.199 | AQ22: 0 | AR22: =H22*AQ22 -> 0 | AS22: 0 | AT22: =H22*AS22 -> 0 | AU22: 0 | AV22: =H22*AU22 -> 0 | AW22: 0 | AX22: =H22*AW22 -> 0 | AY22: 0 | AZ22: =H22*AY22 -> 0 | BA22: =+AY22+AU22+AS22+AQ22+AO22+AM22+AK22+AI22+AG22+AE22+AC22+AA22+Y22+W22+U22+S22+O22+M22+K22+I22+Q22+AW22 -> 2 | BB22: =J22+L22+N22+P22+R22+T22+V22+X22+Z22+AB22+AD22+AF22+AH22+AJ22+AL22+AN22+AP22+AR22+AT22+AV22+AX22+AZ22 -> 13938.199 | BD22: =+H22*BA22 -> 13938.199 | BE22: =+BB22-BD22 -> 0
A23: 17 | B23: 7 | C23: 42181715 | D23: 2504235 | E23: GEL CONDUCTIVA | F23: GEL PARA USO CON ELECTRODO DE SUPERFICIE Y LA PIEL DEL PACIENTE | G23: FRASCO ENTRE 8 A 9 ONZ | H23: 66080.723 | I23: 5 | J23: =I23*H23 -> 330403.61 | K23: 0 | L23: =K23*H23 -> 0 | M23: 0 | N23: =H23*M23 -> 0 | O23: 0 | P23: =H23*O23 -> 0 | Q23: 0 | R23: =H23*Q23 -> 0 | S23: 0 | T23: =H23*S23 -> 0 | U23: 0 | V23: =H23*U23 -> 0 | W23: 2 | X23: =H23*W23 -> 132161.45 | Y23: 0 | Z23: =H23*Y23 -> 0 | AA23: 0 | AB23: =H23*AA23 -> 0 | AC23: 0 | AD23: =H23*AC23 -> 0 | AE23: 0 | AF23: =H23*AE23 -> 0 | AG23: 0 | AH23: =H23*AG23 -> 0 | AI23: 0 | AJ23: =H23*AI23 -> 0 | AK23: 0 | AL23: =H23*AK23 -> 0 | AM23: 0 | AN23: =H23*AM23 -> 0 | AO23: 2 | AP23: =H23*AO23 -> 132161.45 | AQ23: 0 | AR23: =H23*AQ23 -> 0 | AS23: 0 | AT23: =H23*AS23 -> 0 | AU23: 0 | AV23: =H23*AU23 -> 0 | AW23: 0 | AX23: =H23*AW23 -> 0 | AY23: 0 | AZ23: =H23*AY23 -> 0 | BA23: =+AY23+AU23+AS23+AQ23+AO23+AM23+AK23+AI23+AG23+AE23+AC23+AA23+Y23+W23+U23+S23+O23+M23+K23+I23+Q23+AW23 -> 9 | BB23: =J23+L23+N23+P23+R23+T23+V23+X23+Z23+AB23+AD23+AF23+AH23+AJ23+AL23+AN23+AP23+AR23+AT23+AV23+AX23+AZ23 -> 594726.51 | BD23: =+H23*BA23 -> 594726.51 | BE23: =+BB23-BD23 -> 0
A24: 18 | B24: 8 | C24: 42181715 | D24: 000000000002502424 | E24: GEL CONDUCTOR PARA ULTRASONIDO | F24: JALEA CONDUCTIVA (GEL ULTRASONIDO), VISCOSO NEUTRO, HIDROSOLUBLE, HIPOALERGÉNICO DE ALTA CONDUCCIÓN, COLOR AZUL, PARA USO EN PROCEDIMIENTOS DE IMÁGENES DIAGNÓSTICAS, Y OTROS PROCEDIMIENTOS, EL CUAL FACILITA LA TRANSMISIÓN DE ONDAS DE ULTRASONIDO E IMPULSOS ELECTRICOS. INDICADO PARA USO EN EQUIPOS DE ELECTRO ESTIMULACIÓN, TERAPIA FÍSICA ENTRE OTROS PROCEDIMIENTOS. QUE NO MANCHE, NO DETERIORE LOS TRANSDUCTORES, NO GRASO, NO CONTENGA SALES, ALCOHOLES NI FRAGANCIAS. | G24: GALON | H24: 38043.701 | I24: 5 | J24: =I24*H24 -> 190218.51 | K24: 0 | L24: =K24*H24 -> 0 | M24: 0 | N24: =H24*M24 -> 0 | O24: 0 | P24: =H24*O24 -> 0 | Q24: 0 | R24: =H24*Q24 -> 0 | S24: 0 | T24: =H24*S24 -> 0 | U24: 0 | V24: =H24*U24 -> 0 | W24: 0 | X24: =H24*W24 -> 0 | Y24: 0 | Z24: =H24*Y24 -> 0 | AA24: 0 | AB24: =H24*AA24 -> 0 | AC24: 0 | AD24: =H24*AC24 -> 0 | AE24: 0 | AF24: =H24*AE24 -> 0 | AG24: 0 | AH24: =H24*AG24 -> 0 | AI24: 0 | AJ24: =H24*AI24 -> 0 | AK24: 0 | AL24: =H24*AK24 -> 0 | AM24: 0 | AN24: =H24*AM24 -> 0 | AO24: 0 | AP24: =H24*AO24 -> 0 | AQ24: 0 | AR24: =H24*AQ24 -> 0 | AS24: 1 | AT24: =H24*AS24 -> 38043.701 | AU24: 0 | AV24: =H24*AU24 -> 0 | AW24: 0 | AX24: =H24*AW24 -> 0 | AY24: 0 | AZ24: =H24*AY24 -> 0 | BA24: =+AY24+AU24+AS24+AQ24+AO24+AM24+AK24+AI24+AG24+AE24+AC24+AA24+Y24+W24+U24+S24+O24+M24+K24+I24+Q24+AW24 -> 6 | BB24: =J24+L24+N24+P24+R24+T24+V24+X24+Z24+AB24+AD24+AF24+AH24+AJ24+AL24+AN24+AP24+AR24+AT24+AV24+AX24+AZ24 -> 228262.21 | BD24: =+H24*BA24 -> 228262.21 | BE24: =+BB24-BD24 -> 0
A25: 19 | B25: 9 | C25: 42295406 | D25: 2503299 | E25: COMPRESA ESTERIL CON CINTA RADIO-OPACA | F25: COMPRESA ESTERIL CON CINTA RADIO-OPACA: COMPRESA QUIRURGICA ALTAMENTE ABSORBENTE CON CINTA EN MATERIAL RADIO-OPACO, PRELAVADA, 100% ALGODÓN, MEDIDAS 45 X 45CM, MINIMO 4 CAPAS CON COSTURA INTERNA. PAQUETE POR 5 UNIDADES, ESTERIL | G25: PAQ X 5 | H25: 14114.121 | I25: 20 | J25: =I25*H25 -> 282282.41 | K25: 0 | L25: =K25*H25 -> 0 | M25: 0 | N25: =H25*M25 -> 0 | O25: 20 | P25: =H25*O25 -> 282282.41 | Q25: 0 | R25: =H25*Q25 -> 0 | S25: 0 | T25: =H25*S25 -> 0 | U25: 0 | V25: =H25*U25 -> 0 | W25: 5 | X25: =H25*W25 -> 70570.603 | Y25: 0 | Z25: =H25*Y25 -> 0 | AA25: 0 | AB25: =H25*AA25 -> 0 | AC25: 0 | AD25: =H25*AC25 -> 0 | AE25: 0 | AF25: =H25*AE25 -> 0 | AG25: 0 | AH25: =H25*AG25 -> 0 | AI25: 0 | AJ25: =H25*AI25 -> 0 | AK25: 0 | AL25: =H25*AK25 -> 0 | AM25: 0 | AN25: =H25*AM25 -> 0 | AO25: 10 | AP25: =H25*AO25 -> 141141.21 | AQ25: 0 | AR25: =H25*AQ25 -> 0 | AS25: 0 | AT25: =H25*AS25 -> 0 | AU25: 0 | AV25: =H25*AU25 -> 0 | AW25: 0 | AX25: =H25*AW25 -> 0 | AY25: 5 | AZ25: =H25*AY25 -> 70570.603 | BA25: =+AY25+AU25+AS25+AQ25+AO25+AM25+AK25+AI25+AG25+AE25+AC25+AA25+Y25+W25+U25+S25+O25+M25+K25+I25+Q25+AW25 -> 60 | BB25: =J25+L25+N25+P25+R25+T25+V25+X25+Z25+AB25+AD25+AF25+AH25+AJ25+AL25+AN25+AP25+AR25+AT25+AV25+AX25+AZ25 -> 846847.24 | BD25: =+H25*BA25 -> 846847.24 | BE25: =+BB25-BD25 -> 0
A26: 20 | B26: 10 | C26: 42291613 | D26: 2500546 | E26: HOJAS DE BISTURI N° 11 | F26: HOJA DE BISTURI N° 11, EN ACERO AL CARBONO, FLEXIBLE, EXCELENTE CORTE DE ALTA RESISTENCIA, EMPAQUE INDIVIDUAL Y DE FACIL APERTURA, ESTERIL. EN PRESENTACIÓN DE CAJA X 100 UNIDADES | G26: CAJA X 100 | H26: 51007.147 | I26: 0 | J26: =I26*H26 -> 0 | K26: 0 | L26: =K26*H26 -> 0 | M26: 0 | N26: =H26*M26 -> 0 | O26: 0 | P26: =H26*O26 -> 0 | Q26: 0 | R26: =H26*Q26 -> 0 | S26: 0 | T26: =H26*S26 -> 0 | U26: 0 | V26: =H26*U26 -> 0 | W26: 0 | X26: =H26*W26 -> 0 | Y26: 0 | Z26: =H26*Y26 -> 0 | AA26: 0 | AB26: =H26*AA26 -> 0 | AC26: 0 | AD26: =H26*AC26 -> 0 | AE26: 0 | AF26: =H26*AE26 -> 0 | AG26: 1 | AH26: =H26*AG26 -> 51007.147 | AI26: 0 | AJ26: =H26*AI26 -> 0 | AK26: 0 | AL26: =H26*AK26 -> 0 | AM26: 0 | AN26: =H26*AM26 -> 0 | AO26: 0 | AP26: =H26*AO26 -> 0 | AQ26: 0 | AR26: =H26*AQ26 -> 0 | AT26: =H26*AS26 -> 0 | AU26: 0 | AV26: =H26*AU26 -> 0 | AW26: 0 | AX26: =H26*AW26 -> 0 | AY26: 0 | AZ26: =H26*AY26 -> 0 | BA26: =+AY26+AU26+AS26+AQ26+AO26+AM26+AK26+AI26+AG26+AE26+AC26+AA26+Y26+W26+U26+S26+O26+M26+K26+I26+Q26+AW26 -> 1 | BB26: =J26+L26+N26+P26+R26+T26+V26+X26+Z26+AB26+AD26+AF26+AH26+AJ26+AL26+AN26+AP26+AR26+AT26+AV26+AX26+AZ26 -> 51007.147 | BD26: =+H26*BA26 -> 51007.147 | BE26: =+BB26-BD26 -> 0
A27: 21 | B27: 11 | C27: 42291613 | D27: 2500547 | E27: HOJAS DE BISTURI N° 12 | F27: HOJA DE BISTURI N° 12, EN ACERO AL CARBONO, FLEXIBLE, EXCELENTE CORTE DE ALTA RESISTENCIA, EMPAQUE INDIVIDUAL Y DE FACIL APERTURA, ESTERIL. EN PRESENTACIÓN DE CAJA X 100 UNIDADES | G27: CAJA X 100 | H27: 51007.147 | I27: 2 | J27: =I27*H27 -> 102014.29 | K27: 0 | L27: =K27*H27 -> 0 | M27: 0 | N27: =H27*M27 -> 0 | O27: 0 | P27: =H27*O27 -> 0 | Q27: 0 | R27: =H27*Q27 -> 0 | S27: 0 | T27: =H27*S27 -> 0 | U27: 0 | V27: =H27*U27 -> 0 | W27: 0 | X27: =H27*W27 -> 0 | Y27: 0 | Z27: =H27*Y27 -> 0 | AA27: 0 | AB27: =H27*AA27 -> 0 | AC27: 0 | AD27: =H27*AC27 -> 0 | AE27: 0 | AF27: =H27*AE27 -> 0 | AG27: 1 | AH27: =H27*AG27 -> 51007.147 | AI27: 0 | AJ27: =H27*AI27 -> 0 | AK27: 0 | AL27: =H27*AK27 -> 0 | AM27: 0 | AN27: =H27*AM27 -> 0 | AO27: 0 | AP27: =H27*AO27 -> 0 | AQ27: 0 | AR27: =H27*AQ27 -> 0 | AS27: 0 | AT27: =H27*AS27 -> 0 | AU27: 0 | AV27: =H27*AU27 -> 0 | AW27: 0 | AX27: =H27*AW27 -> 0 | AY27: 0 | AZ27: =H27*AY27 -> 0 | BA27: =+AY27+AU27+AS27+AQ27+AO27+AM27+AK27+AI27+AG27+AE27+AC27+AA27+Y27+W27+U27+S27+O27+M27+K27+I27+Q27+AW27 -> 3 | BB27: =J27+L27+N27+P27+R27+T27+V27+X27+Z27+AB27+AD27+AF27+AH27+AJ27+AL27+AN27+AP27+AR27+AT27+AV27+AX27+AZ27 -> 153021.44 | BD27: =+H27*BA27 -> 153021.44 | BE27: =+BB27-BD27 -> 0
A28: 22 | B28: 12 | C28: 42291613 | D28: 2500548 | E28: HOJAS DE BISTURI N° 15 | F28: HOJA DE BISTURI N° 15, EN ACERO AL CARBONO, FLEXIBLE, EXCELENTE CORTE DE ALTA RESISTENCIA, EMPAQUE INDIVIDUAL Y DE FACIL APERTURA, ESTERIL. EN PRESENTACIÓN DE CAJA X 100 UNIDADES | G28: CAJA X 100 | H28: 51007.147 | I28: 1 | J28: =I28*H28 -> 51007.147 | K28: 0 | L28: =K28*H28 -> 0 | M28: 0 | N28: =H28*M28 -> 0 | O28: 1 | P28: =H28*O28 -> 51007.147 | Q28: 0 | R28: =H28*Q28 -> 0 | S28: 0 | T28: =H28*S28 -> 0 | U28: 0 | V28: =H28*U28 -> 0 | W28: 0 | X28: =H28*W28 -> 0 | Y28: 1 | Z28: =H28*Y28 -> 51007.147 | AA28: 0 | AB28: =H28*AA28 -> 0 | AC28: 2 | AD28: =H28*AC28 -> 102014.29 | AE28: 1 | AF28: =H28*AE28 -> 51007.147 | AG28: 1 | AH28: =H28*AG28 -> 51007.147 | AI28: 0 | AJ28: =H28*AI28 -> 0 | AK28: 0 | AL28: =H28*AK28 -> 0 | AM28: 0 | AN28: =H28*AM28 -> 0 | AO28: 2 | AP28: =H28*AO28 -> 102014.29 | AQ28: 0 | AR28: =H28*AQ28 -> 0 | AS28: 3 | AT28: =H28*AS28 -> 153021.44 | AU28: 0 | AV28: =H28*AU28 -> 0 | AW28: 3 | AX28: =H28*AW28 -> 153021.44 | AY28: 0 | AZ28: =H28*AY28 -> 0 | BA28: =+AY28+AU28+AS28+AQ28+AO28+AM28+AK28+AI28+AG28+AE28+AC28+AA28+Y28+W28+U28+S28+O28+M28+K28+I28+Q28+AW28 -> 15 | BB28: =J28+L28+N28+P28+R28+T28+V28+X28+Z28+AB28+AD28+AF28+AH28+AJ28+AL28+AN28+AP28+AR28+AT28+AV28+AX28+AZ28 -> 765107.21 | BD28: =+H28*BA28 -> 765107.21 | BE28: =+BB28-BD28 -> 0
A29: 23 | B29: 13 | C29: 42291613 | D29: 2500549 | E29: HOJAS DE BISTURI N° 20 | F29: HOJA DE BISTURI N° 20, EN ACERO AL CARBONO, FLEXIBLE, EXCELENTE CORTE DE ALTA RESISTENCIA, EMPAQUE INDIVIDUAL Y DE FACIL APERTURA, ESTERIL. EN PRESENTACIÓN DE CAJA X 100 UNIDADES | G29: CAJA X 100 | H29: 49387.891 | I29: 0 | J29: =I29*H29 -> 0 | K29: 1 | L29: =K29*H29 -> 49387.891 | M29: 0 | N29: =H29*M29 -> 0 | O29: 0 | P29: =H29*O29 -> 0 | Q29: 0 | R29: =H29*Q29 -> 0 | S29: 0 | T29: =H29*S29 -> 0 | U29: 0 | V29: =H29*U29 -> 0 | W29: 0 | X29: =H29*W29 -> 0 | Y29: 1 | Z29: =H29*Y29 -> 49387.891 | AA29: 0 | AB29: =H29*AA29 -> 0 | AC29: 0 | AD29: =H29*AC29 -> 0 | AE29: 0 | AF29: =H29*AE29 -> 0 | AG29: 0 | AH29: =H29*AG29 -> 0 | AI29: 0 | AJ29: =H29*AI29 -> 0 | AK29: 0 | AL29: =H29*AK29 -> 0 | AM29: 0 | AN29: =H29*AM29 -> 0 | AO29: 0 | AP29: =H29*AO29 -> 0 | AQ29: 0 | AR29: =H29*AQ29 -> 0 | AS29: 0 | AT29: =H29*AS29 -> 0 | AU29: 0 | AV29: =H29*AU29 -> 0 | AW29: 1 | AX29: =H29*AW29 -> 49387.891 | AY29: 0 | AZ29: =H29*AY29 -> 0 | BA29: =+AY29+AU29+AS29+AQ29+AO29+AM29+AK29+AI29+AG29+AE29+AC29+AA29+Y29+W29+U29+S29+O29+M29+K29+I29+Q29+AW29 -> 3 | BB29: =J29+L29+N29+P29+R29+T29+V29+X29+Z29+AB29+AD29+AF29+AH29+AJ29+AL29+AN29+AP29+AR29+AT29+AV29+AX29+AZ29 -> 148163.67 | BD29: =+H29*BA29 -> 148163.67 | BE29: =+BB29-BD29 -> 0
A30: 24 | B30: 14 | C30: 12352319 | D30: 2504522 | E30: GUARDIAN DE CON DISPOSITIVODE SEGURIDAD ANTI-PINCHAZO DE 1,0 A 1,5 LTS | F30: RECIPIENTE DE PLÁSTICO RÍGIDO CON TAPA SELLANTE, PARA ELEMENTOS DE COLOR ROJO Y DEBIDAMENTE IDENTIFICADO CON EL ANAGRAMA DE RIESGO BIOLÓGICO, Y ROTULO PARA COLOCACIÓN DE DATOS COMO FECHA, CONTENIDO, RESPONSABLE, CON DISPOSITIVO DE SEGURIDAD ANTI-PINCHAZO DE 1,0 A 1,5 LTS. | G30: UND | H30: 5586.7791 | I30: 0 | J30: =I30*H30 -> 0 | K30: 10 | L30: =K30*H30 -> 55867.791 | M30: 0 | N30: =H30*M30 -> 0 | O30: 5 | P30: =H30*O30 -> 27933.896 | Q30: 0 | R30: =H30*Q30 -> 0 | S30: 0 | T30: =H30*S30 -> 0 | U30: 4 | V30: =H30*U30 -> 22347.117 | W30: 0 | X30: =H30*W30 -> 0 | Y30: 0 | Z30: =H30*Y30 -> 0 | AA30: 0 | AB30: =H30*AA30 -> 0 | AC30: 0 | AD30: =H30*AC30 -> 0 | AE30: 0 | AF30: =H30*AE30 -> 0 | AG30: 0 | AH30: =H30*AG30 -> 0 | AI30: 0 | AJ30: =H30*AI30 -> 0 | AK30: 0 | AL30: =H30*AK30 -> 0 | AM30: 0 | AN30: =H30*AM30 -> 0 | AO30: 5 | AP30: =H30*AO30 -> 27933.896 | AQ30: 3 | AR30: =H30*AQ30 -> 16760.337 | AS30: 0 | AT30: =H30*AS30 -> 0 | AU30: 0 | AV30: =H30*AU30 -> 0 | AW30: 0 | AX30: =H30*AW30 -> 0 | AY30: 0 | AZ30: =H30*AY30 -> 0 | BA30: =+AY30+AU30+AS30+AQ30+AO30+AM30+AK30+AI30+AG30+AE30+AC30+AA30+Y30+W30+U30+S30+O30+M30+K30+I30+Q30+AW30 -> 27 | BB30: =J30+L30+N30+P30+R30+T30+V30+X30+Z30+AB30+AD30+AF30+AH30+AJ30+AL30+AN30+AP30+AR30+AT30+AV30+AX30+AZ30 -> 150843.04 | BD30: =+H30*BA30 -> 150843.04 | BE30: =+BB30-BD30 -> 0
A31: 25 | B31: 15 | C31: 12352319 | D31: 2504523 | E31: GUARDIAN CON DISPOSITIVO DE SEGURIDAD ANTI-PINCHAZO DE 2.9 A 3 LTS | F31: RECIPIENTE DE PLÁSTICO RÍGIDO CON TAPA SELLANTE, PARA ELEMENTOS DE COLOR ROJO Y DEBIDAMENTE IDENTIFICADO CON EL ANAGRAMA DE RIESGO BIOLÓGICO, Y ROTULO PARA COLOCACIÓN DE DATOS COMO FECHA, CONTENIDO, RESPONSABLE, CON DISPOSITIVO DE SEGURIDAD ANTI-PINCHAZO DE 2.9 A 3LTS. | G31: UND | H31: 9445.1528 | I31: 0 | J31: =I31*H31 -> 0 | K31: 0 | L31: =K31*H31 -> 0 | M31: 20 | N31: =H31*M31 -> 188903.06 | O31: 5 | P31: =H31*O31 -> 47225.764 | Q31: 0 | R31: =H31*Q31 -> 0 | S31: 0 | T31: =H31*S31 -> 0 | U31: 7 | V31: =H31*U31 -> 66116.07 | W31: 0 | X31: =H31*W31 -> 0 | Y31: 0 | Z31: =H31*Y31 -> 0 | AA31: 0 | AB31: =H31*AA31 -> 0 | AC31: 5 | AD31: =H31*AC31 -> 47225.764 | AE31: 0 | AF31: =H31*AE31 -> 0 | AG31: 0 | AH31: =H31*AG31 -> 0 | AI31: 0 | AJ31: =H31*AI31 -> 0 | AK31: 0 | AL31: =H31*AK31 -> 0 | AM31: 0 | AN31: =H31*AM31 -> 0 | AO31: 8 | AP31: =H31*AO31 -> 75561.223 | AQ31: 2 | AR31: =H31*AQ31 -> 18890.306 | AS31: 10 | AT31: =H31*AS31 -> 94451.528 | AU31: 0 | AV31: =H31*AU31 -> 0 | AW31: 0 | AX31: =H31*AW31 -> 0 | AY31: 0 | AZ31: =H31*AY31 -> 0 | BA31: =+AY31+AU31+AS31+AQ31+AO31+AM31+AK31+AI31+AG31+AE31+AC31+AA31+Y31+W31+U31+S31+O31+M31+K31+I31+Q31+AW31 -> 57 | BB31: =J31+L31+N31+P31+R31+T31+V31+X31+Z31+AB31+AD31+AF31+AH31+AJ31+AL31+AN31+AP31+AR31+AT31+AV31+AX31+AZ31 -> 538373.71 | BD31: =+H31*BA31 -> 538373.71 | BE31: =+BB31-BD31 -> 0
A32: 26 | B32: 16 | C32: 42142531 | D32: 2502240 | E32: GUARDIAN DE CON DISPOSITIVODE SEGURIDAD ANTI-PINCHAZO DE 2,5 A 3,0 LTS | F32: RECIPIENTE DE PLÁSTICO RÍGIDO CON TAPA SELLANTE, PARA ELEMENTOS DE COLOR ROJO Y DEBIDAMENTE IDENTIFICADO CON EL ANAGRAMA DE RIESGO BIOLÓGICO, Y ROTULO PARA COLOCACIÓN DE DATOS COMO FECHA, CONTENIDO, RESPONSABLE, CON DISPOSITIVO DE SEGURIDAD ANTI-PINCHAZO DE 2,5 A 3,0LTS. | G32: UND | H32: 8210.7293 | I32: 0 | J32: =I32*H32 -> 0 | K32: 0 | L32: =K32*H32 -> 0 | M32: 0 | N32: =H32*M32 -> 0 | O32: 0 | P32: =H32*O32 -> 0 | Q32: 0 | R32: =H32*Q32 -> 0 | S32: 0 | T32: =H32*S32 -> 0 | U32: 0 | V32: =H32*U32 -> 0 | W32: 0 | X32: =H32*W32 -> 0 | Y32: 0 | Z32: =H32*Y32 -> 0 | AA32: 0 | AB32: =H32*AA32 -> 0 | AC32: 0 | AD32: =H32*AC32 -> 0 | AE32: 0 | AF32: =H32*AE32 -> 0 | AG32: 20 | AH32: =H32*AG32 -> 164214.59 | AI32: 0 | AJ32: =H32*AI32 -> 0 | AK32: 0 | AL32: =H32*AK32 -> 0 | AM32: 0 | AN32: =H32*AM32 -> 0 | AO32: 0 | AP32: =H32*AO32 -> 0 | AQ32: 0 | AR32: =H32*AQ32 -> 0 | AS32: 2 | AT32: =H32*AS32 -> 16421.459 | AU32: 0 | AV32: =H32*AU32 -> 0 | AW32: 0 | AX32: =H32*AW32 -> 0 | AY32: 0 | AZ32: =H32*AY32 -> 0 | BA32: =+AY32+AU32+AS32+AQ32+AO32+AM32+AK32+AI32+AG32+AE32+AC32+AA32+Y32+W32+U32+S32+O32+M32+K32+I32+Q32+AW32 -> 22 | BB32: =J32+L32+N32+P32+R32+T32+V32+X32+Z32+AB32+AD32+AF32+AH32+AJ32+AL32+AN32+AP32+AR32+AT32+AV32+AX32+AZ32 -> 180636.04 | BD32: =+H32*BA32 -> 180636.04 | BE32: =+BB32-BD32 -> 0
A33: VALOR GRUPO 2. ELEMENTOS DE CIRUGIA | I33: =SUM(I17:I32) -> 83 | J33: =SUM(J17:J32) -> 2413780.8 | K33: =SUM(K17:K32) -> 12 | L33: =SUM(L17:L32) -> 133270.6 | M33: =SUM(M17:M32) -> 20 | N33: =SUM(N17:N32) -> 188903.06 | O33: =SUM(O17:O32) -> 32 | P33: =SUM(P17:P32) -> 438952 | ... BA33: =SUM(BA17:BA32) -> 271 | BB33: =J33+L33+N33+P33+R33+T33+V33+X33+Z33+AB33+AD33+AF33+AH33+AJ33+AL33+AN33+AP33+AR33+AT33+AV33+AX33+AZ33 -> 5589459.2 | BC33: =SUM(BB17:BB32) -> 5589459.2 | BD33: =SUM(BD17:BD32) -> 5589459.2 | BE33: =+BB33-BD33 -> 0
A34: GRUPO No.3 ELEMENTOS DIAGNOSTICOS | H34: VALOR | I34: DMBOG | K34: BIM12 | M34: BTURA | O34: TURBO | Q34: PUERTO LOPEZ | S34: BARRANCABERMEJA | U34: BAHIA MALAGA | W34: BAHIA SOLANO | Y34: PTO CARREÑO | AA34: GUAPI | AC34: YATI | AE34: LETICIA | AG34: HONAL | AI34: MALAGANA | AK34: SAN ANDRES | AM34: COVEÑAS | AO34: TUMACO | AQ34: INIRIDA | AS34: ENAP | AU34: ENSB | AW34: COROZAL | AY34: ARAUCA | BA34: CANTIDAD
A35: 27 | B35: 1 | C35: 42182206 | D35: 2501640 | E35: LAMINA PORTA OBJETO CON BORDE ESMERILADO | F35: LAMINA PORTA OBJETO CON BORDE ESMERILADO PARA BIOPISA, CAJA POR 50 UND | G35: CAJA X 50 UND | H35: 10315.178 | I35: 0 | J35: =H35*I35 -> 0 | K35: 0 | L35: =H35*K35 -> 0 | M35: 0 | N35: =H35*M35 -> 0 | O35: 0 | P35: =H35*O35 -> 0 | Q35: 0 | R35: =H35*Q35 -> 0 | S35: 0 | T35: =H35*S35 -> 0 | U35: 0 | V35: =H35*U35 -> 0 | W35: 0 | X35: =H35*W35 -> 0 | Y35: 0 | Z35: =H35*Y35 -> 0 | AA35: 0 | AB35: =H35*AA35 -> 0 | AC35: 5 | AD35: =H35*AC35 -> 51575.888 | AE35: 0 | AF35: =H35*AE35 -> 0 | AG35: 0 | AH35: =H35*AG35 -> 0 | AI35: 0 | AJ35: =H35*AI35 -> 0 | AK35: 0 | AL35: =H35*AK35 -> 0 | AM35: 0 | AN35: =H35*AM35 -> 0 | AO35: 0 | AP35: =H35*AO35 -> 0 | AQ35: 0 | AR35: =H35*AQ35 -> 0 | AS35: 0 | AT35: =H35*AS35 -> 0 | AU35: 0 | AV35: =H35*AU35 -> 0 | AW35: 0 | AX35: =H35*AW35 -> 0 | AY35: 0 | AZ35: =H35*AY35 -> 0 | BA35: =I35+K35+M35+O35+Q35+S35+U35+W35+Y35+AA35+AC35+AE35+AG35+AI35+AK35+AM35+AO35+AQ35+AS35+AU35+AW35+AY35 -> 5 | BB35: =J35+L35+N35+P35+R35+T35+V35+X35+Z35+AB35+AD35+AF35+AH35+AJ35+AL35+AN35+AP35+AR35+AT35+AV35+AX35+AZ35 -> 51575.888 | BD35: =+H35*BA35 -> 51575.888 | BE35: =+BB35-BD35 -> 0
A36: 28 | B36: 2 | C36: 42182201 | D36: 2502701 | E36: TERMOMETRO DIGITAL | F36: TERMÓMETRO DIGITA, PUNTA FLEXIBLE Y ALARMA DE FIEBRE DE APROXIMADAMENTE 10 SEGUNDOS, LECTURA POR RECTAL Y ORAL, TERMÓMETRO MÉDICO IMPERMEABLE. | G36: UND | H36: 14370.991 | I36: 0 | J36: =H36*I36 -> 0 | K36: 5 | L36: =H36*K36 -> 71854.954 | M36: 5 | N36: =H36*M36 -> 71854.954 | O36: 0 | P36: =H36*O36 -> 0 | Q36: 3 | R36: =H36*Q36 -> 43112.972 | S36: 0 | T36: =H36*S36 -> 0 | U36: 0 | V36: =H36*U36 -> 0 | W36: 4 | X36: =H36*W36 -> 57483.963 | Y36: 0 | Z36: =H36*Y36 -> 0 | AA36: 0 | AB36: =H36*AA36 -> 0 | AC36: 2 | AD36: =H36*AC36 -> 28741.982 | AE36: 5 | AF36: =H36*AE36 -> 71854.954 | AG36: 3 | AH36: =H36*AG36 -> 43112.972 | AI36: 0 | AJ36: =H36*AI36 -> 0 | AK36: 0 | AL36: =H36*AK36 -> 0 | AM36: 0 | AN36: =H36*AM36 -> 0 | AO36: 5 | AP36: =H36*AO36 -> 71854.954 | AQ36: 0 | AR36: =H36*AQ36 -> 0 | AS36: 0 | AT36: =H36*AS36 -> 0 | AU36: 0 | AV36: =H36*AU36 -> 0 | AW36: 3 | AX36: =H36*AW36 -> 43112.972 | AY36: 1 | AZ36: =H36*AY36 -> 14370.991 | BA36: =I36+K36+M36+O36+Q36+S36+U36+W36+Y36+AA36+AC36+AE36+AG36+AI36+AK36+AM36+AO36+AQ36+AS36+AU36+AW36+AY36 -> 36 | BB36: =J36+L36+N36+P36+R36+T36+V36+X36+Z36+AB36+AD36+AF36+AH36+AJ36+AL36+AN36+AP36+AR36+AT36+AV36+AX36+AZ36 -> 517355.67 | BD36: =+H36*BA36 -> 517355.67 | BE36: =+BB36-BD36 -> 0
A37: 29 | B37: 3 | C37: 41116111 | D37: 2503238 | E37: CITO-FIJADOR CELULAR SPRAY | F37: FIJADOR HIDROSOLUBLE PARA CITOLOGÍA EXFOLIATIVA EN SPRAY DE 250 GR O 150 ML, CON UN RANGO DE MÁS O MENOS 10% | G37: UND | H37: 19048.596 | I37: 0 | J37: =H37*I37 -> 0 | K37: 0 | L37: =H37*K37 -> 0 | M37: 0 | N37: =H37*M37 -> 0 | O37: 1 | P37: =H37*O37 -> 19048.596 | Q37: 0 | R37: =H37*Q37 -> 0 | S37: 0 | T37: =H37*S37 -> 0 | U37: 0 | V37: =H37*U37 -> 0 | W37: 0 | X37: =H37*W37 -> 0 | Y37: 0 | Z37: =H37*Y37 -> 0 | AA37: 0 | AB37: =H37*AA37 -> 0 | AC37: 0 | AD37: =H37*AC37 -> 0 | AE37: 0 | AF37: =H37*AE37 -> 0 | AG37: 0 | AH37: =H37*AG37 -> 0 | AI37: 0 | AJ37: =H37*AI37 -> 0 | AK37: 0 | AL37: =H37*AK37 -> 0 | AM37: 0 | AN37: =H37*AM37 -> 0 | AO37: 0 | AP37: =H37*AO37 -> 0 | AQ37: 0 | AR37: =H37*AQ37 -> 0 | AS37: 0 | AT37: =H37*AS37 -> 0 | AU37: 0 | AV37: =H37*AU37 -> 0 | AW37: 0 | AX37: =H37*AW37 -> 0 | AY37: 0 | AZ37: =H37*AY37 -> 0 | BA37: =I37+K37+M37+O37+Q37+S37+U37+W37+Y37+AA37+AC37+AE37+AG37+AI37+AK37+AM37+AO37+AQ37+AS37+AU37+AW37+AY37 -> 1 | BB37: =J37+L37+N37+P37+R37+T37+V37+X37+Z37+AB37+AD37+AF37+AH37+AJ37+AL37+AN37+AP37+AR37+AT37+AV37+AX37+AZ37 -> 19048.596 | BD37: =+H37*BA37 -> 19048.596 | BE37: =+BB37-BD37 -> 0
A38: VALOR GRUPO 3. ELEMENTOS DIAGNOSTICOS | I38: =SUM(I35:I37) -> 0 | J38: =SUM(J35:J37) -> 0 | K38: =SUM(K35:K37) -> 5 | L38: =SUM(L35:L37) -> 71854.954 | M38: =SUM(M35:M37) -> 5 | N38: =SUM(N35:N37) -> 71854.954 | O38: =SUM(O35:O37) -> 1 | P38: =SUM(P35:P37) -> 19048.596 | ... BA38: =SUM(BA35:BA37) -> 42 | BB38: =J38+L38+N38+P38+R38+T38+V38+X38+Z38+AB38+AD38+AF38+AH38+AJ38+AL38+AN38+AP38+AR38+AT38+AV38+AX38+AZ38 -> 587980.15 | BC38: =SUM(BB35:BB37) -> 587980.15 | BD38: =SUM(BD35:BD37) -> 587980.15
A39: GRUPO No.4 DESECHABLES | H39: VALOR | I39: DMBOG | K39: BIM12 | M39: BTURA | O39: TURBO | Q39: PUERTO LOPEZ | S39: BARRANCABERMEJA | U39: BAHIA MALAGA | W39: BAHIA SOLANO | Y39: PTO CARREÑO | AA39: GUAPI | AC39: YATI | AE39: LETICIA | AG39: HONAL | AI39: MALAGANA | AK39: SAN ANDRES | AM39: COVEÑAS | AO39: TUMACO | AQ39: INIRIDA | AS39: ENAP | AU39: ENSB | AW39: COROZAL | AY39: ARAUCA | BA39: CANTIDAD
A40: 30 | B40: 1 | C40: 42281902 | D40: 2502337 | E40: PAQUETE PEQUEÑA CIRUGIA, ESTERIL | F40: PAQUETE DE ROPA ESTERIL PARA PEQUEÑA CIRUGIA COMPUESTO POR: DE ABAJO HACIA ARRIBA: 2 ENVOLVEDERAS DE 180 X 150 CMS, 5 COMPRESAS DE 45 X 45 CMS., CON CINTA RADIOPACA, 1 CAMPO FENESTRADO DE 220 X 120 CMS. CON ORIFICIO SUPERIOR DE 15 X 15 CON REFUERZO Y ADHESIVO DE 1.5 DE ANCHO, 1 SABANA DE 1.45 X 180 CMS, 5 CAMPOS DE PIEL DE 90 X 90 CMS CON ADHESIVO., 1 CAMPO 80 X 80 SIN ADHESIVO, 1 FUNDA DE MAYO GRANDE CON REFUERZO SUPERIOR, 2 BATAS DE CIRUJANO TALLA XL CON PUÑO RESORTADO EN ALGODON, CON TOALLA DE MANOS, EN TELA DESECHABLE SMS DE 35 GRAMOS. ESTERIL, CON INDICADOR QUIMICO OE. | G40: UND | H40: 113390.64 | I40: 30 | J40: =H40*I40 -> 3401719.1 | K40: 0 | L40: =H40*K40 -> 0 | M40: 0 | N40: =H40*M40 -> 0 | O40: 0 | P40: =H40*O40 -> 0 | Q40: 0 | R40: =H40*Q40 -> 0 | S40: 0 | T40: =H40*S40 -> 0 | U40: 0 | V40: =H40*U40 -> 0 | W40: 0 | X40: =H40*W40 -> 0 | Y40: 0 | Z40: =H40*Y40 -> 0 | AA40: 0 | AB40: =H40*AA40 -> 0 | AC40: 0 | AD40: =H40*AC40 -> 0 | AE40: 0 | AF40: =H40*AE40 -> 0 | AG40: 0 | AH40: =H40*AG40 -> 0 | AI40: 0 | AJ40: =H40*AI40 -> 0 | AK40: 0 | AL40: =H40*AK40 -> 0 | AM40: 0 | AN40: =H40*AM40 -> 0 | AO40: 0 | AP40: =H40*AO40 -> 0 | AQ40: 0 | AR40: =H40*AQ40 -> 0 | AS40: 0 | AT40: =H40*AS40 -> 0 | AU40: 0 | AV40: =H40*AU40 -> 0 | AW40: 0 | AX40: =H40*AW40 -> 0 | AY40: 0 | AZ40: =H40*AY40 -> 0 | BA40: =I40+K40+M40+O40+Q40+S40+U40+W40+Y40+AA40+AC40+AE40+AG40+AI40+AK40+AM40+AO40+AQ40+AS40+AU40+AW40+AY40 -> 30 | BB40: =J40+L40+N40+P40+R40+T40+V40+X40+Z40+AB40+AD40+AF40+AH40+AJ40+AL40+AN40+AP40+AR40+AT40+AV40+AX40+AZ40 -> 3401719.1 | BD40: =+H40*BA40 -> 3401719.1 | BE40: =+BB40-BD40 -> 0
A41: 31 | B41: 2 | C41: 42295414 | D41: 2501209 | E41: TELA SMS ROLLO POR 200 MTS | F41: EN TELA SMS 40-45 GRAMOS ROLLO POR 200 MTS ANCHO MINIMO 60 MAXIMO 90 CMS ANTIALERGENICO | G41: ROLLO | H41: 121856 | I41: 3 | J41: =H41*I41 -> 365568 | K41: 0 | L41: =H41*K41 -> 0 | M41: 0 | N41: =H41*M41 -> 0 | O41: 0 | P41: =H41*O41 -> 0 | Q41: 0 | R41: =H41*Q41 -> 0 | S41: 0 | T41: =H41*S41 -> 0 | U41: 0 | V41: =H41*U41 -> 0 | W41: 0 | X41: =H41*W41 -> 0 | Y41: 0 | Z41: =H41*Y41 -> 0 | AA41: 0 | AB41: =H41*AA41 -> 0 | AC41: 0 | AD41: =H41*AC41 -> 0 | AE41: 0 | AF41: =H41*AE41 -> 0 | AG41: 0 | AH41: =H41*AG41 -> 0 | AI41: 0 | AJ41: =H41*AI41 -> 0 | AK41: 0 | AL41: =H41*AK41 -> 0 | AM41: 0 | AN41: =H41*AM41 -> 0 | AO41: 0 | AP41: =H41*AO41 -> 0 | AQ41: 0 | AR41: =H41*AQ41 -> 0 | AS41: 0 | AT41: =H41*AS41 -> 0 | AU41: 0 | AV41: =H41*AU41 -> 0 | AW41: 0 | AX41: =H41*AW41 -> 0 | AY41: 0 | AZ41: =H41*AY41 -> 0 | BA41: =I41+K41+M41+O41+Q41+S41+U41+W41+Y41+AA41+AC41+AE41+AG41+AI41+AK41+AM41+AO41+AQ41+AS41+AU41+AW41+AY41 -> 3 | BB41: =J41+L41+N41+P41+R41+T41+V41+X41+Z41+AB41+AD41+AF41+AH41+AJ41+AL41+AN41+AP41+AR41+AT41+AV41+AX41+AZ41 -> 365568 | BD41: =+H41*BA41 -> 365568 | BE41: =+BB41-BD41 -> 0
A42: 32 | B42: 3 | C42: 42131705 | D42: 2503495 | E42: SABANA DESECHABLE RESORTADA | F42: SABANA DESEHABLE AJUSTABLE, PARA CAMILLA EN TELA SMS 35 GRAMOS, PUNTAS RESORTADAS PARA ACOMODACION A LA CAMILLA, TELA REPELENTE A FLUIDOS, RESISTENTE. MEDIDAS 2,10 A 2,50 X 1,10 A 1,50CMS, SIN ESTERILIZAR | G42: UND | H42: 5802.1191 | I42: 0 | J42: =H42*I42 -> 0 | K42: 0 | L42: =H42*K42 -> 0 | M42: 30 | N42: =H42*M42 -> 174063.57 | O42: 0 | P42: =H42*O42 -> 0 | Q42: 20 | R42: =H42*Q42 -> 116042.38 | S42: 0 | T42: =H42*S42 -> 0 | U42: 0 | V42: =H42*U42 -> 0 | W42: 0 | X42: =H42*W42 -> 0 | Y42: 0 | Z42: =H42*Y42 -> 0 | AA42: 0 | AB42: =H42*AA42 -> 0 | AC42: 20 | AD42: =H42*AC42 -> 116042.38 | AE42: 0 | AF42: =H42*AE42 -> 0 | AG42: 100 | AH42: =H42*AG42 -> 580211.91 | AI42: 0 | AJ42: =H42*AI42 -> 0 | AK42: 0 | AL42: =H42*AK42 -> 0 | AM42: 0 | AN42: =H42*AM42 -> 0 | AO42: 20 | AP42: =H42*AO42 -> 116042.38 | AQ42: 0 | AR42: =H42*AQ42 -> 0 | AS42: 20 | AT42: =H42*AS42 -> 116042.38 | AU42: 0 | AV42: =H42*AU42 -> 0 | AW42: 0 | AX42: =H42*AW42 -> 0 | AY42: 5 | AZ42: =H42*AY42 -> 29010.596 | BA42: =I42+K42+M42+O42+Q42+S42+U42+W42+Y42+AA42+AC42+AE42+AG42+AI42+AK42+AM42+AO42+AQ42+AS42+AU42+AW42+AY42 -> 215 | BB42: =J42+L42+N42+P42+R42+T42+V42+X42+Z42+AB42+AD42+AF42+AH42+AJ42+AL42+AN42+AP42+AR42+AT42+AV42+AX42+AZ42 -> 1247455.6 | BD42: =+H42*BA42 -> 1247455.6 | BE42: =+BB42-BD42 -> 0
A43: 33 | B43: 4 | C43: 42131705 | D43: 000000000002582832 | E43: SABANA DESECHABLE PLANA | F43: SABANA DESEHABLE PLANA, PARA CAMILLA EN TELA SMS 35 GRAMOS, PARA ACOMODACION A LA CAMILLA, TELA REPELENTE A FLUIDOS, RESISTENTE. MEDIDAS 2,40 - 250 X 2.0 - 2.20 MTS SIN ESTERILIZAR | G43: PAQ X 10 | H43: 48145.809 | I43: 0 | J43: =H43*I43 -> 0 | K43: 0 | L43: =H43*K43 -> 0 | M43: 0 | N43: =H43*M43 -> 0 | O43: 0 | P43: =H43*O43 -> 0 | Q43: 0 | R43: =H43*Q43 -> 0 | S43: 0 | T43: =H43*S43 -> 0 | U43: 0 | V43: =H43*U43 -> 0 | W43: 0 | X43: =H43*W43 -> 0 | Y43: 0 | Z43: =H43*Y43 -> 0 | AA43: 0 | AB43: =H43*AA43 -> 0 | AC43: 0 | AD43: =H43*AC43 -> 0 | AE43: 0 | AF43: =H43*AE43 -> 0 | AG43: 0 | AH43: =H43*AG43 -> 0 | AI43: 0 | AJ43: =H43*AI43 -> 0 | AK43: 0 | AL43: =H43*AK43 -> 0 | AM43: 0 | AN43: =H43*AM43 -> 0 | AO43: 0 | AP43: =H43*AO43 -> 0 | AQ43: 1 | AR43: =H43*AQ43 -> 48145.809 | AS43: 0 | AT43: =H43*AS43 -> 0 | AU43: 0 | AV43: =H43*AU43 -> 0 | AW43: 0 | AX43: =H43*AW43 -> 0 | AY43: 0 | AZ43: =H43*AY43 -> 0 | BA43: =I43+K43+M43+O43+Q43+S43+U43+W43+Y43+AA43+AC43+AE43+AG43+AI43+AK43+AM43+AO43+AQ43+AS43+AU43+AW43+AY43 -> 1 | BB43: =J43+L43+N43+P43+R43+T43+V43+X43+Z43+AB43+AD43+AF43+AH43+AJ43+AL43+AN43+AP43+AR43+AT43+AV43+AX43+AZ43 -> 48145.809 | BD43: =+H43*BA43 -> 48145.809 | BE43: =+BB43-BD43 -> 0
A44: VALOR GRUPO 4. DESECHABLES | I44: =SUM(I40:I43) -> 33 | J44: =SUM(J40:J43) -> 3767287.1 | K44: =SUM(K40:K43) -> 0 | L44: =SUM(L40:L43) -> 0 | M44: =SUM(M40:M43) -> 30 | N44: =SUM(N40:N43) -> 174063.57 | O44: =SUM(O40:O43) -> 0 | P44: =SUM(P40:P43) -> 0 | ... AZ44: =SUM(AZ40:AZ43) -> 29010.596 | BA44: =I44+K44+M44+O44+Q44+S44+U44+W44+Y44+AA44+AC44+AE44+AG44+AI44+AK44+AM44+AO44+AQ44+AS44+AU44+AW44+AY44 -> 249 | BB44: =J44+L44+N44+P44+R44+T44+V44+X44+Z44+AB44+AD44+AF44+AH44+AJ44+AL44+AN44+AP44+AR44+AT44+AV44+AX44+AZ44 -> 5062888.5 | BC44: =SUM(BB40:BB43) -> 5062888.5 | BD44: =SUM(BD40:BD43) -> 5062888.5 | BE44: =+BB44-BD44 -> 0
A45: GRUPO No.5 REHABILITACION | H45: VALOR | I45: DMBOG | K45: BIM12 | M45: BTURA | O45: TURBO | Q45: PUERTO LOPEZ | S45: BARRANCABERMEJA | U45: BAHIA MALAGA | W45: BAHIA SOLANO | Y45: PTO CARREÑO | AA45: GUAPI | AC45: YATI | AE45: LETICIA | AG45: HONAL | AI45: MALAGANA | AK45: SAN ANDRES | AM45: COVEÑAS | AO45: TUMACO | AQ45: INIRIDA | AS45: ENAP | AU45: ENSB | AW45: COROZAL | AY45: ARAUCA | BA45: CANTIDAD
A46: 34 | B46: 1 | C46: 42142105 | D46: 2502386 | E46: PAQUETE CERVICAL CALIENTE | F46: PAQUETE CERVICAL CALIENTE | G46: UND | H46: 135330.24 | I46: 0 | J46: =H46*I46 -> 0 | K46: 0 | L46: =H46*K46 -> 0 | M46: 0 | N46: =H46*M46 -> 0 | O46: 0 | P46: =H46*O46 -> 0 | Q46: 0 | R46: =H46*Q46 -> 0 | S46: 0 | T46: =H46*S46 -> 0 | U46: 0 | V46: =H46*U46 -> 0 | W46: 0 | X46: =H46*W46 -> 0 | Y46: 0 | Z46: =H46*Y46 -> 0 | AA46: 0 | AB46: =H46*AA46 -> 0 | AC46: 0 | AD46: =H46*AC46 -> 0 | AE46: 0 | AF46: =H46*AE46 -> 0 | AG46: 0 | AH46: =H46*AG46 -> 0 | AI46: 0 | AJ46: =H46*AI46 -> 0 | AK46: 0 | AL46: =H46*AK46 -> 0 | AM46: 0 | AN46: =H46*AM46 -> 0 | AO46: 1 | AP46: =H46*AO46 -> 135330.24 | AQ46: 0 | AR46: =H46*AQ46 -> 0 | AS46: 0 | AT46: =H46*AS46 -> 0 | AU46: 0 | AV46: =H46*AU46 -> 0 | AW46: 0 | AX46: =H46*AW46 -> 0 | AY46: 0 | AZ46: =H46*AY46 -> 0 | BA46: =I46+K46+M46+O46+Q46+S46+U46+W46+Y46+AA46+AC46+AE46+AG46+AI46+AK46+AM46+AO46+AQ46+AS46+AU46+AW46+AY46 -> 1 | BB46: =J46+L46+N46+P46+R46+T46+V46+X46+Z46+AB46+AD46+AF46+AH46+AJ46+AL46+AN46+AP46+AR46+AT46+AV46+AX46+AZ46 -> 135330.24 | BD46: =+H46*BA46 -> 135330.24 | BE46: =+BB46-BD46 -> 0
A47: 35 | B47: 2 | C47: 42142710 | D47: 2502389 | E47: PAQUETE LUMBAR CALIENTE | F47: PAQUETE LUMBAR CALIENTE | G47: UND | H47: 171709 | I47: 0 | J47: =H47*I47 -> 0 | K47: 0 | L47: =H47*K47 -> 0 | M47: 0 | N47: =H47*M47 -> 0 | O47: 0 | P47: =H47*O47 -> 0 | Q47: 0 | R47: =H47*Q47 -> 0 | S47: 0 | T47: =H47*S47 -> 0 | U47: 0 | V47: =H47*U47 -> 0 | W47: 0 | X47: =H47*W47 -> 0 | Y47: 0 | Z47: =H47*Y47 -> 0 | AA47: 0 | AB47: =H47*AA47 -> 0 | AC47: 0 | AD47: =H47*AC47 -> 0 | AE47: 0 | AF47: =H47*AE47 -> 0 | AG47: 0 | AH47: =H47*AG47 -> 0 | AI47: 0 | AJ47: =H47*AI47 -> 0 | AK47: 0 | AL47: =H47*AK47 -> 0 | AM47: 0 | AN47: =H47*AM47 -> 0 | AO47: 1 | AP47: =H47*AO47 -> 171709 | AQ47: 0 | AR47: =H47*AQ47 -> 0 | AS47: 0 | AT47: =H47*AS47 -> 0 | AU47: 0 | AV47: =H47*AU47 -> 0 | AW47: 0 | AX47: =H47*AW47 -> 0 | AY47: 0 | AZ47: =H47*AY47 -> 0 | BA47: =I47+K47+M47+O47+Q47+S47+U47+W47+Y47+AA47+AC47+AE47+AG47+AI47+AK47+AM47+AO47+AQ47+AS47+AU47+AW47+AY47 -> 1 | BB47: =J47+L47+N47+P47+R47+T47+V47+X47+Z47+AB47+AD47+AF47+AH47+AJ47+AL47+AN47+AP47+AR47+AT47+AV47+AX47+AZ47 -> 171709 | BD47: =+H47*BA47 -> 171709 | BE47: =+BB47-BD47 -> 0
A48: 36 | B48: 3 | C48: 42131708 | D48: 2504817 | E48: PAQUETE CALIENTE HUMEDO CERVICAL | F48: MATERIAL: TELA IMPERMEABILIZADA DURABLE, ALTA RESISTENCIA AL CALOR, PROPIEDAD ANTI-BACTERIANA, CONSERVA EL CALOR POR MÁS DE 20 MINUTOS, FÁCIL LIMPIEZA. TAMAÑO CERVICAL: 17 X 60 CM | G48: UND | H48: 146483.33 | I48: 1 | J48: =H48*I48 -> 146483.33 | K48: 0 | L48: =H48*K48 -> 0 | M48: 0 | N48: =H48*M48 -> 0 | O48: 0 | P48: =H48*O48 -> 0 | Q48: 0 | R48: =H48*Q48 -> 0 | S48: 0 | T48: =H48*S48 -> 0 | U48: 0 | V48: =H48*U48 -> 0 | W48: 0 | X48: =H48*W48 -> 0 | Y48: 0 | Z48: =H48*Y48 -> 0 | AA48: 0 | AB48: =H48*AA48 -> 0 | AC48: 0 | AD48: =H48*AC48 -> 0 | AE48: 0 | AF48: =H48*AE48 -> 0 | AG48: 0 | AH48: =H48*AG48 -> 0 | AI48: 0 | AJ48: =H48*AI48 -> 0 | AK48: 0 | AL48: =H48*AK48 -> 0 | AM48: 0 | AN48: =H48*AM48 -> 0 | AO48: 0 | AP48: =H48*AO48 -> 0 | AQ48: 0 | AR48: =H48*AQ48 -> 0 | AS48: 0 | AT48: =H48*AS48 -> 0 | AU48: 0 | AV48: =H48*AU48 -> 0 | AW48: 0 | AX48: =H48*AW48 -> 0 | AY48: 0 | AZ48: =H48*AY48 -> 0 | BA48: =I48+K48+M48+O48+Q48+S48+U48+W48+Y48+AA48+AC48+AE48+AG48+AI48+AK48+AM48+AO48+AQ48+AS48+AU48+AW48+AY48 -> 1 | BB48: =J48+L48+N48+P48+R48+T48+V48+X48+Z48+AB48+AD48+AF48+AH48+AJ48+AL48+AN48+AP48+AR48+AT48+AV48+AX48+AZ48 -> 146483.33 | BD48: =+H48*BA48 -> 146483.33 | BE48: =+BB48-BD48 -> 0
A49: 37 | B49: 4 | C49: 42241802 | D49: 2502389 | E49: PAQUETE CALIENTE HUMEDO LUMBAR | F49: MATERIAL: TELA IMPERMEABILIZADA DURABLE, ALTA RESISTENCIA AL CALOR, PROPIEDAD ANTI-BACTERIANA, CONSERVA EL CALOR POR MÁS DE 20 MINUTOS, FÁCIL LIMPIEZA. TAMAÑO CERVICAL: 25 X 45 CM | G49: UND | H49: 179297.47 | I49: 1 | J49: =H49*I49 -> 179297.47 | K49: 0 | L49: =H49*K49 -> 0 | M49: 0 | N49: =H49*M49 -> 0 | O49: 0 | P49: =H49*O49 -> 0 | Q49: 0 | R49: =H49*Q49 -> 0 | S49: 0 | T49: =H49*S49 -> 0 | U49: 0 | V49: =H49*U49 -> 0 | W49: 0 | X49: =H49*W49 -> 0 | Y49: 0 | Z49: =H49*Y49 -> 0 | AA49: 0 | AB49: =H49*AA49 -> 0 | AC49: 0 | AD49: =H49*AC49 -> 0 | AE49: 0 | AF49: =H49*AE49 -> 0 | AG49: 0 | AH49: =H49*AG49 -> 0 | AI49: 0 | AJ49: =H49*AI49 -> 0 | AK49: 0 | AL49: =H49*AK49 -> 0 | AM49: 0 | AN49: =H49*AM49 -> 0 | AO49: 0 | AP49: =H49*AO49 -> 0 | AQ49: 0 | AR49: =H49*AQ49 -> 0 | AS49: 0 | AT49: =H49*AS49 -> 0 | AU49: 0 | AV49: =H49*AU49 -> 0 | AW49: 0 | AX49: =H49*AW49 -> 0 | AY49: 0 | AZ49: =H49*AY49 -> 0 | BA49: =I49+K49+M49+O49+Q49+S49+U49+W49+Y49+AA49+AC49+AE49+AG49+AI49+AK49+AM49+AO49+AQ49+AS49+AU49+AW49+AY49 -> 1 | BB49: =J49+L49+N49+P49+R49+T49+V49+X49+Z49+AB49+AD49+AF49+AH49+AJ49+AL49+AN49+AP49+AR49+AT49+AV49+AX49+AZ49 -> 179297.47 | BD49: =+H49*BA49 -> 179297.47 | BE49: =+BB49-BD49 -> 0
A50: 38 | B50: 5 | C50: 42241802 | D50: 2502387 | E50: PAQUETE FRIO PROFESIONAL CERVICAL | F50: PLÁSTICO INFLABLE, GEL TERMICO, SELLADO CON RADIOFRECUENCIA, NO TÓXICO, FLEXIBLE EN TEMPERATURAS DESDE – 11°C SIN CONGELARSE, PROPIEDAD ANTIBACTERIANA DE FÁCIL LIMPIEZA. TAMAÑO CERVICAL 60X18CM | G50: UND | H50: 128776.83 | I50: 0 | J50: =H50*I50 -> 0 | K50: 0 | L50: =H50*K50 -> 0 | M50: 0 | N50: =H50*M50 -> 0 | O50: 0 | P50: =H50*O50 -> 0 | Q50: 0 | R50: =H50*Q50 -> 0 | S50: 0 | T50: =H50*S50 -> 0 | U50: 0 | V50: =H50*U50 -> 0 | W50: 0 | X50: =H50*W50 -> 0 | Y50: 0 | Z50: =H50*Y50 -> 0 | AA50: 0 | AB50: =H50*AA50 -> 0 | AC50: 0 | AD50: =H50*AC50 -> 0 | AE50: 0 | AF50: =H50*AE50 -> 0 | AG50: 0 | AH50: =H50*AG50 -> 0 | AI50: 0 | AJ50: =H50*AI50 -> 0 | AK50: 0 | AL50: =H50*AK50 -> 0 | AM50: 0 | AN50: =H50*AM50 -> 0 | AO50: 1 | AP50: =H50*AO50 -> 128776.83 | AQ50: 0 | AR50: =H50*AQ50 -> 0 | AS50: 0 | AT50: =H50*AS50 -> 0 | AU50: 0 | AV50: =H50*AU50 -> 0 | AW50: 0 | AX50: =H50*AW50 -> 0 | AY50: 0 | AZ50: =H50*AY50 -> 0 | BA50: =I50+K50+M50+O50+Q50+S50+U50+W50+Y50+AA50+AC50+AE50+AG50+AI50+AK50+AM50+AO50+AQ50+AS50+AU50+AW50+AY50 -> 1 | BB50: =J50+L50+N50+P50+R50+T50+V50+X50+Z50+AB50+AD50+AF50+AH50+AJ50+AL50+AN50+AP50+AR50+AT50+AV50+AX50+AZ50 -> 128776.83 | BD50: =+H50*BA50 -> 128776.83 | BE50: =+BB50-BD50 -> 0
A51: 39 | B51: 6 | C51: 42241802 | D51: 2502390 | E51: PAQUETE FRIO PROFESIONAL LUMBAR | F51: PLÁSTICO INFLABLE, GEL TERMICO, SELLADO CON RADIOFRECUENCIA, NO TÓXICO, FLEXIBLE EN TEMPERATURAS DESDE – 11°C SIN CONGELARSE, PROPIEDAD ANTIBACTERIANA DE FÁCIL LIMPIEZA. TAMAÑO LUMBAR 40X30CM | G51: UND | H51: 147521.11 | I51: 2 | J51: =H51*I51 -> 295042.22 | K51: 0 | L51: =H51*K51 -> 0 | M51: 0 | N51: =H51*M51 -> 0 | O51: 0 | P51: =H51*O51 -> 0 | Q51: 0 | R51: =H51*Q51 -> 0 | S51: 0 | T51: =H51*S51 -> 0 | U51: 0 | V51: =H51*U51 -> 0 | W51: 0 | X51: =H51*W51 -> 0 | Y51: 0 | Z51: =H51*Y51 -> 0 | AA51: 0 | AB51: =H51*AA51 -> 0 | AC51: 0 | AD51: =H51*AC51 -> 0 | AE51: 0 | AF51: =H51*AE51 -> 0 | AG51: 0 | AH51: =H51*AG51 -> 0 | AI51: 0 | AJ51: =H51*AI51 -> 0 | AK51: 0 | AL51: =H51*AK51 -> 0 | AM51: 0 | AN51: =H51*AM51 -> 0 | AO51: 1 | AP51: =H51*AO51 -> 147521.11 | AQ51: 0 | AR51: =H51*AQ51 -> 0 | AS51: 0 | AT51: =H51*AS51 -> 0 | AU51: 0 | AV51: =H51*AU51 -> 0 | AW51: 0 | AX51: =H51*AW51 -> 0 | AY51: 0 | AZ51: =H51*AY51 -> 0 | BA51: =I51+K51+M51+O51+Q51+S51+U51+W51+Y51+AA51+AC51+AE51+AG51+AI51+AK51+AM51+AO51+AQ51+AS51+AU51+AW51+AY51 -> 3 | BB51: =J51+L51+N51+P51+R51+T51+V51+X51+Z51+AB51+AD51+AF51+AH51+AJ51+AL51+AN51+AP51+AR51+AT51+AV51+AX51+AZ51 -> 442563.33 | BD51: =+H51*BA51 -> 442563.33 | BE51: =+BB51-BD51 -> 0
A52: 40 | B52: 7 | C52: 42181707 | E52: JUEGO DE ELECTRODOS MEDIANOS PARA TENS | F52: ELECTRODODOS CARBONADOS MEDIANOS PARA TENS CON FIJACION DE PIN | G52: PAR | H52: 54850.624 | I52: 1 | J52: =H52*I52 -> 54850.624 | K52: 0 | L52: =H52*K52 -> 0 | M52: 0 | N52: =H52*M52 -> 0 | O52: 0 | P52: =H52*O52 -> 0 | Q52: 0 | R52: =H52*Q52 -> 0 | S52: 0 | T52: =H52*S52 -> 0 | U52: 0 | V52: =H52*U52 -> 0 | W52: 0 | X52: =H52*W52 -> 0 | Y52: 0 | Z52: =H52*Y52 -> 0 | AA52: 0 | AB52: =H52*AA52 -> 0 | AC52: 0 | AD52: =H52*AC52 -> 0 | AE52: 0 | AF52: =H52*AE52 -> 0 | AG52: 0 | AH52: =H52*AG52 -> 0 | AI52: 0 | AJ52: =H52*AI52 -> 0 | AK52: 0 | AL52: =H52*AK52 -> 0 | AM52: 0 | AN52: =H52*AM52 -> 0 | AO52: 0 | AP52: =H52*AO52 -> 0 | AQ52: 0 | AR52: =H52*AQ52 -> 0 | AS52: 0 | AT52: =H52*AS52 -> 0 | AU52: 0 | AV52: =H52*AU52 -> 0 | AW52: 0 | AX52: =H52*AW52 -> 0 | AY52: 0 | AZ52: =H52*AY52 -> 0 | BA52: =I52+K52+M52+O52+Q52+S52+U52+W52+Y52+AA52+AC52+AE52+AG52+AI52+AK52+AM52+AO52+AQ52+AS52+AU52+AW52+AY52 -> 1 | BB52: =J52+L52+N52+P52+R52+T52+V52+X52+Z52+AB52+AD52+AF52+AH52+AJ52+AL52+AN52+AP52+AR52+AT52+AV52+AX52+AZ52 -> 54850.624 | BD52: =+H52*BA52 -> 54850.624 | BE52: =+BB52-BD52 -> 0
A53: 41 | B53: 8 | C53: 60104617 | D53: 2505752 | E53: TUBING KIT EXTRA REFUERZO NORTH COAST X METRO REF. ZANC91107-KIT | F53: TUBING KIT EXTRA REFUERZO NORTH COAST X METRO REF. ZANC91107-KIT | G53: UND | H53: 180535.93 | I53: 0 | J53: =H53*I53 -> 0 | K53: 0 | L53: =H53*K53 -> 0 | M53: 0 | N53: =H53*M53 -> 0 | O53: 0 | P53: =H53*O53 -> 0 | Q53: 0 | R53: =H53*Q53 -> 0 | S53: 0 | T53: =H53*S53 -> 0 | U53: 0 | V53: =H53*U53 -> 0 | W53: 0 | X53: =H53*W53 -> 0 | Y53: 0 | Z53: =H53*Y53 -> 0 | AA53: 0 | AB53: =H53*AA53 -> 0 | AC53: 0 | AD53: =H53*AC53 -> 0 | AE53: 0 | AF53: =H53*AE53 -> 0 | AG53: 0 | AH53: =H53*AG53 -> 0 | AI53: 0 | AJ53: =H53*AI53 -> 0 | AK53: 0 | AL53: =H53*AK53 -> 0 | AM53: 0 | AN53: =H53*AM53 -> 0 | AO53: 1 | AP53: =H53*AO53 -> 180535.93 | AQ53: 0 | AR53: =H53*AQ53 -> 0 | AS53: 0 | AT53: =H53*AS53 -> 0 | AU53: 0 | AV53: =H53*AU53 -> 0 | AW53: 0 | AX53: =H53*AW53 -> 0 | AY53: 0 | AZ53: =H53*AY53 -> 0 | BA53: =I53+K53+M53+O53+Q53+S53+U53+W53+Y53+AA53+AC53+AE53+AG53+AI53+AK53+AM53+AO53+AQ53+AS53+AU53+AW53+AY53 -> 1 | BB53: =J53+L53+N53+P53+R53+T53+V53+X53+Z53+AB53+AD53+AF53+AH53+AJ53+AL53+AN53+AP53+AR53+AT53+AV53+AX53+AZ53 -> 180535.93 | BD53: =+H53*BA53 -> 180535.93 | BE53: =+BB53-BD53 -> 0
A54: VALOR GRUPO 5. REHABILITACION | I54: =SUM(I46:I53) -> 5 | J54: =SUM(J46:J53) -> 675673.65 | K54: =SUM(K46:K53) -> 0 | L54: =SUM(L46:L53) -> 0 | M54: =SUM(M46:M53) -> 0 | N54: =SUM(N46:N53) -> 0 | O54: =SUM(O46:O53) -> 0 | P54: =SUM(P46:P53) -> 0 | ... AZ54: =SUM(AZ46:AZ53) -> 0 | BA54: =I54+K54+M54+O54+Q54+S54+U54+W54+Y54+AA54+AC54+AE54+AG54+AI54+AK54+AM54+AO54+AQ54+AS54+AU54+AW54+AY54 -> 10 | BB54: =J54+L54+N54+P54+R54+T54+V54+X54+Z54+AB54+AD54+AF54+AH54+AJ54+AL54+AN54+AP54+AR54+AT54+AV54+AX54+AZ54 -> 1439546.8 | BC54: =SUM(BB46:BB53) -> 1439546.8 | BD54: =SUM(BD46:BD53) -> 1439546.8 | BE54: =+BB54-BD54 -> 0
A55: GRUPO No.6 CORTOPUNZANTES | H55: VALOR | I55: DMBOG | K55: BIM12 | M55: BTURA | O55: TURBO | Q55: PUERTO LOPEZ | S55: BARRANCABERMEJA | U55: BAHIA MALAGA | W55: BAHIA SOLANO | Y55: PTO CARREÑO | AA55: GUAPI | AC55: YATI | AE55: LETICIA | AG55: HONAL | AI55: MALAGANA | AK55: SAN ANDRES | AM55: COVEÑAS | AO55: TUMACO | AQ55: INIRIDA | AS55: ENAP | AU55: ENSB | AW55: COROZAL | AY55: ARAUCA | BA55: CANTIDAD
A56: 42 | B56: 1 | C56: 42142523 | D56: 2500063 | E56: AGUJA HIPODÉRMICA 18G | F56: AGUJA HIPODÉRMICA ESTERIL N. 18GX 1 1/2", CONFORMADA CON LUER, CANULA Y PROTECTOR DE CANULA, EMPATE UNIVERSAL BLISTER, UN SOLO USO | G56: UND | H56: 183.03168 | I56: 0 | J56: =H56*I56 -> 0 | K56: 0 | L56: =H56*K56 -> 0 | M56: 297 | N56: =H56*M56 -> 54360.409 | O56: 0 | P56: =H56*O56 -> 0 | Q56: 0 | R56: =H56*Q56 -> 0 | S56: 0 | T56: =H56*S56 -> 0 | U56: 0 | V56: =H56*U56 -> 0 | W56: 100 | X56: =H56*W56 -> 18303.168 | Y56: 0 | Z56: =H56*Y56 -> 0 | AA56: 120 | AB56: =H56*AA56 -> 21963.802 | AC56: 0 | AD56: =H56*AC56 -> 0 | AE56: 0 | AF56: =H56*AE56 -> 0 | AG56: 0 | AH56: =H56*AG56 -> 0 | AI56: 0 | AJ56: =H56*AI56 -> 0 | AK56: 0 | AL56: =H56*AK56 -> 0 | AM56: 0 | AN56: =H56*AM56 -> 0 | AO56: 100 | AP56: =H56*AO56 -> 18303.168 | AQ56: 36 | AR56: =H56*AQ56 -> 6589.1405 | AS56: 0 | AT56: =H56*AS56 -> 0 | AU56: 0 | AV56: =H56*AU56 -> 0 | AW56: 52 | AX56: =H56*AW56 -> 9517.6473 | AY56: 0 | AZ56: =H56*AY56 -> 0 | BA56: =I56+K56+M56+O56+Q56+S56+U56+W56+Y56+AA56+AC56+AE56+AG56+AI56+AK56+AM56+AO56+AQ56+AS56+AU56+AW56+AY56 -> 705 | BB56: =J56+L56+N56+P56+R56+T56+V56+X56+Z56+AB56+AD56+AF56+AH56+AJ56+AL56+AN56+AP56+AR56+AT56+AV56+AX56+AZ56 -> 129037.33 | BD56: =+H56*BA56 -> 129037.33 | BE56: =+BB56-BD56 -> 0
A57: 43 | B57: 2 | C57: 42142523 | D57: 2500623 | E57: AGUJA HIPODÉRMICA 20G | F57: AGUJA HIPODÉRMICA ESTERIL N. 20GX1 1/2", CONFORMADA CON LUER, CANULA Y PROTECTOR DE CANULA, EMPATE UNIVERSAL BLISTER, UN SOLO USO | G57: UND | H57: 176.25547 | I57: 0 | J57: =H57*I57 -> 0 | K57: 0 | L57: =H57*K57 -> 0 | M57: 0 | N57: =H57*M57 -> 0 | O57: 0 | P57: =H57*O57 -> 0 | Q57: 0 | R57: =H57*Q57 -> 0 | S57: 0 | T57: =H57*S57 -> 0 | U57: 0 | V57: =H57*U57 -> 0 | W57: 100 | X57: =H57*W57 -> 17625.547 | Y57: 0 | Z57: =H57*Y57 -> 0 | AA57: 120 | AB57: =H57*AA57 -> 21150.657 | AC57: 0 | AD57: =H57*AC57 -> 0 | AE57: 0 | AF57: =H57*AE57 -> 0 | AG57: 0 | AH57: =H57*AG57 -> 0 | AI57: 0 | AJ57: =H57*AI57 -> 0 | AK57: 0 | AL57: =H57*AK57 -> 0 | AM57: 0 | AN57: =H57*AM57 -> 0 | AO57: 100 | AP57: =H57*AO57 -> 17625.547 | AQ57: 40 | AR57: =H57*AQ57 -> 7050.2189 | AS57: 0 | AT57: =H57*AS57 -> 0 | AU57: 0 | AV57: =H57*AU57 -> 0 | AW57: 50 | AX57: =H57*AW57 -> 8812.7736 | AY57: 0 | AZ57: =H57*AY57 -> 0 | BA57: =I57+K57+M57+O57+Q57+S57+U57+W57+Y57+AA57+AC57+AE57+AG57+AI57+AK57+AM57+AO57+AQ57+AS57+AU57+AW57+AY57 -> 410 | BB57: =J57+L57+N57+P57+R57+T57+V57+X57+Z57+AB57+AD57+AF57+AH57+AJ57+AL57+AN57+AP57+AR57+AT57+AV57+AX57+AZ57 -> 72264.744 | BD57: =+H57*BA57 -> 72264.744 | BE57: =+BB57-BD57 -> 0
A58: 44 | B58: 3 | C58: 42142523 | D58: 2500622 | E58: AGUJA HIPODÉRMICA 21G | F58: AGUJA HIPODÉRMICA ESTÉRIL 21GX1 1/2", CONFORMADA CON LUER, CÁNULA Y PROTECTOR DE CÁNULA, EMPATE UNIVERSAL BLISTER, UN SOLO USO | G58: UND | H58: 173.80467 | I58: 0 | J58: =H58*I58 -> 0 | K58: 0 | L58: =H58*K58 -> 0 | M58: 0 | N58: =H58*M58 -> 0 | O58: 0 | P58: =H58*O58 -> 0 | Q58: 0 | R58: =H58*Q58 -> 0 | S58: 0 | T58: =H58*S58 -> 0 | U58: 0 | V58: =H58*U58 -> 0 | W58: 100 | X58: =H58*W58 -> 17380.467 | Y58: 0 | Z58: =H58*Y58 -> 0 | AA58: 0 | AB58: =H58*AA58 -> 0 | AC58: 0 | AD58: =H58*AC58 -> 0 | AE58: 0 | AF58: =H58*AE58 -> 0 | AG58: 0 | AH58: =H58*AG58 -> 0 | AI58: 0 | AJ58: =H58*AI58 -> 0 | AK58: 0 | AL58: =H58*AK58 -> 0 | AM58: 0 | AN58: =H58*AM58 -> 0 | AO58: 100 | AP58: =H58*AO58 -> 17380.467 | AQ58: 30 | AR58: =H58*AQ58 -> 5214.14 | AS58: 0 | AT58: =H58*AS58 -> 0 | AU58: 0 | AV58: =H58*AU58 -> 0 | AW58: 0 | AX58: =H58*AW58 -> 0 | AY58: 0 | AZ58: =H58*AY58 -> 0 | BA58: =I58+K58+M58+O58+Q58+S58+U58+W58+Y58+AA58+AC58+AE58+AG58+AI58+AK58+AM58+AO58+AQ58+AS58+AU58+AW58+AY58 -> 230 | BB58: =J58+L58+N58+P58+R58+T58+V58+X58+Z58+AB58+AD58+AF58+AH58+AJ58+AL58+AN58+AP58+AR58+AT58+AV58+AX58+AZ58 -> 39975.073 | BD58: =+H58*BA58 -> 39975.073 | BE58: =+BB58-BD58 -> 0
A59: 45 | B59: 4 | C59: 42142523 | D59: 2500064 | E59: AGUJA HIPODÉRMICA 23G | F59: AGUJA HIPODÉRMICA ESTERIL N. 23GX1 1/2" CONFORMADA CON LUER, CANULA Y PROTECTOR DE CANULA, EMPATE UNIVERSAL BLISTER. UN SOLO USO | G59: UND | H59: 147.15222 | I59: 0 | J59: =H59*I59 -> 0 | K59: 0 | L59: =H59*K59 -> 0 | M59: 102 | N59: =H59*M59 -> 15009.527 | O59: 0 | P59: =H59*O59 -> 0 | Q59: 6 | R59: =H59*Q59 -> 882.91333 | S59: 0 | T59: =H59*S59 -> 0 | U59: 0 | V59: =H59*U59 -> 0 | W59: 0 | X59: =H59*W59 -> 0 | Y59: 0 | Z59: =H59*Y59 -> 0 | AA59: 0 | AB59: =H59*AA59 -> 0 | AC59: 0 | AD59: =H59*AC59 -> 0 | AE59: 0 | AF59: =H59*AE59 -> 0 | AG59: 0 | AH59: =H59*AG59 -> 0 | AI59: 0 | AJ59: =H59*AI59 -> 0 | AK59: 0 | AL59: =H59*AK59 -> 0 | AM59: 0 | AN59: =H59*AM59 -> 0 | AO59: 0 | AP59: =H59*AO59 -> 0 | AQ59: 35 | AR59: =H59*AQ59 -> 5150.3278 | AS59: 0 | AT59: =H59*AS59 -> 0 | AU59: 0 | AV59: =H59*AU59 -> 0 | AW59: 0 | AX59: =H59*AW59 -> 0 | AY59: 0 | AZ59: =H59*AY59 -> 0 | BA59: =I59+K59+M59+O59+Q59+S59+U59+W59+Y59+AA59+AC59+AE59+AG59+AI59+AK59+AM59+AO59+AQ59+AS59+AU59+AW59+AY59 -> 143 | BB59: =J59+L59+N59+P59+R59+T59+V59+X59+Z59+AB59+AD59+AF59+AH59+AJ59+AL59+AN59+AP59+AR59+AT59+AV59+AX59+AZ59 -> 21042.768 | BD59: =+H59*BA59 -> 21042.768 | BE59: =+BB59-BD59 -> 0
A60: 46 | B60: 5 | C60: 42221504 | D60: 2500220 | E60: CATETER I V, N° 16 G X 1 1/4 | F60: CATETER INTRAVENOSO N 16 G X 1 ¼. USO UNICO, ESTERILIZADO EN OXIDO DE ETILENO, LIBRE DE PIROGENOS. AGUJA TRIBICELADA O PENTABISELADA, LIBRE DE LATEX, QUE CONSTA DE TRES PARTES: CATETER, AGUJA Y/O CANULA Y MECANISMO DE SEGURIDAD. ELABORADO EN MATERIAL BIOCOMPATIBLE (POLIURETANO). | G60: UND | H60: 4030.8278 | I60: 0 | J60: =H60*I60 -> 0 | K60: 5 | L60: =H60*K60 -> 20154.139 | M60: 0 | N60: =H60*M60 -> 0 | O60: 0 | P60: =H60*O60 -> 0 | Q60: 0 | R60: =H60*Q60 -> 0 | S60: 0 | T60: =H60*S60 -> 0 | U60: 0 | V60: =H60*U60 -> 0 | W60: 0 | X60: =H60*W60 -> 0 | Y60: 0 | Z60: =H60*Y60 -> 0 | AA60: 20 | AB60: =H60*AA60 -> 80616.555 | AC60: 0 | AD60: =H60*AC60 -> 0 | AE60: 0 | AF60: =H60*AE60 -> 0 | AG60: 20 | AH60: =H60*AG60 -> 80616.555 | AI60: 0 | AJ60: =H60*AI60 -> 0 | AK60: 0 | AL60: =H60*AK60 -> 0 | AM60: 0 | AN60: =H60*AM60 -> 0 | AO60: 0 | AP60: =H60*AO60 -> 0 | AQ60: 0 | AR60: =H60*AQ60 -> 0 | AS60: 0 | AT60: =H60*AS60 -> 0 | AU60: 0 | AV60: =H60*AU60 -> 0 | AW60: 10 | AX60: =H60*AW60 -> 40308.278 | AY60: 20 | AZ60: =H60*AY60 -> 80616.555 | BA60: =I60+K60+M60+O60+Q60+S60+U60+W60+Y60+AA60+AC60+AE60+AG60+AI60+AK60+AM60+AO60+AQ60+AS60+AU60+AW60+AY60 -> 75 | BB60: =J60+L60+N60+P60+R60+T60+V60+X60+Z60+AB60+AD60+AF60+AH60+AJ60+AL60+AN60+AP60+AR60+AT60+AV60+AX60+AZ60 -> 302312.08 | BD60: =+H60*BA60 -> 302312.08 | BE60: =+BB60-BD60 -> 0
A61: 47 | B61: 6 | C61: 42221504 | D61: 2500219 | E61: CATETER IV, N° 18 G X 1 1/4 | F61: CATETER INTRAVENOSO N° 18 G X 1 ¼. USO UNICO, ESTERILIZADO EN OXIDO DE ETILENO, LIBRE DE PIROGENOS. AGUJA TRIBICELADA O PENTABISELADA LIBRE DE LATEX, QUE CONSTA DE TRES PARTES: CATETER, AGUJA Y/O CANULA Y MECANISMO DE SEGURIDAD . ELABORADO EN MATERIAL BIOCOMPATIBLE (POLIURETANO). | G61: UND | H61: 3592.0927 | I61: 250 | J61: =H61*I61 -> 898023.17 | K61: 50 | L61: =H61*K61 -> 179604.63 | M61: 200 | N61: =H61*M61 -> 718418.54 | O61: 50 | P61: =H61*O61 -> 179604.63 | Q61: 111 | R61: =H61*Q61 -> 398722.29 | S61: 100 | T61: =H61*S61 -> 359209.27 | U61: 50 | V61: =H61*U61 -> 179604.63 | W61: 100 | X61: =H61*W61 -> 359209.27 | Y61: 190 | Z61: =H61*Y61 -> 682497.61 | AA61: 130 | AB61: =H61*AA61 -> 466972.05 | AC61: 50 | AD61: =H61*AC61 -> 179604.63 | AE61: 50 | AF61: =H61*AE61 -> 179604.63 | AG61: 200 | AH61: =H61*AG61 -> 718418.54 | AI61: 0 | AJ61: =H61*AI61 -> 0 | AK61: 314 | AL61: =H61*AK61 -> 1127917.1 | AM61: 0 | AN61: =H61*AM61 -> 0 | AO61: 100 | AP61: =H61*AO61 -> 359209.27 | AQ61: 0 | AR61: =H61*AQ61 -> 0 | AS61: 50 | AT61: =H61*AS61 -> 179604.63 | AU61: 0 | AV61: =H61*AU61 -> 0 | AW61: 100 | AX61: =H61*AW61 -> 359209.27 | AY61: 50 | AZ61: =H61*AY61 -> 179604.63 | BA61: =I61+K61+M61+O61+Q61+S61+U61+W61+Y61+AA61+AC61+AE61+AG61+AI61+AK61+AM61+AO61+AQ61+AS61+AU61+AW61+AY61 -> 2145 | BB61: =J61+L61+N61+P61+R61+T61+V61+X61+Z61+AB61+AD61+AF61+AH61+AJ61+AL61+AN61+AP61+AR61+AT61+AV61+AX61+AZ61 -> 7705038.8 | BD61: =+H61*BA61 -> 7705038.8 | BE61: =+BB61-BD61 -> 0
A62: 48 | B62: 7 | E62: Cateter venoso retractil No 18 | F62: Cateter antioinchazo, norma botiquin. | G62: UND | H62: 6500 | I62: 35 | J62: =H62*I62 -> 227500 | K62: 0 | L62: =H62*K62 -> 0 | M62: 0 | N62: =H62*M62 -> 0 | O62: 0 | P62: =H62*O62 -> 0 | Q62: 0 | R62: =H62*Q62 -> 0 | S62: 0 | T62: =H62*S62 -> 0 | U62: 0 | V62: =H62*U62 -> 0 | W62: 0 | X62: =H62*W62 -> 0 | Y62: 0 | Z62: =H62*Y62 -> 0 | AA62: 0 | AB62: =H62*AA62 -> 0 | AC62: 0 | AD62: =H62*AC62 -> 0 | AE62: 0 | AF62: =H62*AE62 -> 0 | AG62: 0 | AH62: =H62*AG62 -> 0 | AI62: 0 | AJ62: =H62*AI62 -> 0 | AK62: 0 | AL62: =H62*AK62 -> 0 | AM62: 0 | AN62: =H62*AM62 -> 0 | AO62: 0 | AP62: =H62*AO62 -> 0 | AQ62: 0 | AR62: =H62*AQ62 -> 0 | AS62: 0 | AT62: =H62*AS62 -> 0 | AU62: 0 | AV62: =H62*AU62 -> 0 | AW62: 0 | AX62: =H62*AW62 -> 0 | AY62: 0 | AZ62: =H62*AY62 -> 0 | BA62: =I62+K62+M62+O62+Q62+S62+U62+W62+Y62+AA62+AC62+AE62+AG62+AI62+AK62+AM62+AO62+AQ62+AS62+AU62+AW62+AY62 -> 35 | BB62: =J62+L62+N62+P62+R62+T62+V62+X62+Z62+AB62+AD62+AF62+AH62+AJ62+AL62+AN62+AP62+AR62+AT62+AV62+AX62+AZ62 -> 227500 | BD62: =+H62*BA62 -> 227500 | BE62: =+BB62-BD62 -> 0
A63: 49 | B63: 8 | C63: 42221504 | D63: 2500218 | E63: CATETER I V, N° 20 G X 1 1/4 | F63: CATETER INTRAVENOSO N 20 G X 1 ¼. USO UNICO, ESTERILIZADO EN OXIDO DE ETILENO, LIBRE DE PIROGENOS. AGUJA TRIBICELADA, LIBRE DE LATEX, QUE CONSTA DE TRES PARTES: CATETER, AGUJA Y/O CANULA Y MECANISMO DE SEGURIDAD. ELABORADO EN MATERIAL BIOCOMPATIBLE (POLIURETANO,). | G63: UND | H63: 3820.0899 | I63: 500 | J63: =H63*I63 -> 1910045 | K63: 0 | L63: =H63*K63 -> 0 | M63: 0 | N63: =H63*M63 -> 0 | O63: 50 | P63: =H63*O63 -> 191004.5 | Q63: 100 | R63: =H63*Q63 -> 382008.99 | S63: 140 | T63: =H63*S63 -> 534812.59 | U63: 100 | V63: =H63*U63 -> 382008.99 | W63: 100 | X63: =H63*W63 -> 382008.99 | Y63: 190 | Z63: =H63*Y63 -> 725817.09 | AA63: 120 | AB63: =H63*AA63 -> 458410.79 | AC63: 50 | AD63: =H63*AC63 -> 191004.5 | AE63: 50 | AF63: =H63*AE63 -> 191004.5 | AG63: 200 | AH63: =H63*AG63 -> 764017.99 | AI63: 200 | AJ63: =H63*AI63 -> 764017.99 | AK63: 0 | AL63: =H63*AK63 -> 0 | AM63: 0 | AN63: =H63*AM63 -> 0 | AO63: 150 | AP63: =H63*AO63 -> 573013.49 | AQ63: 100 | AR63: =H63*AQ63 -> 382008.99 | AS63: 150 | AT63: =H63*AS63 -> 573013.49 | AU63: 0 | AV63: =H63*AU63 -> 0 | AW63: 300 | AX63: =H63*AW63 -> 1146027 | AY63: 50 | AZ63: =H63*AY63 -> 191004.5 | BA63: =I63+K63+M63+O63+Q63+S63+U63+W63+Y63+AA63+AC63+AE63+AG63+AI63+AK63+AM63+AO63+AQ63+AS63+AU63+AW63+AY63 -> 2550 | BB63: =J63+L63+N63+P63+R63+T63+V63+X63+Z63+AB63+AD63+AF63+AH63+AJ63+AL63+AN63+AP63+AR63+AT63+AV63+AX63+AZ63 -> 9741229.3 | BD63: =+H63*BA63 -> 9741229.3 | BE63: =+BB63-BD63 -> 0
A64: 50 | B64: 9 | C64: 42221504 | D64: 2500215 | E64: CATETER I V, N° 22 G X 1 | F64: CATETER INTRAVENOSO N 22G X 1G. USO UNICO, ESTERILIZADO EN OXIDO DE ETILENO, LIBRE DE PIROGENOS. AGUJA TRIBICELADA, LIBRE DE LATEX, QUE CONSTA DE TRES PARTES: CATETER, AGUJA Y/O CANULA Y MECANISMO DE SEGURIDAD. ELABORADO EN MATERIAL BIOCOMPATIBLE (POLIURETANO). | G64: UND | H64: 3820.0899 | I64: 300 | J64: =H64*I64 -> 1146027 | K64: 20 | L64: =H64*K64 -> 76401.799 | M64: 100 | N64: =H64*M64 -> 382008.99 | O64: 0 | P64: =H64*O64 -> 0 | Q64: 0 | R64: =H64*Q64 -> 0 | S64: 50 | T64: =H64*S64 -> 191004.5 | U64: 100 | V64: =H64*U64 -> 382008.99 | W64: 0 | X64: =H64*W64 -> 0 | Y64: 95 | Z64: =H64*Y64 -> 362908.54 | AA64: 50 | AB64: =H64*AA64 -> 191004.5 | AC64: 40 | AD64: =H64*AC64 -> 152803.6 | AE64: 0 | AF64: =H64*AE64 -> 0 | AG64: 100 | AH64: =H64*AG64 -> 382008.99 | AI64: 100 | AJ64: =H64*AI64 -> 382008.99 | AK64: 0 | AL64: =H64*AK64 -> 0 | AM64: 0 | AN64: =H64*AM64 -> 0 | AO64: 100 | AP64: =H64*AO64 -> 382008.99 | AQ64: 200 | AR64: =H64*AQ64 -> 764017.99 | AS64: 50 | AT64: =H64*AS64 -> 191004.5 | AU64: 0 | AV64: =H64*AU64 -> 0 | AW64: 100 | AX64: =H64*AW64 -> 382008.99 | AY64: 0 | AZ64: =H64*AY64 -> 0 | BA64: =I64+K64+M64+O64+Q64+S64+U64+W64+Y64+AA64+AC64+AE64+AG64+AI64+AK64+AM64+AO64+AQ64+AS64+AU64+AW64+AY64 -> 1405 | BB64: =J64+L64+N64+P64+R64+T64+V64+X64+Z64+AB64+AD64+AF64+AH64+AJ64+AL64+AN64+AP64+AR64+AT64+AV64+AX64+AZ64 -> 5367226.4 | BD64: =+H64*BA64 -> 5367226.4 | BE64: =+BB64-BD64 -> 0
A65: 51 | B65: 10 | C65: 42221504 | D65: 2500216 | E65: CATETER I V, N° 24 G X 3/4 | F65: CATETER INTRAVENOSO N 24 G X 3/4 USO UNICO, ESTERILIZADO EN OXIDO DE ETILENO, LIBRE DE PIROGENOS. AGUJA TRIBICELADA, LIBRE DE LATEX, QUE CONSTA DE TRES PARTES: CATETER, AGUJA Y/O CANULA Y MECANISMO DE SEGURIDAD. ELABORADO EN MATERIAL BIOCOMPATIBLE (POLIURETANO,). | G65: UND | H65: 3720.3241 | I65: 50 | J65: =H65*I65 -> 186016.21 | K65: 0 | L65: =H65*K65 -> 0 | M65: 200 | N65: =H65*M65 -> 744064.83 | O65: 0 | P65: =H65*O65 -> 0 | Q65: 0 | R65: =H65*Q65 -> 0 | S65: 10 | T65: =H65*S65 -> 37203.241 | U65: 100 | V65: =H65*U65 -> 372032.41 | W65: 0 | X65: =H65*W65 -> 0 | Y65: 0 | Z65: =H65*Y65 -> 0 | AA65: 31 | AB65: =H65*AA65 -> 115330.05 | AC65: 50 | AD65: =H65*AC65 -> 186016.21 | AE65: 0 | AF65: =H65*AE65 -> 0 | AG65: 0 | AH65: =H65*AG65 -> 0 | AI65: 0 | AJ65: =H65*AI65 -> 0 | AK65: 200 | AL65: =H65*AK65 -> 744064.83 | AM65: 0 | AN65: =H65*AM65 -> 0 | AO65: 100 | AP65: =H65*AO65 -> 372032.41 | AQ65: 100 | AR65: =H65*AQ65 -> 372032.41 | AS65: 10 | AT65: =H65*AS65 -> 37203.241 | AU65: 0 | AV65: =H65*AU65 -> 0 | AW65: 0 | AX65: =H65*AW65 -> 0 | AY65: 0 | AZ65: =H65*AY65 -> 0 | BA65: =I65+K65+M65+O65+Q65+S65+U65+W65+Y65+AA65+AC65+AE65+AG65+AI65+AK65+AM65+AO65+AQ65+AS65+AU65+AW65+AY65 -> 851 | BB65: =J65+L65+N65+P65+R65+T65+V65+X65+Z65+AB65+AD65+AF65+AH65+AJ65+AL65+AN65+AP65+AR65+AT65+AV65+AX65+AZ65 -> 3165995.8 | BD65: =+H65*BA65 -> 3165995.8 | BE65: =+BB65-BD65 -> 0
A66: 52 | B66: 11 | C66: 42142609 | D66: 2584762 | E66: JERINGA DE 1 ML, 30 G X 1/2 | F66: JERINGA DE 1 CC, COMPUESTA POR CILINDRO Y CUERPO DE CILINDRO, ALAS DE SUJECION, EMBOLO, PISTON, DISCO DE EMPUJE Y ESCALA VOLUMETRICA; AGUJA INTEGRADA N° 30 X 1/2" EMPAQUE INDIVIDUAL DE PAPEL MICROPOROSO, PELICULA PLASTICA, IMPRESIÓN Y LENGUETAS QUE FACILITEN SU APERTURA | G66: UND | H66: 701.00337 | I66: 0 | J66: =H66*I66 -> 0 | K66: 0 | L66: =H66*K66 -> 0 | M66: 0 | N66: =H66*M66 -> 0 | O66: 0 | P66: =H66*O66 -> 0 | Q66: 0 | R66: =H66*Q66 -> 0 | S66: 0 | T66: =H66*S66 -> 0 | U66: 0 | V66: =H66*U66 -> 0 | W66: 0 | X66: =H66*W66 -> 0 | Y66: 100 | Z66: =H66*Y66 -> 70100.337 | AA66: 0 | AB66: =H66*AA66 -> 0 | AC66: 0 | AD66: =H66*AC66 -> 0 | AE66: 0 | AF66: =H66*AE66 -> 0 | AG66: 100 | AH66: =H66*AG66 -> 70100.337 | AI66: 0 | AJ66: =H66*AI66 -> 0 | AK66: 0 | AL66: =H66*AK66 -> 0 | AM66: 0 | AN66: =H66*AM66 -> 0 | AO66: 0 | AP66: =H66*AO66 -> 0 | AQ66: 0 | AR66: =H66*AQ66 -> 0 | AS66: 0 | AT66: =H66*AS66 -> 0 | AU66: 0 | AV66: =H66*AU66 -> 0 | AW66: 0 | AX66: =H66*AW66 -> 0 | AY66: 0 | AZ66: =H66*AY66 -> 0 | BA66: =I66+K66+M66+O66+Q66+S66+U66+W66+Y66+AA66+AC66+AE66+AG66+AI66+AK66+AM66+AO66+AQ66+AS66+AU66+AW66+AY66 -> 200 | BB66: =J66+L66+N66+P66+R66+T66+V66+X66+Z66+AB66+AD66+AF66+AH66+AJ66+AL66+AN66+AP66+AR66+AT66+AV66+AX66+AZ66 -> 140200.67 | BD66: =+H66*BA66 -> 140200.67 | BE66: =+BB66-BD66 -> 0
A67: 53 | B67: 12 | C67: 42142609 | D67: 2584760 | E67: JERINGA DE 1ML, 25 G (3 PARTES) | F67: JERINGA DE 1 CC, COMPUESTA POR CILINDRO Y CUERPO DE CILINDRO, ALAS DE SUJECIÓN, EMBOLO, PISTÓN, DISCO DE EMPUJE Y ESCALA VOLUMÉTRICA; AGUJA HIPODÉRMICA DE 25 G, DE EMPAQUE INDIVIDUAL DE PAPEL MICROPOROSO, PELÍCULA PLÁSTICA, IMPRESIÓN Y LENGÜETAS QUE FACILITEN SU APERTURA | G67: UND | H67: 399.07297 | I67: 0 | J67: =H67*I67 -> 0 | K67: 0 | L67: =H67*K67 -> 0 | M67: 100 | N67: =H67*M67 -> 39907.297 | O67: 0 | P67: =H67*O67 -> 0 | Q67: 0 | R67: =H67*Q67 -> 0 | S67: 0 | T67: =H67*S67 -> 0 | U67: 0 | V67: =H67*U67 -> 0 | W67: 0 | X67: =H67*W67 -> 0 | Y67: 0 | Z67: =H67*Y67 -> 0 | AA67: 0 | AB67: =H67*AA67 -> 0 | AC67: 0 | AD67: =H67*AC67 -> 0 | AE67: 0 | AF67: =H67*AE67 -> 0 | AG67: 0 | AH67: =H67*AG67 -> 0 | AI67: 0 | AJ67: =H67*AI67 -> 0 | AK67: 0 | AL67: =H67*AK67 -> 0 | AM67: 0 | AN67: =H67*AM67 -> 0 | AO67: 0 | AP67: =H67*AO67 -> 0 | AQ67: 0 | AR67: =H67*AQ67 -> 0 | AS67: 0 | AT67: =H67*AS67 -> 0 | AU67: 0 | AV67: =H67*AU67 -> 0 | AW67: 0 | AX67: =H67*AW67 -> 0 | AY67: 0 | AZ67: =H67*AY67 -> 0 | BA67: =I67+K67+M67+O67+Q67+S67+U67+W67+Y67+AA67+AC67+AE67+AG67+AI67+AK67+AM67+AO67+AQ67+AS67+AU67+AW67+AY67 -> 100 | BB67: =J67+L67+N67+P67+R67+T67+V67+X67+Z67+AB67+AD67+AF67+AH67+AJ67+AL67+AN67+AP67+AR67+AT67+AV67+AX67+AZ67 -> 39907.297 | BD67: =+H67*BA67 -> 39907.297 | BE67: =+BB67-BD67 -> 0
A68: 54 | B68: 13 | C68: 42142609 | D68: 2503411 | E68: JERINGA 1ML PARA INSULINA ULTRA FINE 13 MM LARGO (1/2") CALIBRE 30 | F68: JERINGA DE 1 ML, COMPUESTA POR CILINDRO Y CUERPO DE CILINDRO, ALAS DE SUJECIÓN; EMBOLO, PISTÓN, DISCO DE EMPUJE Y ESCALA VOLUMÉTRICA, DE EMPAQUE INDIVIDUAL DE PAPEL MICROPOROSO, PELÍCULA PLÁSTICA, IMPRESIÓN Y LENGÜETAS QUE FACILITEN SU APERTURA - AGUJA ULTRA FINE 13 MM LARGO (1/2") CALIBRE 30 GROSOR | G68: UND | H68: 1545.2817 | I68: 0 | J68: =H68*I68 -> 0 | K68: 0 | L68: =H68*K68 -> 0 | M68: 0 | N68: =H68*M68 -> 0 | O68: 0 | P68: =H68*O68 -> 0 | Q68: 2 | R68: =H68*Q68 -> 3090.5633 | S68: 0 | T68: =H68*S68 -> 0 | U68: 0 | V68: =H68*U68 -> 0 | W68: 0 | X68: =H68*W68 -> 0 | Y68: 0 | Z68: =H68*Y68 -> 0 | AA68: 0 | AB68: =H68*AA68 -> 0 | AC68: 0 | AD68: =H68*AC68 -> 0 | AE68: 300 | AF68: =H68*AE68 -> 463584.5 | AG68: 0 | AH68: =H68*AG68 -> 0 | AI68: 0 | AJ68: =H68*AI68 -> 0 | AK68: 0 | AL68: =H68*AK68 -> 0 | AM68: 0 | AN68: =H68*AM68 -> 0 | AO68: 0 | AP68: =H68*AO68 -> 0 | AQ68: 0 | AR68: =H68*AQ68 -> 0 | AS68: 0 | AT68: =H68*AS68 -> 0 | AU68: 0 | AV68: =H68*AU68 -> 0 | AW68: 0 | AX68: =H68*AW68 -> 0 | AY68: 0 | AZ68: =H68*AY68 -> 0 | BA68: =I68+K68+M68+O68+Q68+S68+U68+W68+Y68+AA68+AC68+AE68+AG68+AI68+AK68+AM68+AO68+AQ68+AS68+AU68+AW68+AY68 -> 302 | BB68: =J68+L68+N68+P68+R68+T68+V68+X68+Z68+AB68+AD68+AF68+AH68+AJ68+AL68+AN68+AP68+AR68+AT68+AV68+AX68+AZ68 -> 466675.06 | BD68: =+H68*BA68 -> 466675.06 | BE68: =+BB68-BD68 -> 0
A69: 55 | B69: 14 | C69: 42142609 | D69: 2501227 | E69: JERINGA 3 ML 21G X 1 1/2 (3 PARTES) | F69: JERINGA DE 3 CC, COMPUESTA POR CILINDRO Y CUERPO DE CILINDRO, ALAS DE SUJECION, EMBOLO, PISTON, DISCO DE EMPUJE Y ESCALA VOLUMETRICA; AGUJA INTEGRADA N° 21 X 1 ½. EMPAQUE INDIVIDUAL DE PAPEL MICROPOROSO, Y/O PLASTICO; ESTERIL GRADO MÉDICO, PELICULA PLASTICA, IMPRESIÓN Y LENGUETAS QUE FACILITEN SU APERTURA. | G69: UND | H69: 356.60356 | I69: 0 | J69: =H69*I69 -> 0 | K69: 0 | L69: =H69*K69 -> 0 | M69: 0 | N69: =H69*M69 -> 0 | O69: 510 | P69: =H69*O69 -> 181867.82 | Q69: 0 | R69: =H69*Q69 -> 0 | S69: 0 | T69: =H69*S69 -> 0 | U69: 300 | V69: =H69*U69 -> 106981.07 | W69: 0 | X69: =H69*W69 -> 0 | Y69: 100 | Z69: =H69*Y69 -> 35660.356 | AA69: 400 | AB69: =H69*AA69 -> 142641.42 | AC69: 0 | AD69: =H69*AC69 -> 0 | AE69: 0 | AF69: =H69*AE69 -> 0 | AG69: 300 | AH69: =H69*AG69 -> 106981.07 | AI69: 0 | AJ69: =H69*AI69 -> 0 | AK69: 1000 | AL69: =H69*AK69 -> 356603.56 | AM69: 0 | AN69: =H69*AM69 -> 0 | AO69: 0 | AP69: =H69*AO69 -> 0 | AQ69: 50 | AR69: =H69*AQ69 -> 17830.178 | AS69: 0 | AT69: =H69*AS69 -> 0 | AU69: 0 | AV69: =H69*AU69 -> 0 | AW69: 200 | AX69: =H69*AW69 -> 71320.712 | AY69: 100 | AZ69: =H69*AY69 -> 35660.356 | BA69: =I69+K69+M69+O69+Q69+S69+U69+W69+Y69+AA69+AC69+AE69+AG69+AI69+AK69+AM69+AO69+AQ69+AS69+AU69+AW69+AY69 -> 2960 | BB69: =J69+L69+N69+P69+R69+T69+V69+X69+Z69+AB69+AD69+AF69+AH69+AJ69+AL69+AN69+AP69+AR69+AT69+AV69+AX69+AZ69 -> 1055546.5 | BD69: =+H69*BA69 -> 1055546.5 | BE69: =+BB69-BD69 -> 0
A70: 56 | B70: 15 | C70: 42142609 | D70: 2501228 | E70: JERINGA 5 ML 21G X 1 1/2 (3 PARTES) | F70: JERINGA DE 5 CC, COMPUESTA POR CILINDRO Y CUERPO DE CILINDRO, ALAS DE SUJECION, EMBOLO, PISTON, DISCO DE EMPUJE Y ESCALA VOLUMETRICA; AGUJA INTEGRADA N° 21. EMPAQUE INDIVIDUAL DE PAPEL MICROPOROSO, Y/O PLASTICO; ESTERIL GRADO MÉDICO, PELICULA PLASTICA, IMPRESIÓN Y LENGUETAS QUE FACILITEN SU APERTURA. | G70: UND | H70: 436.37251 | I70: 700 | J70: =H70*I70 -> 305460.76 | K70: 150 | L70: =H70*K70 -> 65455.877 | M70: 500 | N70: =H70*M70 -> 218186.26 | O70: 500 | P70: =H70*O70 -> 218186.26 | Q70: 0 | R70: =H70*Q70 -> 0 | S70: 200 | T70: =H70*S70 -> 87274.502 | U70: 200 | V70: =H70*U70 -> 87274.502 | W70: 200 | X70: =H70*W70 -> 87274.502 | Y70: 0 | Z70: =H70*Y70 -> 0 | AA70: 450 | AB70: =H70*AA70 -> 196367.63 | AC70: 200 | AD70: =H70*AC70 -> 87274.502 | AE70: 50 | AF70: =H70*AE70 -> 21818.626 | AG70: 500 | AH70: =H70*AG70 -> 218186.26 | AI70: 700 | AJ70: =H70*AI70 -> 305460.76 | AK70: 1000 | AL70: =H70*AK70 -> 436372.51 | AM70: 0 | AN70: =H70*AM70 -> 0 | AO70: 200 | AP70: =H70*AO70 -> 87274.502 | AQ70: 50 | AR70: =H70*AQ70 -> 21818.626 | AS70: 230 | AT70: =H70*AS70 -> 100365.68 | AU70: 0 | AV70: =H70*AU70 -> 0 | AW70: 300 | AX70: =H70*AW70 -> 130911.75 | AY70: 200 | AZ70: =H70*AY70 -> 87274.502 | BA70: =I70+K70+M70+O70+Q70+S70+U70+W70+Y70+AA70+AC70+AE70+AG70+AI70+AK70+AM70+AO70+AQ70+AS70+AU70+AW70+AY70 -> 6330 | BB70: =J70+L70+N70+P70+R70+T70+V70+X70+Z70+AB70+AD70+AF70+AH70+AJ70+AL70+AN70+AP70+AR70+AT70+AV70+AX70+AZ70 -> 2762238 | BD70: =+H70*BA70 -> 2762238 | BE70: =+BB70-BD70 -> 0
A71: 57 | B71: 16 | C71: 42142609 | D71: 2500001 | E71: JERINGA 10 ML 21G X 1 1/2 (3 PARTES) | F71: JERINGA DE 10 CC, COMPUESTA POR CILINDRO Y CUERPO DE CILINDRO, ALAS DE SUJECION, EMBOLO, PISTON, DISCO DE EMPUJE Y ESCALA VOLUMETRICA; AGUJA INTEGRADA N° 21. EMPAQUE INDIVIDUAL DE PAPEL MICROPOROSO, Y/O PLASTICO; ESTERIL GRADO MÉDICO, PELICULA PLASTICA, IMPRESIÓN Y LENGUETAS QUE FACILITEN SU APERTURA. | G71: UND | H71: 531.81416 | I71: 1000 | J71: =H71*I71 -> 531814.16 | K71: 5 | L71: =H71*K71 -> 2659.0708 | M71: 100 | N71: =H71*M71 -> 53181.416 | O71: 500 | P71: =H71*O71 -> 265907.08 | Q71: 0 | R71: =H71*Q71 -> 0 | S71: 250 | T71: =H71*S71 -> 132953.54 | U71: 200 | V71: =H71*U71 -> 106362.83 | W71: 100 | X71: =H71*W71 -> 53181.416 | Y71: 200 | Z71: =H71*Y71 -> 106362.83 | AA71: 450 | AB71: =H71*AA71 -> 239316.37 | AC71: 150 | AD71: =H71*AC71 -> 79772.124 | AE71: 100 | AF71: =H71*AE71 -> 53181.416 | AG71: 500 | AH71: =H71*AG71 -> 265907.08 | AI71: 700 | AJ71: =H71*AI71 -> 372269.91 | AK71: 0 | AL71: =H71*AK71 -> 0 | AM71: 0 | AN71: =H71*AM71 -> 0 | AO71: 400 | AP71: =H71*AO71 -> 212725.66 | AQ71: 50 | AR71: =H71*AQ71 -> 26590.708 | AS71: 0 | AT71: =H71*AS71 -> 0 | AU71: 0 | AV71: =H71*AU71 -> 0 | AW71: 800 | AX71: =H71*AW71 -> 425451.33 | AY71: 300 | AZ71: =H71*AY71 -> 159544.25 | BA71: =I71+K71+M71+O71+Q71+S71+U71+W71+Y71+AA71+AC71+AE71+AG71+AI71+AK71+AM71+AO71+AQ71+AS71+AU71+AW71+AY71 -> 5805 | BB71: =J71+L71+N71+P71+R71+T71+V71+X71+Z71+AB71+AD71+AF71+AH71+AJ71+AL71+AN71+AP71+AR71+AT71+AV71+AX71+AZ71 -> 3087181.2 | BD71: =+H71*BA71 -> 3087181.2 | BE71: =+BB71-BD71 -> 0
A72: 58 | B72: 17 | C72: 42142609 | D72: 2502243 | E72: JERINGA 20 ML 21G 1 1/2 | F72: JERINGA DE 20 CC, COMPUESTA POR CILINDRO Y CUERPO DE CILINDRO, ALAS DE SUJECION, EMBOLO, PISTON, DISCO DE EMPUJE Y ESCALA VOLUMETRICA; AGUJA INTEGRADA N° 21. EMPAQUE INDIVIDUAL DE PAPEL MICROPOROSO, Y/O PLASTICO; ESTERIL GRADO MÉDICO, PELICULA PLASTICA, IMPRESIÓN Y LENGUETAS QUE FACILITEN SU APERTURA. | G72: UND | H72: 768.13836 | I72: 300 | J72: =H72*I72 -> 230441.51 | K72: 10 | L72: =H72*K72 -> 7681.3836 | M72: 50 | N72: =H72*M72 -> 38406.918 | O72: 0 | P72: =H72*O72 -> 0 | Q72: 0 | R72: =H72*Q72 -> 0 | S72: 0 | T72: =H72*S72 -> 0 | U72: 0 | V72: =H72*U72 -> 0 | W72: 0 | X72: =H72*W72 -> 0 | Y72: 0 | Z72: =H72*Y72 -> 0 | AA72: 150 | AB72: =H72*AA72 -> 115220.75 | AC72: 0 | AD72: =H72*AC72 -> 0 | AE72: 0 | AF72: =H72*AE72 -> 0 | AG72: 200 | AH72: =H72*AG72 -> 153627.67 | AI72: 0 | AJ72: =H72*AI72 -> 0 | AK72: 0 | AL72: =H72*AK72 -> 0 | AM72: 0 | AN72: =H72*AM72 -> 0 | AO72: 0 | AP72: =H72*AO72 -> 0 | AQ72: 50 | AR72: =H72*AQ72 -> 38406.918 | AS72: 30 | AT72: =H72*AS72 -> 23044.151 | AU72: 0 | AV72: =H72*AU72 -> 0 | AW72: 0 | AX72: =H72*AW72 -> 0 | AY72: 200 | AZ72: =H72*AY72 -> 153627.67 | BA72: =I72+K72+M72+O72+Q72+S72+U72+W72+Y72+AA72+AC72+AE72+AG72+AI72+AK72+AM72+AO72+AQ72+AS72+AU72+AW72+AY72 -> 990 | BB72: =J72+L72+N72+P72+R72+T72+V72+X72+Z72+AB72+AD72+AF72+AH72+AJ72+AL72+AN72+AP72+AR72+AT72+AV72+AX72+AZ72 -> 760456.98 | BD72: =+H72*BA72 -> 760456.98 | BE72: =+BB72-BD72 -> 0
A73: 59 | B73: 18 | C73: 42142609 | D73: 2584110 | E73: JERINGA 50CC (3 PARTES) | F73: JERINGA DE 50 CC, COMPUESTA POR CILINDRO Y CUERPO DE CILINDRO, ALAS DE SUJECION, EMBOLO, PISTON, DISCO DE EMPUJE Y ESCALA VOLUMETRICA; AGUJA INTEGRADA N° 21. EMPAQUE INDIVIDUAL DE PAPEL MICROPOROSO, Y/O PLASTICO; ESTERIL GRADO MÉDICO, PELICULA PLASTICA, IMPRESIÓN Y LENGUETAS QUE FACILITEN SU APERTURA. | G73: UND | H73: 1756.8649 | I73: 50 | J73: =H73*I73 -> 87843.244 | K73: 5 | L73: =H73*K73 -> 8784.3244 | M73: 0 | N73: =H73*M73 -> 0 | O73: 0 | P73: =H73*O73 -> 0 | Q73: 0 | R73: =H73*Q73 -> 0 | S73: 0 | T73: =H73*S73 -> 0 | U73: 0 | V73: =H73*U73 -> 0 | W73: 0 | X73: =H73*W73 -> 0 | Y73: 0 | Z73: =H73*Y73 -> 0 | AA73: 0 | AB73: =H73*AA73 -> 0 | AC73: 0 | AD73: =H73*AC73 -> 0 | AE73: 0 | AF73: =H73*AE73 -> 0 | AG73: 50 | AH73: =H73*AG73 -> 87843.244 | AI73: 0 | AJ73: =H73*AI73 -> 0 | AK73: 0 | AL73: =H73*AK73 -> 0 | AM73: 0 | AN73: =H73*AM73 -> 0 | AO73: 0 | AP73: =H73*AO73 -> 0 | AQ73: 10 | AR73: =H73*AQ73 -> 17568.649 | AS73: 0 | AT73: =H73*AS73 -> 0 | AU73: 0 | AV73: =H73*AU73 -> 0 | AW73: 10 | AX73: =H73*AW73 -> 17568.649 | AY73: 0 | AZ73: =H73*AY73 -> 0 | BA73: =I73+K73+M73+O73+Q73+S73+U73+W73+Y73+AA73+AC73+AE73+AG73+AI73+AK73+AM73+AO73+AQ73+AS73+AU73+AW73+AY73 -> 125 | BB73: =J73+L73+N73+P73+R73+T73+V73+X73+Z73+AB73+AD73+AF73+AH73+AJ73+AL73+AN73+AP73+AR73+AT73+AV73+AX73+AZ73 -> 219608.11 | BD73: =+H73*BA73 -> 219608.11 | BE73: =+BB73-BD73 -> 0
A74: 60 | B74: 19 | C74: 42142502 | D74: 2505439 | E74: AGUJA ESPINAL No. 26 PARA ANESTESIA REGIONAL SUBARACNOIDEA | F74: AGUJA ESPINAL No. 26 PARA ANESTESIA REGIONAL SUBARACNOIDEA, EN EMPAQUE ESTERIL GRADO MEDICO. TRANSPARENTE CON BISEL, CAMARA TRANSPARENTE. | G74: CAJA X 25 | H74: 548686.53 | I74: 2 | J74: =H74*I74 -> 1097373.1 | K74: 0 | L74: =H74*K74 -> 0 | M74: 0 | N74: =H74*M74 -> 0 | O74: 0 | P74: =H74*O74 -> 0 | Q74: 0 | R74: =H74*Q74 -> 0 | S74: 0 | T74: =H74*S74 -> 0 | U74: 0 | V74: =H74*U74 -> 0 | W74: 0 | X74: =H74*W74 -> 0 | Y74: 0 | Z74: =H74*Y74 -> 0 | AA74: 0 | AB74: =H74*AA74 -> 0 | AC74: 0 | AD74: =H74*AC74 -> 0 | AE74: 0 | AF74: =H74*AE74 -> 0 | AG74: 0 | AH74: =H74*AG74 -> 0 | AI74: 0 | AJ74: =H74*AI74 -> 0 | AK74: 0 | AL74: =H74*AK74 -> 0 | AM74: 0 | AN74: =H74*AM74 -> 0 | AO74: 0 | AP74: =H74*AO74 -> 0 | AQ74: 0 | AR74: =H74*AQ74 -> 0 | AS74: 0 | AT74: =H74*AS74 -> 0 | AU74: 0 | AV74: =H74*AU74 -> 0 | AW74: 0 | AX74: =H74*AW74 -> 0 | AY74: 0 | AZ74: =H74*AY74 -> 0 | BA74: =I74+K74+M74+O74+Q74+S74+U74+W74+Y74+AA74+AC74+AE74+AG74+AI74+AK74+AM74+AO74+AQ74+AS74+AU74+AW74+AY74 -> 2 | BB74: =J74+L74+N74+P74+R74+T74+V74+X74+Z74+AB74+AD74+AF74+AH74+AJ74+AL74+AN74+AP74+AR74+AT74+AV74+AX74+AZ74 -> 1097373.1 | BD74: =+H74*BA74 -> 1097373.1 | BE74: =+BB74-BD74 -> 0
A75: 61 | B75: 20 | C75: 42142502 | D75: 2505439 | E75: AGUJA ESPINAL No. 27 PARA ANESTESIA REGIONAL SUBARACNOIDEA | F75: AGUJA ESPINAL No. 27 PARA ANESTESIA REGIONAL SUBARACNOIDEA. EN EMPAQUE ESTERIL GRADO MEDICO. TRANSPARENTE CON BISEL CAMARA TRANSPARENTE | G75: CAJA X 25 | H75: 506793.78 | I75: 2 | J75: =H75*I75 -> 1013587.6 | K75: 0 | L75: =H75*K75 -> 0 | M75: 0 | N75: =H75*M75 -> 0 | O75: 0 | P75: =H75*O75 -> 0 | Q75: 0 | R75: =H75*Q75 -> 0 | S75: 0 | T75: =H75*S75 -> 0 | U75: 0 | V75: =H75*U75 -> 0 | W75: 0 | X75: =H75*W75 -> 0 | Y75: 0 | Z75: =H75*Y75 -> 0 | AA75: 0 | AB75: =H75*AA75 -> 0 | AC75: 0 | AD75: =H75*AC75 -> 0 | AE75: 0 | AF75: =H75*AE75 -> 0 | AG75: 0 | AH75: =H75*AG75 -> 0 | AI75: 0 | AJ75: =H75*AI75 -> 0 | AK75: 0 | AL75: =H75*AK75 -> 0 | AM75: 0 | AN75: =H75*AM75 -> 0 | AO75: 0 | AP75: =H75*AO75 -> 0 | AQ75: 0 | AR75: =H75*AQ75 -> 0 | AS75: 0 | AT75: =H75*AS75 -> 0 | AU75: 0 | AV75: =H75*AU75 -> 0 | AW75: 0 | AX75: =H75*AW75 -> 0 | AY75: 0 | AZ75: =H75*AY75 -> 0 | BA75: =I75+K75+M75+O75+Q75+S75+U75+W75+Y75+AA75+AC75+AE75+AG75+AI75+AK75+AM75+AO75+AQ75+AS75+AU75+AW75+AY75 -> 2 | BB75: =J75+L75+N75+P75+R75+T75+V75+X75+Z75+AB75+AD75+AF75+AH75+AJ75+AL75+AN75+AP75+AR75+AT75+AV75+AX75+AZ75 -> 1013587.6 | BD75: =+H75*BA75 -> 1013587.6 | BE75: =+BB75-BD75 -> 0
A76: VALOR GRUPO 6. CORTOPUNZANTES | I76: =SUM(I56:I75) -> 3189 | J76: =SUM(J56:J75) -> 7634131.6 | K76: =SUM(K56:K75) -> 245 | L76: =SUM(L56:L75) -> 360741.23 | M76: =SUM(M56:M75) -> 1649 | N76: =SUM(N56:N75) -> 2263544.2 | O76: =SUM(O56:O75) -> 1610 | P76: =SUM(P56:P75) -> 1036570.3 | ... AZ76: =SUM(AZ56:AZ75) -> 887332.47 | BA76: =I76+K76+M76+O76+Q76+S76+U76+W76+Y76+AA76+AC76+AE76+AG76+AI76+AK76+AM76+AO76+AQ76+AS76+AU76+AW76+AY76 -> 25365 | BB76: =J76+L76+N76+P76+R76+T76+V76+X76+Z76+AB76+AD76+AF76+AH76+AJ76+AL76+AN76+AP76+AR76+AT76+AV76+AX76+AZ76 -> 37414397 | BC76: =SUM(BB56:BB75) -> 37414397 | BD76: =SUM(BD56:BD75) -> 37414397 | BE76: =+BB76-BD76 -> 0
A77: GRUPO No.7 SUTURAS | H77: VALOR | I77: DMBOG | K77: BIM12 | M77: BTURA | O77: TURBO | Q77: PUERTO LOPEZ | S77: BARRANCABERMEJA | U77: BAHIA MALAGA | W77: BAHIA SOLANO | Y77: PTO CARREÑO | AA77: GUAPI | AC77: YATI | AE77: LETICIA | AG77: HONAL | AI77: MALAGANA | AK77: SAN ANDRES | AM77: COVEÑAS | AO77: TUMACO | AQ77: INIRIDA | AS77: ENAP | AU77: ENSB | AW77: COROZAL | AY77: ARAUCA | BA77: CANTIDAD
A78: 62 | B78: 1 | C78: 42292904 | D78: 2500766 | E78: MONOFILAMENTO DE POLIPROPILENO 0 AGUJA PUNTA REDONDA MEDIO CIRCULO DE 24MM HASTA 26MM LONG HEBRA 75CM | F78: SUTURA DE POLIPROPILENO TEÑIDO, ESTERIL NO ABSORBIBLE COMPUESTA POR UN ESTEREOISOMERO CRISTALINO ISOTÁCTICO DE POLIPROPILENO Y UNA POLIOLEFINA LINEAL SINTETICA, AZUL MONOFILAMENTO, CALIBRE 0, LONGITUD DE 75CM, AGUJA CURVA MEDIANA AHUSADA (CONT) FUERTE DE 1/2 CIRC, MONOFILAMENTO DE POLIPROPILENO 0 AGUJA PUNTA REDONDA MEDIO CIRCULO de 24 a 26MM LONG HEBRA 75CM | G78: SOBRE/UND | H78: 14176.27 | I78: 48 | J78: =H78*I78 -> 680460.98 | K78: 0 | L78: =H78*K78 -> 0 | M78: 0 | N78: =H78*M78 -> 0 | O78: 0 | P78: =H78*O78 -> 0 | Q78: 0 | R78: =H78*Q78 -> 0 | S78: 0 | T78: =H78*S78 -> 0 | U78: 0 | V78: =H78*U78 -> 0 | W78: 0 | X78: =H78*W78 -> 0 | Y78: 0 | Z78: =H78*Y78 -> 0 | AA78: 0 | AB78: =H78*AA78 -> 0 | AC78: 0 | AD78: =H78*AC78 -> 0 | AE78: 0 | AF78: =H78*AE78 -> 0 | AG78: 0 | AH78: =H78*AG78 -> 0 | AI78: 0 | AJ78: =H78*AI78 -> 0 | AK78: 0 | AL78: =H78*AK78 -> 0 | AM78: 0 | AN78: =H78*AM78 -> 0 | AO78: 0 | AP78: =H78*AO78 -> 0 | AQ78: 0 | AR78: =H78*AQ78 -> 0 | AS78: 0 | AT78: =H78*AS78 -> 0 | AU78: 0 | AV78: =H78*AU78 -> 0 | AW78: 0 | AX78: =H78*AW78 -> 0 | AY78: 0 | AZ78: =H78*AY78 -> 0 | BA78: =I78+K78+M78+O78+Q78+S78+U78+W78+Y78+AA78+AC78+AE78+AG78+AI78+AK78+AM78+AO78+AQ78+AS78+AU78+AW78+AY78 -> 48 | BB78: =J78+L78+N78+P78+R78+T78+V78+X78+Z78+AB78+AD78+AF78+AH78+AJ78+AL78+AN78+AP78+AR78+AT78+AV78+AX78+AZ78 -> 680460.98 | BD78: =+H78*BA78 -> 680460.98 | BE78: =+BB78-BD78 -> 0
A79: 63 | B79: 2 | C79: 42292904 | D79: 2500771 | E79: POLIPROPILENO MONOFILAMENTO 2/0 | F79: POLIPROPILENO MONOFILAMENTO 2/0: SUTURA DE POLIPROPILENO TEÑIDO, ESTERIL NO ABSORBIBLE COMPUESTA POR UN ESTEREOISOMERO CRISTALINO ISOTÁCTICO DE POLIPROPILENO Y UNA POLIOLEFINA LINEAL SINTETICA, AZUL MONOFILAMENTO, CALIBRE 2/0 , AGUJA REVERSO CORTANTE RECTADE 60MM LONGITUD DE LA HEBRA DE 75 MM EMPAQUE PRIMARIO Y SECUNDARIO DEBEN SER SEGURO Y ERGONOMICO,LA SILUETA DE LA AGUJA MOSTRADA EN EL EMPAQUE DEBE SER LA DEL TAMAÑO REAL,EL ENSAMBLE DE LA AGUJA AL MATERIAL DE SUTURA DEBE SER FIRME,EMPAQUE QUE PERMITA MINIMA MEMORIA DE LA SUTURA. | G79: SOBRE/UND | H79: 15888.259 | I79: 0 | J79: =H79*I79 -> 0 | K79: 0 | L79: =H79*K79 -> 0 | M79: 0 | N79: =H79*M79 -> 0 | O79: 0 | P79: =H79*O79 -> 0 | Q79: 0 | R79: =H79*Q79 -> 0 | S79: 0 | T79: =H79*S79 -> 0 | U79: 0 | V79: =H79*U79 -> 0 | W79: 0 | X79: =H79*W79 -> 0 | Y79: 0 | Z79: =H79*Y79 -> 0 | AA79: 0 | AB79: =H79*AA79 -> 0 | AC79: 0 | AD79: =H79*AC79 -> 0 | AE79: 0 | AF79: =H79*AE79 -> 0 | AG79: 0 | AH79: =H79*AG79 -> 0 | AI79: 0 | AJ79: =H79*AI79 -> 0 | AK79: 0 | AL79: =H79*AK79 -> 0 | AM79: 0 | AN79: =H79*AM79 -> 0 | AO79: 0 | AP79: =H79*AO79 -> 0 | AQ79: 0 | AR79: =H79*AQ79 -> 0 | AS79: 10 | AT79: =H79*AS79 -> 158882.59 | AU79: 0 | AV79: =H79*AU79 -> 0 | AW79: 0 | AX79: =H79*AW79 -> 0 | AY79: 0 | AZ79: =H79*AY79 -> 0 | BA79: =I79+K79+M79+O79+Q79+S79+U79+W79+Y79+AA79+AC79+AE79+AG79+AI79+AK79+AM79+AO79+AQ79+AS79+AU79+AW79+AY79 -> 10 | BB79: =J79+L79+N79+P79+R79+T79+V79+X79+Z79+AB79+AD79+AF79+AH79+AJ79+AL79+AN79+AP79+AR79+AT79+AV79+AX79+AZ79 -> 158882.59 | BD79: =+H79*BA79 -> 158882.59 | BE79: =+BB79-BD79 -> 0
A80: 64 | B80: 3 | C80: 42292904 | D80: 2500772 | E80: MONOFILAMENTO DE POLIPROPILENO 2-0, CON AGUJA 1/2 DE CIRCULO REDONDA | F80: SUTURA DE POLIPROPILENO, ESTERIL NO ABSORBIBLE COMPUESTA POR UN ESTEREOISOMERO CRISTALINO ISOTÁCTICO DE POLIPROPILENO Y UNA POLIOLEFINA LINEAL SINTETICA, AZUL MONOFILAMENTO. CON AGUJA DE 1/2 DE CIRCULO REDONDA DE 34 A 37 MM, CON UNA HEBRA DE MINIMO 40 CMS DE LONGITUD. | G80: SOBRE/UND | H80: 13599.329 | I80: 0 | J80: =H80*I80 -> 0 | K80: 0 | L80: =H80*K80 -> 0 | M80: 0 | N80: =H80*M80 -> 0 | O80: 0 | P80: =H80*O80 -> 0 | Q80: 0 | R80: =H80*Q80 -> 0 | S80: 0 | T80: =H80*S80 -> 0 | U80: 0 | V80: =H80*U80 -> 0 | W80: 0 | X80: =H80*W80 -> 0 | Y80: 0 | Z80: =H80*Y80 -> 0 | AA80: 0 | AB80: =H80*AA80 -> 0 | AC80: 0 | AD80: =H80*AC80 -> 0 | AE80: 3 | AF80: =H80*AE80 -> 40797.987 | AG80: 0 | AH80: =H80*AG80 -> 0 | AI80: 0 | AJ80: =H80*AI80 -> 0 | AK80: 0 | AL80: =H80*AK80 -> 0 | AM80: 0 | AN80: =H80*AM80 -> 0 | AO80: 0 | AP80: =H80*AO80 -> 0 | AQ80: 0 | AR80: =H80*AQ80 -> 0 | AS80: 0 | AT80: =H80*AS80 -> 0 | AU80: 0 | AV80: =H80*AU80 -> 0 | AW80: 0 | AX80: =H80*AW80 -> 0 | AY80: 0 | AZ80: =H80*AY80 -> 0 | BA80: =I80+K80+M80+O80+Q80+S80+U80+W80+Y80+AA80+AC80+AE80+AG80+AI80+AK80+AM80+AO80+AQ80+AS80+AU80+AW80+AY80 -> 3 | BB80: =J80+L80+N80+P80+R80+T80+V80+X80+Z80+AB80+AD80+AF80+AH80+AJ80+AL80+AN80+AP80+AR80+AT80+AV80+AX80+AZ80 -> 40797.987 | BD80: =+H80*BA80 -> 40797.987 | BE80: =+BB80-BD80 -> 0
A81: 65 | B81: 4 | C81: 42292904 | D81: 2500776 | E81: MONOFILAMENTO DE POLIPROPILENO 3-0 AGUJA PUNTA CORTANTE DE 3/8 DE CIRCULO CORTANTE DE 24MM HASTA 26MM LONG HEBRA 45 HASTA 75CM | F81: SUTURA DE POLIPROPILENO TEÑIDO, ESTERIL NO ABSORBIBLE COMPUESTA POR UN ESTEREOISOMERO CRISTALINO ISOTÁCTICO DE POLIPROPILENO Y UNA POLIOLEFINA LINEAL SINTETICA, AZUL MONOFILAMENTO, CALIBRE 3/0 LONGITUD DE 45 HASTA 75CM, AGUJA CURVA REVERSO CORTANTE DE 3/8 CIRCULO | G81: SOBRE/UND | H81: 13885.564 | I81: 10 | J81: =H81*I81 -> 138855.64 | K81: 11 | L81: =H81*K81 -> 152741.21 | M81: 0 | N81: =H81*M81 -> 0 | O81: 0 | P81: =H81*O81 -> 0 | Q81: 0 | R81: =H81*Q81 -> 0 | S81: 10 | T81: =H81*S81 -> 138855.64 | U81: 0 | V81: =H81*U81 -> 0 | W81: 0 | X81: =H81*W81 -> 0 | Y81: 0 | Z81: =H81*Y81 -> 0 | AA81: 0 | AB81: =H81*AA81 -> 0 | AC81: 0 | AD81: =H81*AC81 -> 0 | AE81: 2 | AF81: =H81*AE81 -> 27771.128 | AG81: 10 | AH81: =H81*AG81 -> 138855.64 | AI81: 0 | AJ81: =H81*AI81 -> 0 | AK81: 0 | AL81: =H81*AK81 -> 0 | AM81: 0 | AN81: =H81*AM81 -> 0 | AO81: 5 | AP81: =H81*AO81 -> 69427.821 | AQ81: 0 | AR81: =H81*AQ81 -> 0 | AS81: 10 | AT81: =H81*AS81 -> 138855.64 | AU81: 0 | AV81: =H81*AU81 -> 0 | AW81: 0 | AX81: =H81*AW81 -> 0 | AY81: 0 | AZ81: =H81*AY81 -> 0 | BA81: =I81+K81+M81+O81+Q81+S81+U81+W81+Y81+AA81+AC81+AE81+AG81+AI81+AK81+AM81+AO81+AQ81+AS81+AU81+AW81+AY81 -> 58 | BB81: =J81+L81+N81+P81+R81+T81+V81+X81+Z81+AB81+AD81+AF81+AH81+AJ81+AL81+AN81+AP81+AR81+AT81+AV81+AX81+AZ81 -> 805362.72 | BD81: =+H81*BA81 -> 805362.72 | BE81: =+BB81-BD81 -> 0
A82: 66 | B82: 5 | C82: 42292904 | D82: 2500782 | E82: MONOFILAMENTO DE POLIPROPILENO 4-0 AGUJA PUNTA REVERSO CORTANTE DE 3/8 DE CIRCULO DESDE 19 MM HASTA 20MM LONG HEBRA 45 HASTA 75CM | F82: SUTURA DE POLIPROPILENO TEÑIDO, ESTERIL NO ABSORBIBLE COMPUESTA POR UN ESTEREOISOMERO CRISTALINO ISOTÁCTICO DE POLIPROPILENO Y UNA POLIOLEFINA LINEAL SINTETICA, AZUL MONOFILAMENTO, CALIBRE 4-0 LONGITUD DE 45 HASTA 75CM, AGUJA CURVA PEQUEÑA CORTANTE DE 3/8 CIRCULO | G82: SOBRE/UND | H82: 14872.429 | I82: 48 | J82: =H82*I82 -> 713876.6 | K82: 8 | L82: =H82*K82 -> 118979.43 | M82: 0 | N82: =H82*M82 -> 0 | O82: 0 | P82: =H82*O82 -> 0 | Q82: 0 | R82: =H82*Q82 -> 0 | S82: 10 | T82: =H82*S82 -> 148724.29 | U82: 0 | V82: =H82*U82 -> 0 | W82: 0 | X82: =H82*W82 -> 0 | Y82: 0 | Z82: =H82*Y82 -> 0 | AA82: 0 | AB82: =H82*AA82 -> 0 | AC82: 0 | AD82: =H82*AC82 -> 0 | AE82: 2 | AF82: =H82*AE82 -> 29744.858 | AG82: 10 | AH82: =H82*AG82 -> 148724.29 | AI82: 0 | AJ82: =H82*AI82 -> 0 | AK82: 0 | AL82: =H82*AK82 -> 0 | AM82: 0 | AN82: =H82*AM82 -> 0 | AO82: 8 | AP82: =H82*AO82 -> 118979.43 | AQ82: 0 | AR82: =H82*AQ82 -> 0 | AS82: 10 | AT82: =H82*AS82 -> 148724.29 | AU82: 0 | AV82: =H82*AU82 -> 0 | AW82: 0 | AX82: =H82*AW82 -> 0 | AY82: 0 | AZ82: =H82*AY82 -> 0 | BA82: =I82+K82+M82+O82+Q82+S82+U82+W82+Y82+AA82+AC82+AE82+AG82+AI82+AK82+AM82+AO82+AQ82+AS82+AU82+AW82+AY82 -> 96 | BB82: =J82+L82+N82+P82+R82+T82+V82+X82+Z82+AB82+AD82+AF82+AH82+AJ82+AL82+AN82+AP82+AR82+AT82+AV82+AX82+AZ82 -> 1427753.2 | BD82: =+H82*BA82 -> 1427753.2 | BE82: =+BB82-BD82 -> 0
A83: 67 | B83: 6 | C83: 42292904 | D83: 2582856 | E83: MONOFILAMENTO DE POLIPROPILENO 5-0 AGUJA PUNTA REVERSO CORTANTE DE 3/8 DE CIRCULO HASTA 16MM LONG HEBRA 45 HASTA 75CM | F83: SUTURA DE POLIPROPILENO TEÑIDO, ESTERIL NO ABSORBIBLE COMPUESTA POR UN ESTEREOISOMERO CRISTALINO ISOTÁCTICO DE POLIPROPILENO Y UNA POLIOLEFINA LINEAL SINTETICA, AZUL MONOFILAMENTO, CALIBRE 5-0 LONGITUD DE 45 HASTA 75CM, AGUJA CURVA PEQUEÑA CORTANTE DE 3/8 CIRCULO | G83: SOBRE/UND | H83: 14753.86 | I83: 24 | J83: =H83*I83 -> 354092.64 | K83: 0 | L83: =H83*K83 -> 0 | M83: 0 | N83: =H83*M83 -> 0 | O83: 0 | P83: =H83*O83 -> 0 | Q83: 0 | R83: =H83*Q83 -> 0 | S83: 0 | T83: =H83*S83 -> 0 | U83: 0 | V83: =H83*U83 -> 0 | W83: 0 | X83: =H83*W83 -> 0 | Y83: 0 | Z83: =H83*Y83 -> 0 | AA83: 0 | AB83: =H83*AA83 -> 0 | AC83: 0 | AD83: =H83*AC83 -> 0 | AE83: 2 | AF83: =H83*AE83 -> 29507.72 | AG83: 0 | AH83: =H83*AG83 -> 0 | AI83: 0 | AJ83: =H83*AI83 -> 0 | AK83: 0 | AL83: =H83*AK83 -> 0 | AM83: 0 | AN83: =H83*AM83 -> 0 | AO83: 5 | AP83: =H83*AO83 -> 73769.301 | AQ83: 0 | AR83: =H83*AQ83 -> 0 | AS83: 10 | AT83: =H83*AS83 -> 147538.6 | AU83: 0 | AV83: =H83*AU83 -> 0 | AW83: 0 | AX83: =H83*AW83 -> 0 | AY83: 0 | AZ83: =H83*AY83 -> 0 | BA83: =I83+K83+M83+O83+Q83+S83+U83+W83+Y83+AA83+AC83+AE83+AG83+AI83+AK83+AM83+AO83+AQ83+AS83+AU83+AW83+AY83 -> 41 | BB83: =J83+L83+N83+P83+R83+T83+V83+X83+Z83+AB83+AD83+AF83+AH83+AJ83+AL83+AN83+AP83+AR83+AT83+AV83+AX83+AZ83 -> 604908.27 | BD83: =+H83*BA83 -> 604908.27 | BE83: =+BB83-BD83 -> 0
A84: 68 | B84: 7 | C84: 42292904 | D84: 2500747 | E84: POLIGLACTINA 3-0 CON O SIN RECUBRIMIENTO ANTIBACTERIAL MULTIFILAMENTO SINTETICO ABSORBIBLE TRENZADO CON AGUJA PUNTA REDONDA AHUSADA DE MEDIO CIRCULO HASTA 26 MM LONG HEBRA 70 HASTA 90CM | F84: SUTURA ESTERIL, SINTETICA ABSORBIBLE POLIGLACTINA 910 CON O SIN RECUBRIMIENTO DE ANTIBACTERIAL, VIOLETA TENZADO, CALIBRE 3-0 LONGITUD DE 70 HASTA 90CM, CON AGUJA CURVA MEDIANA REDONDA 1/2 CIRCULO HASTA 26MM | G84: SOBRE/UND | H84: 24257.09 | I84: 0 | J84: =H84*I84 -> 0 | K84: 0 | L84: =H84*K84 -> 0 | M84: 0 | N84: =H84*M84 -> 0 | O84: 0 | P84: =H84*O84 -> 0 | Q84: 0 | R84: =H84*Q84 -> 0 | S84: 0 | T84: =H84*S84 -> 0 | U84: 0 | V84: =H84*U84 -> 0 | W84: 0 | X84: =H84*W84 -> 0 | Y84: 0 | Z84: =H84*Y84 -> 0 | AA84: 0 | AB84: =H84*AA84 -> 0 | AC84: 2 | AD84: =H84*AC84 -> 48514.179 | AE84: 0 | AF84: =H84*AE84 -> 0 | AG84: 0 | AH84: =H84*AG84 -> 0 | AI84: 0 | AJ84: =H84*AI84 -> 0 | AK84: 0 | AL84: =H84*AK84 -> 0 | AM84: 0 | AN84: =H84*AM84 -> 0 | AO84: 0 | AP84: =H84*AO84 -> 0 | AQ84: 0 | AR84: =H84*AQ84 -> 0 | AS84: 0 | AT84: =H84*AS84 -> 0 | AU84: 0 | AV84: =H84*AU84 -> 0 | AW84: 10 | AX84: =H84*AW84 -> 242570.9 | AY84: 0 | AZ84: =H84*AY84 -> 0 | BA84: =I84+K84+M84+O84+Q84+S84+U84+W84+Y84+AA84+AC84+AE84+AG84+AI84+AK84+AM84+AO84+AQ84+AS84+AU84+AW84+AY84 -> 12 | BB84: =J84+L84+N84+P84+R84+T84+V84+X84+Z84+AB84+AD84+AF84+AH84+AJ84+AL84+AN84+AP84+AR84+AT84+AV84+AX84+AZ84 -> 291085.07 | BD84: =+H84*BA84 -> 291085.07 | BE84: =+BB84-BD84 -> 0
A85: 69 | B85: 8 | C85: 42292904 | D85: 2500749 | E85: POLIGLACTINA 4-0 CON O SIN RECUBRIMIENTO ANTIBACTERIAL MULTIFILAMENTO SINTETICO ABSORBIBLE TRENZADO CON AGUJA PUNTA REDONDA DE MEDIO CIRCULO HASTA 17MM LONG HEBRA 70 A 75CM | F85: SUTURA ESTERIL, SINTETICA ABSORBIBLE POLIGLACTINA 910 CON O SIN RECUBRIMIENTO DE ANTIBACTERIAL, VIOLETA TRENZADO, CALIBRE 4-0 LONGITUD DE 70CM A 75CM, CON AGUJA CURVA AHUSADA REDONDA DE 1/2 CIRCULO HASTA 17MM | G85: SOBRE/UND | H85: 24101.245 | I85: 24 | J85: =H85*I85 -> 578429.88 | K85: 0 | L85: =H85*K85 -> 0 | M85: 0 | N85: =H85*M85 -> 0 | O85: 0 | P85: =H85*O85 -> 0 | Q85: 0 | R85: =H85*Q85 -> 0 | S85: 0 | T85: =H85*S85 -> 0 | U85: 0 | V85: =H85*U85 -> 0 | W85: 0 | X85: =H85*W85 -> 0 | Y85: 0 | Z85: =H85*Y85 -> 0 | AA85: 0 | AB85: =H85*AA85 -> 0 | AC85: 0 | AD85: =H85*AC85 -> 0 | AE85: 0 | AF85: =H85*AE85 -> 0 | AG85: 0 | AH85: =H85*AG85 -> 0 | AI85: 0 | AJ85: =H85*AI85 -> 0 | AK85: 0 | AL85: =H85*AK85 -> 0 | AM85: 0 | AN85: =H85*AM85 -> 0 | AO85: 0 | AP85: =H85*AO85 -> 0 | AQ85: 0 | AR85: =H85*AQ85 -> 0 | AS85: 0 | AT85: =H85*AS85 -> 0 | AU85: 0 | AV85: =H85*AU85 -> 0 | AW85: 0 | AX85: =H85*AW85 -> 0 | AY85: 0 | AZ85: =H85*AY85 -> 0 | BA85: =I85+K85+M85+O85+Q85+S85+U85+W85+Y85+AA85+AC85+AE85+AG85+AI85+AK85+AM85+AO85+AQ85+AS85+AU85+AW85+AY85 -> 24 | BB85: =J85+L85+N85+P85+R85+T85+V85+X85+Z85+AB85+AD85+AF85+AH85+AJ85+AL85+AN85+AP85+AR85+AT85+AV85+AX85+AZ85 -> 578429.88 | BD85: =+H85*BA85 -> 578429.88 | BE85: =+BB85-BD85 -> 0
A86: 70 | B86: 9 | C86: 42292904 | D86: 2502286 | E86: POLIGLACTINA 5/0 CON O SIN RECUBRIMIENTO ANTIBACTERIAL MULTIFILAMENTO SINTETICO ABSORBIBLE TRENZADO CON AGUJA PUNTA CORTANTE DE 3/8 DE CIRCULO DESDE 13 MM LONG HEBRA 45 CM | F86: SUTURA ESTERIL, SINTETICA ABSORBIBLE POLIGLACTINA 910 CON O SIN RECUBRIMIENTO DE ANTIBACTERIAL, VIOLETA TRENZADA, CALIBRE 5-0 MULTIFILAMENTO, CON AGUJA PUNTA CORTANTE DE 3/8 CIRCULO DESDE 13MM LONG HEBRA 45CM | G86: SOBRE/UND | H86: 24101.245 | I86: 48 | J86: =H86*I86 -> 1156859.8 | K86: 0 | L86: =H86*K86 -> 0 | M86: 0 | N86: =H86*M86 -> 0 | O86: 0 | P86: =H86*O86 -> 0 | Q86: 0 | R86: =H86*Q86 -> 0 | S86: 0 | T86: =H86*S86 -> 0 | U86: 0 | V86: =H86*U86 -> 0 | W86: 0 | X86: =H86*W86 -> 0 | Y86: 0 | Z86: =H86*Y86 -> 0 | AA86: 0 | AB86: =H86*AA86 -> 0 | AC86: 0 | AD86: =H86*AC86 -> 0 | AE86: 0 | AF86: =H86*AE86 -> 0 | AG86: 0 | AH86: =H86*AG86 -> 0 | AI86: 0 | AJ86: =H86*AI86 -> 0 | AK86: 0 | AL86: =H86*AK86 -> 0 | AM86: 0 | AN86: =H86*AM86 -> 0 | AO86: 0 | AP86: =H86*AO86 -> 0 | AQ86: 0 | AR86: =H86*AQ86 -> 0 | AS86: 0 | AT86: =H86*AS86 -> 0 | AU86: 0 | AV86: =H86*AU86 -> 0 | AW86: 10 | AX86: =H86*AW86 -> 241012.45 | AY86: 0 | AZ86: =H86*AY86 -> 0 | BA86: =I86+K86+M86+O86+Q86+S86+U86+W86+Y86+AA86+AC86+AE86+AG86+AI86+AK86+AM86+AO86+AQ86+AS86+AU86+AW86+AY86 -> 58 | BB86: =J86+L86+N86+P86+R86+T86+V86+X86+Z86+AB86+AD86+AF86+AH86+AJ86+AL86+AN86+AP86+AR86+AT86+AV86+AX86+AZ86 -> 1397872.2 | BD86: =+H86*BA86 -> 1397872.2 | BE86: =+BB86-BD86 -> 0
A87: 71 | B87: 10 | C87: 42292904 | D87: 2502281 | E87: SEDA 4/0 CON AGUJA ½ CIRCULO REDONDA | F87: SEDA TRENZADA SUTURA QUIRURGICA ESTERIL Y NO ABSORBIBLE, TEÑIDA DE NEGRO Y REVESTIDA RECUBIERTA 4/0, AGUJA 1/2 CIRCULO REDONDA DE 24 - 26 MM. CON UNA HEBRA DE 75 CM DE LONGITUD | G87: SOBRE/UND | H87: 12699.282 | I87: 0 | J87: =H87*I87 -> 0 | K87: 0 | L87: =H87*K87 -> 0 | M87: 0 | N87: =H87*M87 -> 0 | O87: 0 | P87: =H87*O87 -> 0 | Q87: 0 | R87: =H87*Q87 -> 0 | S87: 0 | T87: =H87*S87 -> 0 | U87: 0 | V87: =H87*U87 -> 0 | W87: 0 | X87: =H87*W87 -> 0 | Y87: 0 | Z87: =H87*Y87 -> 0 | AA87: 0 | AB87: =H87*AA87 -> 0 | AC87: 0 | AD87: =H87*AC87 -> 0 | AE87: 5 | AF87: =H87*AE87 -> 63496.412 | AG87: 0 | AH87: =H87*AG87 -> 0 | AI87: 0 | AJ87: =H87*AI87 -> 0 | AK87: 0 | AL87: =H87*AK87 -> 0 | AM87: 0 | AN87: =H87*AM87 -> 0 | AO87: 0 | AP87: =H87*AO87 -> 0 | AQ87: 0 | AR87: =H87*AQ87 -> 0 | AS87: 0 | AT87: =H87*AS87 -> 0 | AU87: 0 | AV87: =H87*AU87 -> 0 | AW87: 0 | AX87: =H87*AW87 -> 0 | AY87: 0 | AZ87: =H87*AY87 -> 0 | BA87: =I87+K87+M87+O87+Q87+S87+U87+W87+Y87+AA87+AC87+AE87+AG87+AI87+AK87+AM87+AO87+AQ87+AS87+AU87+AW87+AY87 -> 5 | BB87: =J87+L87+N87+P87+R87+T87+V87+X87+Z87+AB87+AD87+AF87+AH87+AJ87+AL87+AN87+AP87+AR87+AT87+AV87+AX87+AZ87 -> 63496.412 | BD87: =+H87*BA87 -> 63496.412 | BE87: =+BB87-BD87 -> 0
A88: 72 | B88: 11 | C88: 42292904 | D88: 2500790 | E88: SEDA 3/0 CON AGUJA ½ CIRCULO REDONDA | F88: SEDA TRENZADA SUTURA QUIRURGICA ESTERIL Y NO ABSORBIBLE, TEÑIDA DE NEGRO Y REVESTIDA RECUBIERTA 3/0 , AGUJA 1/2 CIRCULO REDONDA DE 24 - 26 MM. CON UNA HEBRA DE 75 CM DE LONGITUD | G88: SOBRE/UND | H88: 12167.396 | I88: 0 | J88: =H88*I88 -> 0 | K88: 0 | L88: =H88*K88 -> 0 | M88: 0 | N88: =H88*M88 -> 0 | O88: 0 | P88: =H88*O88 -> 0 | Q88: 0 | R88: =H88*Q88 -> 0 | S88: 0 | T88: =H88*S88 -> 0 | U88: 0 | V88: =H88*U88 -> 0 | W88: 0 | X88: =H88*W88 -> 0 | Y88: 0 | Z88: =H88*Y88 -> 0 | AA88: 0 | AB88: =H88*AA88 -> 0 | AC88: 0 | AD88: =H88*AC88 -> 0 | AE88: 5 | AF88: =H88*AE88 -> 60836.979 | AG88: 0 | AH88: =H88*AG88 -> 0 | AI88: 0 | AJ88: =H88*AI88 -> 0 | AK88: 0 | AL88: =H88*AK88 -> 0 | AM88: 0 | AN88: =H88*AM88 -> 0 | AO88: 0 | AP88: =H88*AO88 -> 0 | AQ88: 0 | AR88: =H88*AQ88 -> 0 | AS88: 0 | AT88: =H88*AS88 -> 0 | AU88: 0 | AV88: =H88*AU88 -> 0 | AW88: 0 | AX88: =H88*AW88 -> 0 | AY88: 0 | AZ88: =H88*AY88 -> 0 | BA88: =I88+K88+M88+O88+Q88+S88+U88+W88+Y88+AA88+AC88+AE88+AG88+AI88+AK88+AM88+AO88+AQ88+AS88+AU88+AW88+AY88 -> 5 | BB88: =J88+L88+N88+P88+R88+T88+V88+X88+Z88+AB88+AD88+AF88+AH88+AJ88+AL88+AN88+AP88+AR88+AT88+AV88+AX88+AZ88 -> 60836.979 | BD88: =+H88*BA88 -> 60836.979 | BE88: =+BB88-BD88 -> 0
A89: 73 | B89: 12 | C89: 42292904 | D89: 2565517 | E89: CATGUT CROMADO 4/0 CON AGUJA ½ CIRCULO REDONDA | F89: CATGUT CROMADO (GASTROINTESTINAL) 4/0 CON AGUJA MEDIO CIRCULO REDONDA DE 15 A 17 MM, CON LA HEBRA DE 70 CM DE LONGITUD | G89: SOBRE/UND | H89: 13454.757 | I89: 12 | J89: =H89*I89 -> 161457.09 | K89: 0 | L89: =H89*K89 -> 0 | M89: 0 | N89: =H89*M89 -> 0 | O89: 0 | P89: =H89*O89 -> 0 | Q89: 0 | R89: =H89*Q89 -> 0 | S89: 0 | T89: =H89*S89 -> 0 | U89: 0 | V89: =H89*U89 -> 0 | W89: 0 | X89: =H89*W89 -> 0 | Y89: 0 | Z89: =H89*Y89 -> 0 | AA89: 0 | AB89: =H89*AA89 -> 0 | AC89: 0 | AD89: =H89*AC89 -> 0 | AE89: 0 | AF89: =H89*AE89 -> 0 | AG89: 0 | AH89: =H89*AG89 -> 0 | AI89: 0 | AJ89: =H89*AI89 -> 0 | AK89: 0 | AL89: =H89*AK89 -> 0 | AM89: 0 | AN89: =H89*AM89 -> 0 | AO89: 0 | AP89: =H89*AO89 -> 0 | AQ89: 0 | AR89: =H89*AQ89 -> 0 | AS89: 0 | AT89: =H89*AS89 -> 0 | AU89: 0 | AV89: =H89*AU89 -> 0 | AW89: 10 | AX89: =H89*AW89 -> 134547.57 | AY89: 0 | AZ89: =H89*AY89 -> 0 | BA89: =I89+K89+M89+O89+Q89+S89+U89+W89+Y89+AA89+AC89+AE89+AG89+AI89+AK89+AM89+AO89+AQ89+AS89+AU89+AW89+AY89 -> 22 | BB89: =J89+L89+N89+P89+R89+T89+V89+X89+Z89+AB89+AD89+AF89+AH89+AJ89+AL89+AN89+AP89+AR89+AT89+AV89+AX89+AZ89 -> 296004.66 | BD89: =+H89*BA89 -> 296004.66 | BE89: =+BB89-BD89 -> 0
A90: VALOR GRUPO 7. SUTURA | I90: =SUM(I78:I89) -> 214 | J90: =SUM(J78:J89) -> 3784032.6 | K90: =SUM(K78:K89) -> 19 | L90: =SUM(L78:L89) -> 271720.64 | M90: =SUM(M78:M89) -> 0 | N90: =SUM(N78:N89) -> 0 | O90: =SUM(O78:O89) -> 0 | P90: =SUM(P78:P89) -> 0 | ... AZ90: =SUM(AZ78:AZ89) -> 0 | BA90: =I90+K90+M90+O90+Q90+S90+U90+W90+Y90+AA90+AC90+AE90+AG90+AI90+AK90+AM90+AO90+AQ90+AS90+AU90+AW90+AY90 -> 382 | BB90: =J90+L90+N90+P90+R90+T90+V90+X90+Z90+AB90+AD90+AF90+AH90+AJ90+AL90+AN90+AP90+AR90+AT90+AV90+AX90+AZ90 -> 6405890.9 | BC90: =SUM(BB78:BB89) -> 6405890.9 | BD90: =SUM(BD78:BD89) -> 6405890.9 | BE90: =+BB90-BD90 -> 0
A91: GRUPO No.8 CURACIONES | H91: VALOR | I91: DMBOG | K91: BIM12 | M91: BTURA | O91: TURBO | Q91: PUERTO LOPEZ | S91: BARRANCABERMEJA | U91: BAHIA MALAGA | W91: BAHIA SOLANO | Y91: PTO CARREÑO | AA91: GUAPI | AC91: YATI | AE91: LETICIA | AG91: HONAL | AI91: MALAGANA | AK91: SAN ANDRES | AM91: COVEÑAS | AO91: TUMACO | AQ91: INIRIDA | AS91: ENAP | AU91: ENSB | AW91: COROZAL | AY91: ARUCA | BA91: CANTIDAD
A92: 74 | B92: 1 | E92: Toallas alcoholadas | F92: Toallitas de alcohol con efecto bacteriostático ,para desinfección de piel y preparar sitio de venopuncion ,impregnada de alcohol isopropílico al 70% cada toallita está dispuesta en paquete individual. | G92: UND | H92: 113.04348 | I92: 0 | J92: =H92*I92 -> 0 | K92: 326 | L92: =H92*K92 -> 36852.174 | M92: 0 | N92: =H92*M92 -> 0 | O92: 0 | P92: =H92*O92 -> 0 | Q92: 0 | R92: =H92*Q92 -> 0 | S92: 0 | T92: =H92*S92 -> 0 | U92: 0 | V92: =H92*U92 -> 0 | W92: 0 | X92: =H92*W92 -> 0 | Y92: 0 | Z92: =H92*Y92 -> 0 | AA92: 0 | AB92: =H92*AA92 -> 0 | AC92: 0 | AD92: =H92*AC92 -> 0 | AE92: 500 | AF92: =H92*AE92 -> 56521.739 | AG92: 500 | AH92: =H92*AG92 -> 56521.739 | AI92: 0 | AJ92: =H92*AI92 -> 0 | AK92: 0 | AL92: =H92*AK92 -> 0 | AM92: 50 | AN92: =H92*AM92 -> 5652.1739 | AO92: 0 | AP92: =H92*AO92 -> 0 | AQ92: 50 | AR92: =H92*AQ92 -> 5652.1739 | AS92: 0 | AT92: =H92*AS92 -> 0 | AU92: 0 | AV92: =H92*AU92 -> 0 | AW92: 100 | AX92: =H92*AW92 -> 11304.348 | AY92: 500 | AZ92: =H92*AY92 -> 56521.739 | BA92: =I92+K92+M92+O92+Q92+S92+U92+W92+Y92+AA92+AC92+AE92+AG92+AI92+AK92+AM92+AO92+AQ92+AS92+AU92+AW92+AY92 -> 2026 | BB92: =J92+L92+N92+P92+R92+T92+V92+X92+Z92+AB92+AD92+AF92+AH92+AJ92+AL92+AN92+AP92+AR92+AT92+AV92+AX92+AZ92 -> 229026.09 | BD92: =+H92*BA92 -> 229026.09 | BE92: =+BB92-BD92 -> 0
A93: 75 | B93: 2 | C93: 51171630 | D93: 2502222 | E93: ACEITE MINERAL BLANCO, SOLVENTE | F93: ACEITE MINERAL BLANCO, SOLVENTE, MEZCLA DE HIDROCARBUROS LIQUIDOS, REFINADOS, PARAFINAS Y NAFTENICOS NATURALES. NO DEBE IRRITAR LA PIEL TOTALMENTE HIPOALERGENICO. | G93: FCO X 750 ML | H93: 24123.925 | I93: 0 | J93: =H93*I93 -> 0 | K93: 0 | L93: =H93*K93 -> 0 | M93: 2 | N93: =H93*M93 -> 48247.85 | O93: 0 | P93: =H93*O93 -> 0 | Q93: 0 | R93: =H93*Q93 -> 0 | S93: 0 | T93: =H93*S93 -> 0 | U93: 0 | V93: =H93*U93 -> 0 | W93: 0 | X93: =H93*W93 -> 0 | Y93: 0 | Z93: =H93*Y93 -> 0 | AA93: 0 | AB93: =H93*AA93 -> 0 | AC93: 0 | AD93: =H93*AC93 -> 0 | AE93: 0 | AF93: =H93*AE93 -> 0 | AG93: 0 | AH93: =H93*AG93 -> 0 | AI93: 0 | AJ93: =H93*AI93 -> 0 | AK93: 0 | AL93: =H93*AK93 -> 0 | AM93: 0 | AN93: =H93*AM93 -> 0 | AO93: 0 | AP93: =H93*AO93 -> 0 | AQ93: 0 | AR93: =H93*AQ93 -> 0 | AS93: 0 | AT93: =H93*AS93 -> 0 | AU93: 0 | AV93: =H93*AU93 -> 0 | AW93: 5 | AX93: =H93*AW93 -> 120619.62 | AY93: 0 | AZ93: =H93*AY93 -> 0 | BA93: =I93+K93+M93+O93+Q93+S93+U93+W93+Y93+AA93+AC93+AE93+AG93+AI93+AK93+AM93+AO93+AQ93+AS93+AU93+AW93+AY93 -> 7 | BB93: =J93+L93+N93+P93+R93+T93+V93+X93+Z93+AB93+AD93+AF93+AH93+AJ93+AL93+AN93+AP93+AR93+AT93+AV93+AX93+AZ93 -> 168867.47 | BD93: =+H93*BA93 -> 168867.47 | BE93: =+BB93-BD93 -> 0
A94: 76 | B94: 3 | C94: 41104213 | D94: 2502698 | E94: AGUA DESTILADA USO MEDICO | F94: AGUA DESTILADA USO MEDICO | G94: GALON X 3750 ML O GALON X 4000 ML | H94: 21116.165 | I94: 10 | J94: =H94*I94 -> 211161.65 | K94: 2 | L94: =H94*K94 -> 42232.33 | M94: 0 | N94: =H94*M94 -> 0 | O94: 0 | P94: =H94*O94 -> 0 | Q94: 0 | R94: =H94*Q94 -> 0 | S94: 0 | T94: =H94*S94 -> 0 | U94: 0 | V94: =H94*U94 -> 0 | W94: 0 | X94: =H94*W94 -> 0 | Y94: 2 | Z94: =H94*Y94 -> 42232.33 | AA94: 0 | AB94: =H94*AA94 -> 0 | AC94: 25 | AD94: =H94*AC94 -> 527904.13 | AE94: 0 | AF94: =H94*AE94 -> 0 | AG94: 0 | AH94: =H94*AG94 -> 0 | AI94: 0 | AJ94: =H94*AI94 -> 0 | AK94: 0 | AL94: =H94*AK94 -> 0 | AM94: 1 | AN94: =H94*AM94 -> 21116.165 | AO94: 0 | AP94: =H94*AO94 -> 0 | AQ94: 0 | AR94: =H94*AQ94 -> 0 | AS94: 0 | AT94: =H94*AS94 -> 0 | AU94: 0 | AV94: =H94*AU94 -> 0 | AW94: 0 | AX94: =H94*AW94 -> 0 | AY94: 0 | AZ94: =H94*AY94 -> 0 | BA94: =I94+K94+M94+O94+Q94+S94+U94+W94+Y94+AA94+AC94+AE94+AG94+AI94+AK94+AM94+AO94+AQ94+AS94+AU94+AW94+AY94 -> 40 | BB94: =J94+L94+N94+P94+R94+T94+V94+X94+Z94+AB94+AD94+AF94+AH94+AJ94+AL94+AN94+AP94+AR94+AT94+AV94+AX94+AZ94 -> 844646.6 | BD94: =+H94*BA94 -> 844646.6 | BE94: =+BB94-BD94 -> 0
A95: 77 | B95: 4 | C95: 51102709 | D95: 2503875 | E95: AGUA OXIGENADA | F95: AGUA OXIGENADA | G95: FCO X 120 ML | H95: 3098.9135 | I95: 10 | J95: =H95*I95 -> 30989.135 | K95: 0 | L95: =H95*K95 -> 0 | M95: 0 | N95: =H95*M95 -> 0 | O95: 0 | P95: =H95*O95 -> 0 | Q95: 0 | R95: =H95*Q95 -> 0 | S95: 0 | T95: =H95*S95 -> 0 | U95: 10 | V95: =H95*U95 -> 30989.135 | W95: 5 | X95: =H95*W95 -> 15494.568 | Y95: 0 | Z95: =H95*Y95 -> 0 | AA95: 0 | AB95: =H95*AA95 -> 0 | AC95: 0 | AD95: =H95*AC95 -> 0 | AE95: 3 | AF95: =H95*AE95 -> 9296.7405 | AG95: 3 | AH95: =H95*AG95 -> 9296.7405 | AI95: 0 | AJ95: =H95*AI95 -> 0 | AK95: 0 | AL95: =H95*AK95 -> 0 | AM95: 0 | AN95: =H95*AM95 -> 0 | AO95: 0 | AP95: =H95*AO95 -> 0 | AQ95: 0 | AR95: =H95*AQ95 -> 0 | AS95: 5 | AT95: =H95*AS95 -> 15494.568 | AU95: 0 | AV95: =H95*AU95 -> 0 | AW95: 0 | AX95: =H95*AW95 -> 0 | AY95: 5 | AZ95: =H95*AY95 -> 15494.568 | BA95: =I95+K95+M95+O95+Q95+S95+U95+W95+Y95+AA95+AC95+AE95+AG95+AI95+AK95+AM95+AO95+AQ95+AS95+AU95+AW95+AY95 -> 41 | BB95: =J95+L95+N95+P95+R95+T95+V95+X95+Z95+AB95+AD95+AF95+AH95+AJ95+AL95+AN95+AP95+AR95+AT95+AV95+AX95+AZ95 -> 127055.45 | BD95: =+H95*BA95 -> 127055.45 | BE95: =+BB95-BD95 -> 0
A96: 78 | B96: 5 | E96: GEL ANTIBACTERIAL | F96: GEL ANTIBACTERIAL CON GLICERINA NEUTRO | G96: FCO X4L | H96: 40343.622 | I96: 0 | J96: =H96*I96 -> 0 | K96: 0 | L96: =H96*K96 -> 0 | M96: 0 | N96: =H96*M96 -> 0 | O96: 0 | P96: =H96*O96 -> 0 | Q96: 0 | R96: =H96*Q96 -> 0 | S96: 0 | T96: =H96*S96 -> 0 | U96: 0 | V96: =H96*U96 -> 0 | W96: 0 | X96: =H96*W96 -> 0 | Y96: 0 | Z96: =H96*Y96 -> 0 | AA96: 0 | AB96: =H96*AA96 -> 0 | AC96: 0 | AD96: =H96*AC96 -> 0 | AF96: =H96*AE96 -> 0 | AG96: 5 | AH96: =H96*AG96 -> 201718.11 | AI96: 0 | AJ96: =H96*AI96 -> 0 | AK96: 0 | AL96: =H96*AK96 -> 0 | AM96: 0 | AN96: =H96*AM96 -> 0 | AO96: 0 | AP96: =H96*AO96 -> 0 | AQ96: 0 | AR96: =H96*AQ96 -> 0 | AS96: 0 | AT96: =H96*AS96 -> 0 | AU96: 0 | AV96: =H96*AU96 -> 0 | AW96: 0 | AX96: =H96*AW96 -> 0 | AY96: 2 | AZ96: =H96*AY96 -> 80687.244 | BA96: =I96+K96+M96+O96+Q96+S96+U96+W96+Y96+AA96+AC96+AE96+AG96+AI96+AK96+AM96+AO96+AQ96+AS96+AU96+AW96+AY96 -> 7 | BB96: =J96+L96+N96+P96+R96+T96+V96+X96+Z96+AB96+AD96+AF96+AH96+AJ96+AL96+AN96+AP96+AR96+AT96+AV96+AX96+AZ96 -> 282405.36 | BD96: =+H96*BA96 -> 282405.36 | BE96: =+BB96-BD96 -> 0
A97: 79 | B97: 6 | C97: 51102710 | D97: 2504027 | E97: ALCOHOL ANTISEPTICO AL 70% PARA USO MEDICO | F97: SOLUCION HIDROALCOHOLICA EN LA QUE CADA 100 ML CONTIENE ENTRE 72.9 A 73.7 ML DE ALCOHOL ETILICO IMPOTABILIZADO 96%, USO ANTISEPTICO EXTERNO. | G97: FCO X 750 ML | H97: 7592.3427 | I97: 100 | J97: =H97*I97 -> 759234.27 | K97: 0 | L97: =H97*K97 -> 0 | M97: 0 | N97: =H97*M97 -> 0 | O97: 30 | P97: =H97*O97 -> 227770.28 | Q97: 10 | R97: =H97*Q97 -> 75923.427 | S97: 0 | T97: =H97*S97 -> 0 | U97: 15 | V97: =H97*U97 -> 113885.14 | W97: 0 | X97: =H97*W97 -> 0 | Y97: 0 | Z97: =H97*Y97 -> 0 | AA97: 0 | AB97: =H97*AA97 -> 0 | AC97: 0 | AD97: =H97*AC97 -> 0 | AE97: 5 | AF97: =H97*AE97 -> 37961.714 | AG97: 5 | AH97: =H97*AG97 -> 37961.714 | AI97: 0 | AJ97: =H97*AI97 -> 0 | AK97: 0 | AL97: =H97*AK97 -> 0 | AM97: 0 | AN97: =H97*AM97 -> 0 | AO97: 0 | AP97: =H97*AO97 -> 0 | AQ97: 0 | AR97: =H97*AQ97 -> 0 | AS97: 10 | AT97: =H97*AS97 -> 75923.427 | AU97: 0 | AV97: =H97*AU97 -> 0 | AW97: 30 | AX97: =H97*AW97 -> 227770.28 | AY97: 5 | AZ97: =H97*AY97 -> 37961.714 | BA97: =I97+K97+M97+O97+Q97+S97+U97+W97+Y97+AA97+AC97+AE97+AG97+AI97+AK97+AM97+AO97+AQ97+AS97+AU97+AW97+AY97 -> 210 | BB97: =J97+L97+N97+P97+R97+T97+V97+X97+Z97+AB97+AD97+AF97+AH97+AJ97+AL97+AN97+AP97+AR97+AT97+AV97+AX97+AZ97 -> 1594392 | BD97: =+H97*BA97 -> 1594392 | BE97: =+BB97-BD97 -> 0
A98: 80 | B98: 7 | C98: 42141502 | D98: 2503239 | E98: APLICADOR DE ALGODÓN, VARILLA ELABORADA EN MADERA | F98: APLICADOR DE ALGODÓN: VARILLA ELABORADA EN MADERA LARGOS DE GRAN RESISTENCIA; CON ALGODÓN 100% ABSORVENTE COMPACTO Y NO SE DESPRENDA CON EL USO NORMAL | G98: CAJA X 1000 | H98: 44540.684 | I98: 0 | J98: =H98*I98 -> 0 | K98: 1 | L98: =H98*K98 -> 44540.684 | M98: 0 | N98: =H98*M98 -> 0 | O98: 0 | P98: =H98*O98 -> 0 | Q98: 0 | R98: =H98*Q98 -> 0 | S98: 0 | T98: =H98*S98 -> 0 | U98: 0 | V98: =H98*U98 -> 0 | W98: 0 | X98: =H98*W98 -> 0 | Y98: 0 | Z98: =H98*Y98 -> 0 | AA98: 0 | AB98: =H98*AA98 -> 0 | AC98: 0 | AD98: =H98*AC98 -> 0 | AE98: 0 | AF98: =H98*AE98 -> 0 | AG98: 0 | AH98: =H98*AG98 -> 0 | AI98: 0 | AJ98: =H98*AI98 -> 0 | AK98: 0 | AL98: =H98*AK98 -> 0 | AM98: 1 | AN98: =H98*AM98 -> 44540.684 | AO98: 0 | AP98: =H98*AO98 -> 0 | AQ98: 0 | AR98: =H98*AQ98 -> 0 | AS98: 0 | AT98: =H98*AS98 -> 0 | AU98: 0 | AV98: =H98*AU98 -> 0 | AW98: 0 | AX98: =H98*AW98 -> 0 | AY98: 0 | AZ98: =H98*AY98 -> 0 | BA98: =I98+K98+M98+O98+Q98+S98+U98+W98+Y98+AA98+AC98+AE98+AG98+AI98+AK98+AM98+AO98+AQ98+AS98+AU98+AW98+AY98 -> 2 | BB98: =J98+L98+N98+P98+R98+T98+V98+X98+Z98+AB98+AD98+AF98+AH98+AJ98+AL98+AN98+AP98+AR98+AT98+AV98+AX98+AZ98 -> 89081.368 | BD98: =+H98*BA98 -> 89081.368 | BE98: =+BB98-BD98 -> 0
A99: 81 | B99: 8 | C99: 42311518 | D99: 2500126 | E99: APOSITO OCULAR PARCHE AUTOADHESIVO EN MATERIAL MICROPOROSO, HIPOALERGENICO,TAMAÑO ADULTO. | F99: APOSITO OCULAR PARCHE AUTOADHESIVO EN MATERIAL MICROPOROSO, HIPOALERGENICO,TAMAÑO ADULTO. | G99: CAJA X 20 | H99: 14658.459 | I99: 0 | J99: =H99*I99 -> 0 | K99: 1 | L99: =H99*K99 -> 14658.459 | M99: 0 | N99: =H99*M99 -> 0 | O99: 0 | P99: =H99*O99 -> 0 | Q99: 0 | R99: =H99*Q99 -> 0 | S99: 2 | T99: =H99*S99 -> 29316.917 | U99: 0 | V99: =H99*U99 -> 0 | W99: 0 | X99: =H99*W99 -> 0 | Y99: 0 | Z99: =H99*Y99 -> 0 | AA99: 0 | AB99: =H99*AA99 -> 0 | AC99: 0 | AD99: =H99*AC99 -> 0 | AE99: 1 | AF99: =H99*AE99 -> 14658.459 | AG99: 2 | AH99: =H99*AG99 -> 29316.917 | AI99: 0 | AJ99: =H99*AI99 -> 0 | AK99: 0 | AL99: =H99*AK99 -> 0 | AM99: 0 | AN99: =H99*AM99 -> 0 | AO99: 0 | AP99: =H99*AO99 -> 0 | AQ99: 0 | AR99: =H99*AQ99 -> 0 | AS99: 0 | AT99: =H99*AS99 -> 0 | AU99: 0 | AV99: =H99*AU99 -> 0 | AW99: 0 | AX99: =H99*AW99 -> 0 | AY99: 0 | AZ99: =H99*AY99 -> 0 | BA99: =I99+K99+M99+O99+Q99+S99+U99+W99+Y99+AA99+AC99+AE99+AG99+AI99+AK99+AM99+AO99+AQ99+AS99+AU99+AW99+AY99 -> 6 | BB99: =J99+L99+N99+P99+R99+T99+V99+X99+Z99+AB99+AD99+AF99+AH99+AJ99+AL99+AN99+AP99+AR99+AT99+AV99+AX99+AZ99 -> 87950.752 | BD99: =+H99*BA99 -> 87950.752 | BE99: =+BB99-BD99 -> 0
A100: 82 | B100: 9 | C100: 51211615 | D100: 2500148 | E100: BAJALENGUAS O DEPRESORES DE MADERA, | F100: BAJALENGUAS O DEPRESORES DE MADERA, PRESENTACION BOLSA X 20 A 25 UNIDADES | G100: BOLSA de 20 a 25 UNIDADES | H100: 12320.229 | I100: 0 | J100: =H100*I100 -> 0 | K100: 5 | L100: =H100*K100 -> 61601.145 | M100: 15 | N100: =H100*M100 -> 184803.43 | O100: 0 | P100: =H100*O100 -> 0 | Q100: 0 | R100: =H100*Q100 -> 0 | S100: 0 | T100: =H100*S100 -> 0 | U100: 20 | V100: =H100*U100 -> 246404.58 | W100: 20 | X100: =H100*W100 -> 246404.58 | Y100: 0 | Z100: =H100*Y100 -> 0 | AA100: 0 | AB100: =H100*AA100 -> 0 | AC100: 0 | AD100: =H100*AC100 -> 0 | AE100: 0 | AF100: =H100*AE100 -> 0 | AG100: 2 | AH100: =H100*AG100 -> 24640.458 | AI100: 4 | AJ100: =H100*AI100 -> 49280.916 | AK100: 0 | AL100: =H100*AK100 -> 0 | AM100: 25 | AN100: =H100*AM100 -> 308005.72 | AO100: 0 | AP100: =H100*AO100 -> 0 | AQ100: 0 | AR100: =H100*AQ100 -> 0 | AS100: 0 | AT100: =H100*AS100 -> 0 | AU100: 0 | AV100: =H100*AU100 -> 0 | AW100: 0 | AX100: =H100*AW100 -> 0 | AY100: 0 | AZ100: =H100*AY100 -> 0 | BA100: =I100+K100+M100+O100+Q100+S100+U100+W100+Y100+AA100+AC100+AE100+AG100+AI100+AK100+AM100+AO100+AQ100+AS100+AU100+AW100+AY100 -> 91 | BB100: =J100+L100+N100+P100+R100+T100+V100+X100+Z100+AB100+AD100+AF100+AH100+AJ100+AL100+AN100+AP100+AR100+AT100+AV100+AX100+AZ100 -> 1121140.8 | BD100: =+H100*BA100 -> 1121140.8 | BE100: =+BB100-BD100 -> 0
...

Sheet Distribucion %
C3: VIGENCIA 2023
C4: ESM | D4: PORCENTAJE | E4: VALOR | H4: ESM | I4: PORCENTAJE | J4: VALOR | K4: TOTAL POR REGIONAL /DMBAQ
C5: DMBOG | D5: =E5/$E$27 -> 0.34591252 | E5: =+Consolidado!J4 -> 40125835 | G5: REGIONAL CENTRO | H5: DMBOG | I5: =K5/J27 -> 0.56461696 | J5: =+E5 -> 40125835 | K5: =SUM(J5:J13) -> 65495539
C6: TURBO | D6: =E6/$E$27 -> 0.03219706 | E6: =+Consolidado!P4 -> 3734857.4 | H6: TURBO | J6: =+E6 -> 3734857.4 | O6: DMBOG | P6: 40125885
C7: BARRANCA | D7: =E7/$E$27 -> 0.018608994 | E7: =+Consolidado!T4 -> 2158642.4 | H7: BARRANCABERMEJA | J7: =+E7 -> 2158642.4 | O7: BIM 12 | P7: 2482322.4
C8: BIM 12 | D8: =E8/$E$27 -> 0.02139934 | E8: =+Consolidado!L4 -> 2482322.4 | H8: PUERTO CARREÑO | J8: =+E13 -> 2749896.2 | O8: BTURA | P8: 6774604.3
C9: BTURA | D9: =E9/$E$27 -> 0.058401787 | E9: =+Consolidado!N4 -> 6774604.3 | H9: LETICIA | J9: =+E16 -> 2528654.2 | O9: TURBO | P9: 3734857.4
C10: PTO LOPEZ | D10: =E10/$E$27 -> 0.015299802 | E10: =+Consolidado!R4 -> 1774776.3 | H10: HONAL | J10: =+E17 -> 7598438.3 | O10: PUERTO LOPEZ | P10: 1774776.3
C11: B. MÁLAGA | D11: =E11/$E$27 -> 0.036396372 | E11: =+Consolidado!V4 -> 4221977.4 | H11: PUERTO INIRIDA | J11: =+E22 -> 3039148.9 | O11: BARRANCABERMEJA | P11: 2158642.4
C12: B. SOLANO | D12: =E12/$E$27 -> 0.023829155 | E12: =+Consolidado!X4 -> 2764180.8 | H12: PUERTO LOPEZ | J12: =+E10 -> 1774776.3 | O12: BAHIA MALAGA | P12: 4221977.4
C13: PTO CARREÑO | D13: =E13/$E$27 -> 0.023706012 | E13: =+Consolidado!Z4 -> 2749896.2 | H13: ARAUCA | J13: =+E26 -> 1785290.6 | O13: BAHIA SOLANO | P13: 2764180.8
C14: GUAPI | D14: =E14/$E$27 -> 0.022286722 | E14: =+Consolidado!AB4 -> 2585258.6 | G14: REGIONAL PACIFICO | H14: BUENAVENTURA | I14: =K14/J27 -> 0.19016633 | J14: =+E9 -> 6774604.3 | K14: =SUM(J14:J18) -> 22059285 | O14: PTO CARREÑO | P14: 2749896.2
C15: YATI | D15: =E15/$E$27 -> 0.027892439 | E15: =+Consolidado!AD4 -> 3235521.5 | H15: HONAM | J15: =+E11 -> 4221977.4 | O15: GUAPI | P15: 2585258.6
C16: LETICIA | D16: =E16/$E$27 -> 0.021798752 | E16: =+Consolidado!AF4 -> 2528654.2 | H16: B. SOLANO | J16: =+E12 -> 2764180.8 | O16: YATI | P16: 3235521.5
C17: HONAL | D17: =E17/$E$27 -> 0.065503807 | E17: =+Consolidado!AH4 -> 7598438.3 | H17: GUAPI | J17: =+E14 -> 2585258.6 | O17: LETICIA | P17: 2528654.2
C18: MALAGANA | D18: =E18/$E$27 -> 0.02658658 | E18: =+Consolidado!AJ4 -> 3084042 | H18: TUMACO | J18: =+E21 -> 5713264.2 | O18: HONAL | P18: 7598438.3
C19: SAN ANDRES | D19: =E19/$E$27 -> 0.028105174 | E19: =+Consolidado!AL4 -> 3260198.8 | G19: REGIONAL CARIBE | H19: BIM 12 | I19: =K19/J27 -> 0.24521671 | J19: =+E8 -> 2482322.4 | K19: =SUM(J19:J25) -> 28445126 | O19: MALAGANA | P19: 3084042
C20: COVEÑAS | D20: =E20/$E$27 -> 0.039693838 | E20: =+Consolidado!AN4 -> 4604483.2 | H20: YATI | J20: =+E15 -> 3235521.5 | O20: SAN ANDRES | P20: 3260198.8
C21: TUMACO | D21: =E21/$E$27 -> 0.049252299 | E21: =+Consolidado!AP4 -> 5713264.2 | H21: MALAGANA | J21: =+E18 -> 3084042 | O21: COVEÑAS | P21: 4604483.2
C22: INIRIDA | D22: =E22/$E$27 -> 0.026199571 | E22: =+Consolidado!AR4 -> 3039148.9 | H22: SAN ANDRES | J22: =+E19 -> 3260198.8 | O22: TUMACO | P22: 5713264.2
C23: ENAP | D23: =E23/$E$27 -> 0.026344668 | E23: =+Consolidado!AT4 -> 3055980.2 | H23: COVEÑAS | J23: =+E20 -> 4604483.2 | O23: INIRIDA | P23: 3039148.9
C24: ENSB | D24: =E24/$E$27 -> 0 | E24: =+Consolidado!AV4 -> 0 | H24: ENAP | J24: =+E23 -> 3055980.2 | O24: ENAP | P24: 3055980.2
C25: COROZAL | D25: =E25/$E$27 -> 0.075194665 | E25: =+Consolidado!AX4 -> 8722577.4 | H25: COROZAL | J25: =+E25 -> 8722577.4 | O25: ENSB | P25: 0
C26: ARAUCA | D26: =E26/$E$27 -> 0.015390443 | E26: =+Consolidado!AZ4 -> 1785290.6 | G26: ENSB | H26: ENSB | I26: =D24 -> 0 | J26: =+E24 -> 0 | K26: =+F24 -> 0 | O26: COROZAL | P26: 8722577.4
C27: TOTAL | D27: =SUM(D5:D26) -> 1 | E27: =SUM(E5:E26) -> 1.1599995e+08 | G27: TOTALES | J27: =SUM(J5:J26) -> 1.1599995e+08 | K27: =SUM(K5:K26) -> 1.1599995e+08 | O27: ARAUCA | P27: 1785290.6
C28: RUBRO ASIGNADO | E28: 116000000 | P28: =SUM(P6:P27) -> 1.16e+08
E29: =+E28-E27 -> 49.827827

Sheet Anexo 02 Especificación Técnica
A1: ANEXO 2 - "ESPECIFICACIONES TÉCNICAS"
A2: NO ITEM GRAL | B2: NO ITEM GRUPO | C2: CODIGO UNSPSC | D2: NUMERO DE MATERIAL | E2: DESCRIPCION | F2: ESPECIFICACION TECNICA | G2: PRESENTACIÓN
A3: GRUPO No.1 ESTERILIZACION
A4: 1 | B4: 1 | C4: 42281807 | D4: 000000000002584099 | E4: ROLLO DE CINTA ADHESIVA TESTIGO PARA GARANTIZAR LA ESTERILIDAD DE MATERIAL EXPUESTO EN AUTOCLAVE A VAPOR DE BAJA TEMPERATURA CON FORMALDEHIDO DE GRADO QUIRÚRGICO. | F4: CINTA ADHESIVA DE PAPEL COMPATIBLE CON SISTEMA DE ESTERILIZACION MATACHANA POR VAPOR A BAJA TEMPERATURA CON FORMALFEHIDO 130LF (VBTF). DIMENSIONES 1,80CM X 50 MTS, HASTA 2 CM X 50 MTS, DE ALTA RESISTENCIA, EN LA QUE HAY POR UN LADO ADHESIVO Y POR EL OTRO LADO EL INDICADOR QUIMICO. CON CAMBIO DE COLOR DE LA TINTA INDICADORA DE GRANATE A VERDE. | G4: ROLLO
A5: 2 | B5: 2 | C5: 42281803 | D5: 000000000002584099 | E5: ROLLO DE CINTA ADHESIVA TESTIGO PARA GARANTIZAR LA ESTERILIDAD DE MATERIAL EXPUESTO EN AUTOCLAVE A VAPOR DE ALTA TEMPERATURA, DE GRADO QUIRÚRGICO. | F5: CINTA ADHESIVA COMPATIBLE CON SISTEMA DE ESTERILIZACION DE AUTOCLAVE A VAPOR DE ALTA TEMPERATURA. DIMENSIONES 1,80CM, X 50 MTS, HASTA 2 CM X 50 MTS, DE ALTA RESISTENCIA, LIBRE DE PLOMO, EN LA QUE HAY POR UN LADO ADHESIVO Y POR EL OTRO LADO EL INDICADOR QUIMICO. CON CAMBIO DE COLOR DE LA TINTA INDICADORA. | G5: ROLLO
A6: 3 | B6: 3 | C6: 42281904 | D6: 000000000002500005 | E6: BOLSA PARA ESTERILIZAR A VAPOR, DE MEDIDAS 135 MM X 255 MM (5 ¼’ X 10’) | F6: BOLSA PAPEL PLASTICO PARA ESTERILIZAR A VAPOR, INDICADOR QUÍMICO PARA VAPOR Y ÓXIDO DE ETILENO, DE MEDIDAS 135 MM X 255 MM (5 ¼’ X 10’), CON UN RANGO DE MÁS O MENOS 15%”. | G6: CAJA X 200
A7: 4 | B7: 4 | C7: 42281810 | D7: 000000000002500005 | E7: BOLSA PARA ESTERILIZAR A VAPOR DE 90 MM X 230 MM A 260 MM | F7: BOLSA PARA ESTERILIZAR A VAPOR CON INDICADOR QUÍMICO PARA VAPOR Y ÓXIDO DE ETILENO, CON MEDIDAS DE 90 MM X 230 MM A 260 MM | G7: CAJA X 200
A8: 5 | B8: 5 | C8: 42281706 | D8: 2584094 | E8: TEST BOWIE DICK CAJA X 50 | F8: HOJA DE PRUEBA DE ADVERTENCIA TEMPRANA PARA PROBAR LOS ESTERILIZADORES A VAPOR ASISTIDOS CON VACIO DE 132 A 134° CENTIGRADOS INDICA LA EFICIENCIA DE LA ELIMICIÓN DEL AIRE DURANTE LA FASE DE VACIO DEL ESTERILIZADOR | G8: CAJA X 50
A9: 6 | B9: 6 | C9: 42281915 | D9: 2501244 | E9: ROLLO EN PAPEL MIXTO PARA ESTERILIZAR A VAPOR | F9: ROLLO EN PAPEL MIXTO PARA ESTERILIZAR A VAPOR: 15X200MT, GRADO MEDICO, PARA EL ENVOLVIMIENTO Y PROTECCION DE MATERIAL ESTERIL QUIRUGICO | G9: ROLLO
A10: 7 | B10: 7 | C10: 42281915 | D10: 2501247 | E10: ROLLO EN PAPEL MIXTO PARA ESTERILIZAR A VAPOR | F10: ROLLO EN PAPEL MIXTO PARA ESTERILIZAR A VAPOR: DE MEDIDAS 40 X 200 MT (CON UN RANGO DE MÁS O MENOS 15%), GRADO MEDICO, PARA EL ENVOLVIMIENTO Y PROTECCION DE MATERIAL ESTERIL QUIRUGICO | G10: ROLLO
A11: 8 | B11: 8 | C11: 13111201 | D11: 2501247 | E11: ROLLO EN PAPEL MIXTO PARA ESTERILIZAR A VAPOR | F11: ROLLO EN PAPEL MIXTO PARA ESTERILIZAR A VAPOR: 30X200MT, GRADO MEDICO, PARA EL ENVOLVIMIENTO Y PROTECCION DE MATERIAL ESTERIL QUIRUGICO, SIN FUELLE | G11: ROLLO
A12: 9 | B12: 9 | C12: 51102708 | D12: 1144198 | E12: PAPEL VINIPEL | F12: MATERIAL TERMOPLÁSTICO CON PROPIEDADES DE ELONGACIÓN Y RETENCIÓN DE CARGA, ASEGURAMIENTO Y PROTECCIÓN EN MOVIMIENTO Y TRANSPORTE. LOS ROLLOS VIENEN ENVUELTOS EN STRETCH FILM PARA EVITAR CONTAMINACIÓN DEL PRODUCTO Y CUNETA CON PROTECCIÓN DEL CARTÓN EN LOS BORDES PARA EVITAR DAÑOS DURANTE EL TRANSPORTE Y MANIPULACIÓN. EMPAQUE 15-30CM X 300MT | G12: ROLLO
A13: 10 | B13: 10 | C13: 42281915 | D13: 2501238 | E13: PAPEL PARA ESTERILIZAR | F13: ROLLO DE PAPEL DE GRADO MEDICO, PARA EL ENVOLVIMIENTO Y PROTECCIÓN DE MATERIAL ESTÉRIL QUIRÚRGICO, DE 38 A 60 CM X 100 METROS | G13: ROLLO
A14: VALOR GRUPO 1. ESTERILIZACION
A15: GRUPO No.2 ELEMENTOS DE CIRUGIA
A16: 11 | B16: 1 | C16: 42295143 | D16: 2505276 | E16: LAPIZ PARA ELECTROBISTURÍ | F16: LAPIZ PARA ELECTROBISTURÍ COMPATIBLE SISTEMA VALLEYLABS O SU EQUIVALENTE. ESTERIL | G16: UND
A17: 12 | B17: 2 | C17: 42295143 | D17: 2500291 | E17: PLACA DE ELECTROCAUTERIO | F17: PLACA DE ELECTROCAUTERIO DESECHABLE, COMPATIBLE CON EQUIPO VALLEY LAB CON CABLE Y CONECTOR. PARA ADULTO | G17: UND
A18: 13 | B18: 3 | C18: 42181708 | D18: 2503282 | E18: ELECTRODOS DESECHABLES PARA MONITORIZACION ADULTOS | F18: ELECTRODOS HIPOALERGENICOS SIN LATEX, NO TEJIDO, CON GEL COMPACTO (NO SE TRANSFIERE AL ADHESIVO NI AL PACIENTE), CON SOPORTE DE ESPUMA PERMITE UNA APLICACION RAPIDA, FACIL Y SEGURA DURANTE MINIMO 24 HORAS, OJAL EN PLATA: CLORURO DE PLATA. PERMITE UN APROPIADO REGISTRO, BROCHE EN ACERO INOXIDABLE O NIQUEL , RESPALDO EN PELICULA DE POLIPROPILENO O POLIETILENO, CONEXION ESTANDAR DEL BROCHE, AJUSTA EN TODOS LOS SISTEMAS.CON BROCHE DE SEGURIDAD | G18: BOLSA X 50
A19: 14 | B19: 4 | C19: 42181707 | D19: 2504511 | E19: ELECTRODOS DESECHABLES EKG PEDIATRICO | F19: ELECTRODOS HIPOALERGENICOS SIN LATEX NO TEJIDO CON GEL COMPACTO (NO SE TRANSFIERE AL ADHESIVO NI AL PACIENTE), CON SOPORTE DE ESPUMA PERMITE UNA APLICACION RAPIDA, FACIL Y SEGURA DURANTE MINIMO 24 HORAS, OJAL EN PLATA: CLORURO DE PLATA. PERMITE UN APROPIADO REGISTRO, BROCHE EN ACERO INOXIDABLE O NIQUEL , RESPALDO EN PELICULA DE POLIPROPILENO O POLIETILENO, CONEXION ESTANDAR DEL BROCHE, AJUSTA EN TODOS LOS SISTEMAS.CON BROCHE DE SEGURIDAD | G19: BOLSA X 50
A20: 15 | B20: 5 | C20: 42181707 | D20: 2503282 | E20: ELECTRODO (PARCHE) DESECHABLE PARA PARA DESFIBRILADOR EXTERNO (DEA) ADULTO. | F20: ELECTRODO (PARCHE) DESECHABLE PARA ADULTO, REFERENCIA 0-21-0013 - SCHILLER PARA DESFIBRILADOR EXTERNO - FREED EASY. DE 75 CM2 DE SUPERFICIE ACTIVA POR ELECTRODO, LONGITUD DEL CABLE 2 M. | G20: UND
A21: 16 | B21: 6 | C21: 42181715 | D21: 000000000002503935 | E21: GEL CONDUCTOR PARA ULTRASONIDO | F21: JALEA CONDUCTIVA (GEL ULTRASONIDO), VISCOSO NEUTRO, HIDROSOLUBLE, HIPOALERGÉNICO DE ALTA CONDUCCIÓN, COLOR AZUL, PARA USO EN PROCEDIMIENTOS DE IMÁGENES DIAGNÓSTICAS, Y OTROS PROCEDIMIENTOS, EL CUAL FACILITA LA TRANSMISIÓN DE ONDAS DE ULTRASONIDO E IMPULSOS ELECTRICOS. INDICADO PARA USO EN EQUIPOS DE ELECTRO ESTIMULACIÓN, TERAPIA FÍSICA ENTRE OTROS PROCEDIMIENTOS. QUE NO MANCHE, NO DETERIORE LOS TRANSDUCTORES, NO GRASO, NO CONTENGA SALES, ALCOHOLES NI FRAGANCIAS. | G21: FCO X 250 ML
A22: 17 | B22: 7 | C22: 42181715 | D22: 2504235 | E22: GEL CONDUCTIVA | F22: GEL PARA USO CON ELECTRODO DE SUPERFICIE Y LA PIEL DEL PACIENTE | G22: FRASCO ENTRE 8 A 9 ONZ
A23: 18 | B23: 8 | C23: 42181715 | D23: 000000000002502424 | E23: GEL CONDUCTOR PARA ULTRASONIDO | F23: JALEA CONDUCTIVA (GEL ULTRASONIDO), VISCOSO NEUTRO, HIDROSOLUBLE, HIPOALERGÉNICO DE ALTA CONDUCCIÓN, COLOR AZUL, PARA USO EN PROCEDIMIENTOS DE IMÁGENES DIAGNÓSTICAS, Y OTROS PROCEDIMIENTOS, EL CUAL FACILITA LA TRANSMISIÓN DE ONDAS DE ULTRASONIDO E IMPULSOS ELECTRICOS. INDICADO PARA USO EN EQUIPOS DE ELECTRO ESTIMULACIÓN, TERAPIA FÍSICA ENTRE OTROS PROCEDIMIENTOS. QUE NO MANCHE, NO DETERIORE LOS TRANSDUCTORES, NO GRASO, NO CONTENGA SALES, ALCOHOLES NI FRAGANCIAS. | G23: GALON
A24: 19 | B24: 9 | C24: 42295406 | D24: 2503299 | E24: COMPRESA ESTERIL CON CINTA RADIO-OPACA | F24: COMPRESA ESTERIL CON CINTA RADIO-OPACA: COMPRESA QUIRURGICA ALTAMENTE ABSORBENTE CON CINTA EN MATERIAL RADIO-OPACO, PRELAVADA, 100% ALGODÓN, MEDIDAS 45 X 45CM, MINIMO 4 CAPAS CON COSTURA INTERNA. PAQUETE POR 5 UNIDADES, ESTERIL | G24: PAQ X 5
A25: 20 | B25: 10 | C25: 42291613 | D25: 2500546 | E25: HOJAS DE BISTURI N° 11 | F25: HOJA DE BISTURI N° 11, EN ACERO AL CARBONO, FLEXIBLE, EXCELENTE CORTE DE ALTA RESISTENCIA, EMPAQUE INDIVIDUAL Y DE FACIL APERTURA, ESTERIL. EN PRESENTACIÓN DE CAJA X 100 UNIDADES | G25: CAJA X 100
A26: 21 | B26: 11 | C26: 42291613 | D26: 2500547 | E26: HOJAS DE BISTURI N° 12 | F26: HOJA DE BISTURI N° 12, EN ACERO AL CARBONO, FLEXIBLE, EXCELENTE CORTE DE ALTA RESISTENCIA, EMPAQUE INDIVIDUAL Y DE FACIL APERTURA, ESTERIL. EN PRESENTACIÓN DE CAJA X 100 UNIDADES | G26: CAJA X 100
A27: 22 | B27: 12 | C27: 42291613 | D27: 2500548 | E27: HOJAS DE BISTURI N° 15 | F27: HOJA DE BISTURI N° 15, EN ACERO AL CARBONO, FLEXIBLE, EXCELENTE CORTE DE ALTA RESISTENCIA, EMPAQUE INDIVIDUAL Y DE FACIL APERTURA, ESTERIL. EN PRESENTACIÓN DE CAJA X 100 UNIDADES | G27: CAJA X 100
A28: 23 | B28: 13 | C28: 42291613 | D28: 2500549 | E28: HOJAS DE BISTURI N° 20 | F28: HOJA DE BISTURI N° 20, EN ACERO AL CARBONO, FLEXIBLE, EXCELENTE CORTE DE ALTA RESISTENCIA, EMPAQUE INDIVIDUAL Y DE FACIL APERTURA, ESTERIL. EN PRESENTACIÓN DE CAJA X 100 UNIDADES | G28: CAJA X 100
A29: 24 | B29: 14 | C29: 12352319 | D29: 2504522 | E29: GUARDIAN DE CON DISPOSITIVODE SEGURIDAD ANTI-PINCHAZO DE 1,0 A 1,5 LTS | F29: RECIPIENTE DE PLÁSTICO RÍGIDO CON TAPA SELLANTE, PARA ELEMENTOS DE COLOR ROJO Y DEBIDAMENTE IDENTIFICADO CON EL ANAGRAMA DE RIESGO BIOLÓGICO, Y ROTULO PARA COLOCACIÓN DE DATOS COMO FECHA, CONTENIDO, RESPONSABLE, CON DISPOSITIVO DE SEGURIDAD ANTI-PINCHAZO DE 1,0 A 1,5 LTS. | G29: UND
A30: 25 | B30: 15 | C30: 12352319 | D30: 2504523 | E30: GUARDIAN CON DISPOSITIVO DE SEGURIDAD ANTI-PINCHAZO DE 2.9 A 3 LTS | F30: RECIPIENTE DE PLÁSTICO RÍGIDO CON TAPA SELLANTE, PARA ELEMENTOS DE COLOR ROJO Y DEBIDAMENTE IDENTIFICADO CON EL ANAGRAMA DE RIESGO BIOLÓGICO, Y ROTULO PARA COLOCACIÓN DE DATOS COMO FECHA, CONTENIDO, RESPONSABLE, CON DISPOSITIVO DE SEGURIDAD ANTI-PINCHAZO DE 2.9 A 3LTS. | G30: UND
A31: 26 | B31: 16 | C31: 42142531 | D31: 2502240 | E31: GUARDIAN DE CON DISPOSITIVODE SEGURIDAD ANTI-PINCHAZO DE 2,5 A 3,0 LTS | F31: RECIPIENTE DE PLÁSTICO RÍGIDO CON TAPA SELLANTE, PARA ELEMENTOS DE COLOR ROJO Y DEBIDAMENTE IDENTIFICADO CON EL ANAGRAMA DE RIESGO BIOLÓGICO, Y ROTULO PARA COLOCACIÓN DE DATOS COMO FECHA, CONTENIDO, RESPONSABLE, CON DISPOSITIVO DE SEGURIDAD ANTI-PINCHAZO DE 2,5 A 3,0LTS. | G31: UND
A32: VALOR GRUPO 2. ELEMENTOS DE CIRUGIA
A33: GRUPO No.3 ELEMENTOS DIAGNOSTICOS
A34: 27 | B34: 1 | C34: 42182206 | D34: 2501640 | E34: LAMINA PORTA OBJETO CON BORDE ESMERILADO | F34: LAMINA PORTA OBJETO CON BORDE ESMERILADO PARA BIOPISA, CAJA POR 50 UND | G34: CAJA X 50 UND
A35: 28 | B35: 2 | C35: 42182201 | D35: 2502701 | E35: TERMOMETRO DIGITAL | F35: TERMÓMETRO DIGITA, PUNTA FLEXIBLE Y ALARMA DE FIEBRE DE APROXIMADAMENTE 10 SEGUNDOS, LECTURA POR RECTAL Y ORAL, TERMÓMETRO MÉDICO IMPERMEABLE. | G35: UND
A36: 29 | B36: 3 | C36: 41116111 | D36: 2503238 | E36: CITO-FIJADOR CELULAR SPRAY | F36: FIJADOR HIDROSOLUBLE PARA CITOLOGÍA EXFOLIATIVA EN SPRAY DE 250 GR O 150 ML, CON UN RANGO DE MÁS O MENOS 10% | G36: UND
A37: VALOR GRUPO 3. ELEMENTOS DIAGNOSTICOS
A38: GRUPO No.4 DESECHABLES
A39: 30 | B39: 1 | C39: 42281902 | D39: 2502337 | E39: PAQUETE PEQUEÑA CIRUGIA, ESTERIL | F39: PAQUETE DE ROPA ESTERIL PARA PEQUEÑA CIRUGIA COMPUESTO POR: DE ABAJO HACIA ARRIBA: 2 ENVOLVEDERAS DE 180 X 150 CMS, 5 COMPRESAS DE 45 X 45 CMS., CON CINTA RADIOPACA, 1 CAMPO FENESTRADO DE 220 X 120 CMS. CON ORIFICIO SUPERIOR DE 15 X 15 CON REFUERZO Y ADHESIVO DE 1.5 DE ANCHO, 1 SABANA DE 1.45 X 180 CMS, 5 CAMPOS DE PIEL DE 90 X 90 CMS CON ADHESIVO., 1 CAMPO 80 X 80 SIN ADHESIVO, 1 FUNDA DE MAYO GRANDE CON REFUERZO SUPERIOR, 2 BATAS DE CIRUJANO TALLA XL CON PUÑO RESORTADO EN ALGODON, CON TOALLA DE MANOS, EN TELA DESECHABLE SMS DE 35 GRAMOS. ESTERIL, CON INDICADOR QUIMICO OE. | G39: UND
A40: 31 | B40: 2 | C40: 42295414 | D40: 2501209 | E40: TELA SMS ROLLO POR 200 MTS | F40: EN TELA SMS 40-45 GRAMOS ROLLO POR 200 MTS ANCHO MINIMO 60 MAXIMO 90 CMS ANTIALERGENICO | G40: ROLLO
A41: 32 | B41: 3 | C41: 42131705 | D41: 2503495 | E41: SABANA DESECHABLE RESORTADA | F41: SABANA DESEHABLE AJUSTABLE, PARA CAMILLA EN TELA SMS 35 GRAMOS, PUNTAS RESORTADAS PARA ACOMODACION A LA CAMILLA, TELA REPELENTE A FLUIDOS, RESISTENTE. MEDIDAS 2,10 A 2,50 X 1,10 A 1,50CMS, SIN ESTERILIZAR | G41: UND
A42: 33 | B42: 4 | C42: 42131705 | D42: 000000000002582832 | E42: SABANA DESECHABLE PLANA | F42: SABANA DESEHABLE PLANA, PARA CAMILLA EN TELA SMS 35 GRAMOS, PARA ACOMODACION A LA CAMILLA, TELA REPELENTE A FLUIDOS, RESISTENTE. MEDIDAS 2,40 - 250 X 2.0 - 2.20 MTS SIN ESTERILIZAR | G42: PAQ X 10
A43: VALOR GRUPO 4. DESECHABLES
A44: GRUPO No.5 REHABILITACION
A45: 34 | B45: 1 | C45: 42142105 | D45: 2502386 | E45: PAQUETE CERVICAL CALIENTE | F45: PAQUETE CERVICAL CALIENTE | G45: UND
A46: 35 | B46: 2 | C46: 42142710 | D46: 2502389 | E46: PAQUETE LUMBAR CALIENTE | F46: PAQUETE LUMBAR CALIENTE | G46: UND
A47: 36 | B47: 3 | C47: 42131708 | D47: 2504817 | E47: PAQUETE CALIENTE HUMEDO CERVICAL | F47: MATERIAL: TELA IMPERMEABILIZADA DURABLE, ALTA RESISTENCIA AL CALOR, PROPIEDAD ANTI-BACTERIANA, CONSERVA EL CALOR POR MÁS DE 20 MINUTOS, FÁCIL LIMPIEZA. TAMAÑO CERVICAL: 17 X 60 CM | G47: UND
A48: 37 | B48: 4 | C48: 42241802 | D48: 2502389 | E48: PAQUETE CALIENTE HUMEDO LUMBAR | F48: MATERIAL: TELA IMPERMEABILIZADA DURABLE, ALTA RESISTENCIA AL CALOR, PROPIEDAD ANTI-BACTERIANA, CONSERVA EL CALOR POR MÁS DE 20 MINUTOS, FÁCIL LIMPIEZA. TAMAÑO CERVICAL: 25 X 45 CM | G48: UND
A49: 38 | B49: 5 | C49: 42241802 | D49: 2502387 | E49: PAQUETE FRIO PROFESIONAL CERVICAL | F49: PLÁSTICO INFLABLE, GEL TERMICO, SELLADO CON RADIOFRECUENCIA, NO TÓXICO, FLEXIBLE EN TEMPERATURAS DESDE – 11°C SIN CONGELARSE, PROPIEDAD ANTIBACTERIANA DE FÁCIL LIMPIEZA. TAMAÑO CERVICAL 60X18CM | G49: UND
A50: 39 | B50: 6 | C50: 42241802 | D50: 2502390 | E50: PAQUETE FRIO PROFESIONAL LUMBAR | F50: PLÁSTICO INFLABLE, GEL TERMICO, SELLADO CON RADIOFRECUENCIA, NO TÓXICO, FLEXIBLE EN TEMPERATURAS DESDE – 11°C SIN CONGELARSE, PROPIEDAD ANTIBACTERIANA DE FÁCIL LIMPIEZA. TAMAÑO LUMBAR 40X30CM | G50: UND
A51: 40 | B51: 7 | C51: 42181707 | E51: JUEGO DE ELECTRODOS MEDIANOS PARA TENS | F51: ELECTRODODOS CARBONADOS MEDIANOS PARA TENS CON FIJACION DE PIN | G51: PAR
A52: 41 | B52: 8 | C52: 60104617 | D52: 2505752 | E52: TUBING KIT EXTRA REFUERZO NORTH COAST X METRO REF. ZANC91107-KIT | F52: TUBING KIT EXTRA REFUERZO NORTH COAST X METRO REF. ZANC91107-KIT | G52: UND
A53: VALOR GRUPO 5. REHABILITACION
A54: GRUPO No.6 CORTOPUNZANTES
A55: 42 | B55: 1 | C55: 42142523 | D55: 2500063 | E55: AGUJA HIPODÉRMICA 18G | F55: AGUJA HIPODÉRMICA ESTERIL N. 18GX 1 1/2", CONFORMADA CON LUER, CANULA Y PROTECTOR DE CANULA, EMPATE UNIVERSAL BLISTER, UN SOLO USO | G55: UND
A56: 43 | B56: 2 | C56: 42142523 | D56: 2500623 | E56: AGUJA HIPODÉRMICA 20G | F56: AGUJA HIPODÉRMICA ESTERIL N. 20GX1 1/2", CONFORMADA CON LUER, CANULA Y PROTECTOR DE CANULA, EMPATE UNIVERSAL BLISTER, UN SOLO USO | G56: UND
A57: 44 | B57: 3 | C57: 42142523 | D57: 2500622 | E57: AGUJA HIPODÉRMICA 21G | F57: AGUJA HIPODÉRMICA ESTÉRIL 21GX1 1/2", CONFORMADA CON LUER, CÁNULA Y PROTECTOR DE CÁNULA, EMPATE UNIVERSAL BLISTER, UN SOLO USO | G57: UND
A58: 45 | B58: 4 | C58: 42142523 | D58: 2500064 | E58: AGUJA HIPODÉRMICA 23G | F58: AGUJA HIPODÉRMICA ESTERIL N. 23GX1 1/2" CONFORMADA CON LUER, CANULA Y PROTECTOR DE CANULA, EMPATE UNIVERSAL BLISTER. UN SOLO USO | G58: UND
A59: 46 | B59: 5 | C59: 42221504 | D59: 2500220 | E59: CATETER I V, N° 16 G X 1 1/4 | F59: CATETER INTRAVENOSO N 16 G X 1 ¼. USO UNICO, ESTERILIZADO EN OXIDO DE ETILENO, LIBRE DE PIROGENOS. AGUJA TRIBICELADA O PENTABISELADA, LIBRE DE LATEX, QUE CONSTA DE TRES PARTES: CATETER, AGUJA Y/O CANULA Y MECANISMO DE SEGURIDAD. ELABORADO EN MATERIAL BIOCOMPATIBLE (POLIURETANO). | G59: UND
A60: 47 | B60: 6 | C60: 42221504 | D60: 2500219 | E60: CATETER IV, N° 18 G X 1 1/4 | F60: CATETER INTRAVENOSO N° 18 G X 1 ¼. USO UNICO, ESTERILIZADO EN OXIDO DE ETILENO, LIBRE DE PIROGENOS. AGUJA TRIBICELADA O PENTABISELADA LIBRE DE LATEX, QUE CONSTA DE TRES PARTES: CATETER, AGUJA Y/O CANULA Y MECANISMO DE SEGURIDAD . ELABORADO EN MATERIAL BIOCOMPATIBLE (POLIURETANO). | G60: UND
A61: 48 | B61: 7 | E61: Cateter venoso retractil No 18 | F61: Cateter antioinchazo, norma botiquin. | G61: UND
A62: 49 | B62: 8 | C62: 42221504 | D62: 2500218 | E62: CATETER I V, N° 20 G X 1 1/4 | F62: CATETER INTRAVENOSO N 20 G X 1 ¼. USO UNICO, ESTERILIZADO EN OXIDO DE ETILENO, LIBRE DE PIROGENOS. AGUJA TRIBICELADA, LIBRE DE LATEX, QUE CONSTA DE TRES PARTES: CATETER, AGUJA Y/O CANULA Y MECANISMO DE SEGURIDAD. ELABORADO EN MATERIAL BIOCOMPATIBLE (POLIURETANO,). | G62: UND
A63: 50 | B63: 9 | C63: 42221504 | D63: 2500215 | E63: CATETER I V, N° 22 G X 1 | F63: CATETER INTRAVENOSO N 22G X 1G. USO UNICO, ESTERILIZADO EN OXIDO DE ETILENO, LIBRE DE PIROGENOS. AGUJA TRIBICELADA, LIBRE DE LATEX, QUE CONSTA DE TRES PARTES: CATETER, AGUJA Y/O CANULA Y MECANISMO DE SEGURIDAD. ELABORADO EN MATERIAL BIOCOMPATIBLE (POLIURETANO). | G63: UND
A64: 51 | B64: 10 | C64: 42221504 | D64: 2500216 | E64: CATETER I V, N° 24 G X 3/4 | F64: CATETER INTRAVENOSO N 24 G X 3/4 USO UNICO, ESTERILIZADO EN OXIDO DE ETILENO, LIBRE DE PIROGENOS. AGUJA TRIBICELADA, LIBRE DE LATEX, QUE CONSTA DE TRES PARTES: CATETER, AGUJA Y/O CANULA Y MECANISMO DE SEGURIDAD. ELABORADO EN MATERIAL BIOCOMPATIBLE (POLIURETANO,). | G64: UND
A65: 52 | B65: 11 | C65: 42142609 | D65: 2584762 | E65: JERINGA DE 1 ML, 30 G X 1/2 | F65: JERINGA DE 1 CC, COMPUESTA POR CILINDRO Y CUERPO DE CILINDRO, ALAS DE SUJECION, EMBOLO, PISTON, DISCO DE EMPUJE Y ESCALA VOLUMETRICA; AGUJA INTEGRADA N° 30 X 1/2" EMPAQUE INDIVIDUAL DE PAPEL MICROPOROSO, PELICULA PLASTICA, IMPRESIÓN Y LENGUETAS QUE FACILITEN SU APERTURA | G65: UND
A66: 53 | B66: 12 | C66: 42142609 | D66: 2584760 | E66: JERINGA DE 1ML, 25 G (3 PARTES) | F66: JERINGA DE 1 CC, COMPUESTA POR CILINDRO Y CUERPO DE CILINDRO, ALAS DE SUJECIÓN, EMBOLO, PISTÓN, DISCO DE EMPUJE Y ESCALA VOLUMÉTRICA; AGUJA HIPODÉRMICA DE 25 G, DE EMPAQUE INDIVIDUAL DE PAPEL MICROPOROSO, PELÍCULA PLÁSTICA, IMPRESIÓN Y LENGÜETAS QUE FACILITEN SU APERTURA | G66: UND
A67: 54 | B67: 13 | C67: 42142609 | D67: 2503411 | E67: JERINGA 1ML PARA INSULINA ULTRA FINE 13 MM LARGO (1/2") CALIBRE 30 | F67: JERINGA DE 1 ML, COMPUESTA POR CILINDRO Y CUERPO DE CILINDRO, ALAS DE SUJECIÓN; EMBOLO, PISTÓN, DISCO DE EMPUJE Y ESCALA VOLUMÉTRICA, DE EMPAQUE INDIVIDUAL DE PAPEL MICROPOROSO, PELÍCULA PLÁSTICA, IMPRESIÓN Y LENGÜETAS QUE FACILITEN SU APERTURA - AGUJA ULTRA FINE 13 MM LARGO (1/2") CALIBRE 30 GROSOR | G67: UND
A68: 55 | B68: 14 | C68: 42142609 | D68: 2501227 | E68: JERINGA 3 ML 21G X 1 1/2 (3 PARTES) | F68: JERINGA DE 3 CC, COMPUESTA POR CILINDRO Y CUERPO DE CILINDRO, ALAS DE SUJECION, EMBOLO, PISTON, DISCO DE EMPUJE Y ESCALA VOLUMETRICA; AGUJA INTEGRADA N° 21 X 1 ½. EMPAQUE INDIVIDUAL DE PAPEL MICROPOROSO, Y/O PLASTICO; ESTERIL GRADO MÉDICO, PELICULA PLASTICA, IMPRESIÓN Y LENGUETAS QUE FACILITEN SU APERTURA. | G68: UND
A69: 56 | B69: 15 | C69: 42142609 | D69: 2501228 | E69: JERINGA 5 ML 21G X 1 1/2 (3 PARTES) | F69: JERINGA DE 5 CC, COMPUESTA POR CILINDRO Y CUERPO DE CILINDRO, ALAS DE SUJECION, EMBOLO, PISTON, DISCO DE EMPUJE Y ESCALA VOLUMETRICA; AGUJA INTEGRADA N° 21. EMPAQUE INDIVIDUAL DE PAPEL MICROPOROSO, Y/O PLASTICO; ESTERIL GRADO MÉDICO, PELICULA PLASTICA, IMPRESIÓN Y LENGUETAS QUE FACILITEN SU APERTURA. | G69: UND
A70: 57 | B70: 16 | C70: 42142609 | D70: 2500001 | E70: JERINGA 10 ML 21G X 1 1/2 (3 PARTES) | F70: JERINGA DE 10 CC, COMPUESTA POR CILINDRO Y CUERPO DE CILINDRO, ALAS DE SUJECION, EMBOLO, PISTON, DISCO DE EMPUJE Y ESCALA VOLUMETRICA; AGUJA INTEGRADA N° 21. EMPAQUE INDIVIDUAL DE PAPEL MICROPOROSO, Y/O PLASTICO; ESTERIL GRADO MÉDICO, PELICULA PLASTICA, IMPRESIÓN Y LENGUETAS QUE FACILITEN SU APERTURA. | G70: UND
A71: 58 | B71: 17 | C71: 42142609 | D71: 2502243 | E71: JERINGA 20 ML 21G 1 1/2 | F71: JERINGA DE 20 CC, COMPUESTA POR CILINDRO Y CUERPO DE CILINDRO, ALAS DE SUJECION, EMBOLO, PISTON, DISCO DE EMPUJE Y ESCALA VOLUMETRICA; AGUJA INTEGRADA N° 21. EMPAQUE INDIVIDUAL DE PAPEL MICROPOROSO, Y/O PLASTICO; ESTERIL GRADO MÉDICO, PELICULA PLASTICA, IMPRESIÓN Y LENGUETAS QUE FACILITEN SU APERTURA. | G71: UND
A72: 59 | B72: 18 | C72: 42142609 | D72: 2584110 | E72: JERINGA 50CC (3 PARTES) | F72: JERINGA DE 50 CC, COMPUESTA POR CILINDRO Y CUERPO DE CILINDRO, ALAS DE SUJECION, EMBOLO, PISTON, DISCO DE EMPUJE Y ESCALA VOLUMETRICA; AGUJA INTEGRADA N° 21. EMPAQUE INDIVIDUAL DE PAPEL MICROPOROSO, Y/O PLASTICO; ESTERIL GRADO MÉDICO, PELICULA PLASTICA, IMPRESIÓN Y LENGUETAS QUE FACILITEN SU APERTURA. | G72: UND
A73: 60 | B73: 19 | C73: 42142502 | D73: 2505439 | E73: AGUJA ESPINAL No. 26 PARA ANESTESIA REGIONAL SUBARACNOIDEA | F73: AGUJA ESPINAL No. 26 PARA ANESTESIA REGIONAL SUBARACNOIDEA, EN EMPAQUE ESTERIL GRADO MEDICO. TRANSPARENTE CON BISEL, CAMARA TRANSPARENTE. | G73: CAJA X 25
A74: 61 | B74: 20 | C74: 42142502 | D74: 2505439 | E74: AGUJA ESPINAL No. 27 PARA ANESTESIA REGIONAL SUBARACNOIDEA | F74: AGUJA ESPINAL No. 27 PARA ANESTESIA REGIONAL SUBARACNOIDEA. EN EMPAQUE ESTERIL GRADO MEDICO. TRANSPARENTE CON BISEL CAMARA TRANSPARENTE | G74: CAJA X 25
A75: VALOR GRUPO 6. CORTOPUNZANTES
A76: GRUPO No.7 SUTURAS
A77: 62 | B77: 1 | C77: 42292904 | D77: 2500766 | E77: MONOFILAMENTO DE POLIPROPILENO 0 AGUJA PUNTA REDONDA MEDIO CIRCULO DE 24MM HASTA 26MM LONG HEBRA 75CM | F77: SUTURA DE POLIPROPILENO TEÑIDO, ESTERIL NO ABSORBIBLE COMPUESTA POR UN ESTEREOISOMERO CRISTALINO ISOTÁCTICO DE POLIPROPILENO Y UNA POLIOLEFINA LINEAL SINTETICA, AZUL MONOFILAMENTO, CALIBRE 0, LONGITUD DE 75CM, AGUJA CURVA MEDIANA AHUSADA (CONT) FUERTE DE 1/2 CIRC, MONOFILAMENTO DE POLIPROPILENO 0 AGUJA PUNTA REDONDA MEDIO CIRCULO de 24 a 26MM LONG HEBRA 75CM | G77: SOBRE/UND
A78: 63 | B78: 2 | C78: 42292904 | D78: 2500771 | E78: POLIPROPILENO MONOFILAMENTO 2/0 | F78: POLIPROPILENO MONOFILAMENTO 2/0: SUTURA DE POLIPROPILENO TEÑIDO, ESTERIL NO ABSORBIBLE COMPUESTA POR UN ESTEREOISOMERO CRISTALINO ISOTÁCTICO DE POLIPROPILENO Y UNA POLIOLEFINA LINEAL SINTETICA, AZUL MONOFILAMENTO, CALIBRE 2/0 , AGUJA REVERSO CORTANTE RECTADE 60MM LONGITUD DE LA HEBRA DE 75 MM EMPAQUE PRIMARIO Y SECUNDARIO DEBEN SER SEGURO Y ERGONOMICO,LA SILUETA DE LA AGUJA MOSTRADA EN EL EMPAQUE DEBE SER LA DEL TAMAÑO REAL,EL ENSAMBLE DE LA AGUJA AL MATERIAL DE SUTURA DEBE SER FIRME,EMPAQUE QUE PERMITA MINIMA MEMORIA DE LA SUTURA. | G78: SOBRE/UND
A79: 64 | B79: 3 | C79: 42292904 | D79: 2500772 | E79: MONOFILAMENTO DE POLIPROPILENO 2-0, CON AGUJA 1/2 DE CIRCULO REDONDA | F79: SUTURA DE POLIPROPILENO, ESTERIL NO ABSORBIBLE COMPUESTA POR UN ESTEREOISOMERO CRISTALINO ISOTÁCTICO DE POLIPROPILENO Y UNA POLIOLEFINA LINEAL SINTETICA, AZUL MONOFILAMENTO. CON AGUJA DE 1/2 DE CIRCULO REDONDA DE 34 A 37 MM, CON UNA HEBRA DE MINIMO 40 CMS DE LONGITUD. | G79: SOBRE/UND
A80: 65 | B80: 4 | C80: 42292904 | D80: 2500776 | E80: MONOFILAMENTO DE POLIPROPILENO 3-0 AGUJA PUNTA CORTANTE DE 3/8 DE CIRCULO CORTANTE DE 24MM HASTA 26MM LONG HEBRA 45 HASTA 75CM | F80: SUTURA DE POLIPROPILENO TEÑIDO, ESTERIL NO ABSORBIBLE COMPUESTA POR UN ESTEREOISOMERO CRISTALINO ISOTÁCTICO DE POLIPROPILENO Y UNA POLIOLEFINA LINEAL SINTETICA, AZUL MONOFILAMENTO, CALIBRE 3/0 LONGITUD DE 45 HASTA 75CM, AGUJA CURVA REVERSO CORTANTE DE 3/8 CIRCULO | G80: SOBRE/UND
A81: 66 | B81: 5 | C81: 42292904 | D81: 2500782 | E81: MONOFILAMENTO DE POLIPROPILENO 4-0 AGUJA PUNTA REVERSO CORTANTE DE 3/8 DE CIRCULO DESDE 19 MM HASTA 20MM LONG HEBRA 45 HASTA 75CM | F81: SUTURA DE POLIPROPILENO TEÑIDO, ESTERIL NO ABSORBIBLE COMPUESTA POR UN ESTEREOISOMERO CRISTALINO ISOTÁCTICO DE POLIPROPILENO Y UNA POLIOLEFINA LINEAL SINTETICA, AZUL MONOFILAMENTO, CALIBRE 4-0 LONGITUD DE 45 HASTA 75CM, AGUJA CURVA PEQUEÑA CORTANTE DE 3/8 CIRCULO | G81: SOBRE/UND
A82: 67 | B82: 6 | C82: 42292904 | D82: 2582856 | E82: MONOFILAMENTO DE POLIPROPILENO 5-0 AGUJA PUNTA REVERSO CORTANTE DE 3/8 DE CIRCULO HASTA 16MM LONG HEBRA 45 HASTA 75CM | F82: SUTURA DE POLIPROPILENO TEÑIDO, ESTERIL NO ABSORBIBLE COMPUESTA POR UN ESTEREOISOMERO CRISTALINO ISOTÁCTICO DE POLIPROPILENO Y UNA POLIOLEFINA LINEAL SINTETICA, AZUL MONOFILAMENTO, CALIBRE 5-0 LONGITUD DE 45 HASTA 75CM, AGUJA CURVA PEQUEÑA CORTANTE DE 3/8 CIRCULO | G82: SOBRE/UND
A83: 68 | B83: 7 | C83: 42292904 | D83: 2500747 | E83: POLIGLACTINA 3-0 CON O SIN RECUBRIMIENTO ANTIBACTERIAL MULTIFILAMENTO SINTETICO ABSORBIBLE TRENZADO CON AGUJA PUNTA REDONDA AHUSADA DE MEDIO CIRCULO HASTA 26 MM LONG HEBRA 70 HASTA 90CM | F83: SUTURA ESTERIL, SINTETICA ABSORBIBLE POLIGLACTINA 910 CON O SIN RECUBRIMIENTO DE ANTIBACTERIAL, VIOLETA TENZADO, CALIBRE 3-0 LONGITUD DE 70 HASTA 90CM, CON AGUJA CURVA MEDIANA REDONDA 1/2 CIRCULO HASTA 26MM | G83: SOBRE/UND
A84: 69 | B84: 8 | C84: 42292904 | D84: 2500749 | E84: POLIGLACTINA 4-0 CON O SIN RECUBRIMIENTO ANTIBACTERIAL MULTIFILAMENTO SINTETICO ABSORBIBLE TRENZADO CON AGUJA PUNTA REDONDA DE MEDIO CIRCULO HASTA 17MM LONG HEBRA 70 A 75CM | F84: SUTURA ESTERIL, SINTETICA ABSORBIBLE POLIGLACTINA 910 CON O SIN RECUBRIMIENTO DE ANTIBACTERIAL, VIOLETA TRENZADO, CALIBRE 4-0 LONGITUD DE 70CM A 75CM, CON AGUJA CURVA AHUSADA REDONDA DE 1/2 CIRCULO HASTA 17MM | G84: SOBRE/UND
A85: 70 | B85: 9 | C85: 42292904 | D85: 2502286 | E85: POLIGLACTINA 5/0 CON O SIN RECUBRIMIENTO ANTIBACTERIAL MULTIFILAMENTO SINTETICO ABSORBIBLE TRENZADO CON AGUJA PUNTA CORTANTE DE 3/8 DE CIRCULO DESDE 13 MM LONG HEBRA 45 CM | F85: SUTURA ESTERIL, SINTETICA ABSORBIBLE POLIGLACTINA 910 CON O SIN RECUBRIMIENTO DE ANTIBACTERIAL, VIOLETA TRENZADA, CALIBRE 5-0 MULTIFILAMENTO, CON AGUJA PUNTA CORTANTE DE 3/8 CIRCULO DESDE 13MM LONG HEBRA 45CM | G85: SOBRE/UND
A86: 71 | B86: 10 | C86: 42292904 | D86: 2502281 | E86: SEDA 4/0 CON AGUJA ½ CIRCULO REDONDA | F86: SEDA TRENZADA SUTURA QUIRURGICA ESTERIL Y NO ABSORBIBLE, TEÑIDA DE NEGRO Y REVESTIDA RECUBIERTA 4/0, AGUJA 1/2 CIRCULO REDONDA DE 24 - 26 MM. CON UNA HEBRA DE 75 CM DE LONGITUD | G86: SOBRE/UND
A87: 72 | B87: 11 | C87: 42292904 | D87: 2500790 | E87: SEDA 3/0 CON AGUJA ½ CIRCULO REDONDA | F87: SEDA TRENZADA SUTURA QUIRURGICA ESTERIL Y NO ABSORBIBLE, TEÑIDA DE NEGRO Y REVESTIDA RECUBIERTA 3/0 , AGUJA 1/2 CIRCULO REDONDA DE 24 - 26 MM. CON UNA HEBRA DE 75 CM DE LONGITUD | G87: SOBRE/UND
A88: 73 | B88: 12 | C88: 42292904 | D88: 2565517 | E88: CATGUT CROMADO 4/0 CON AGUJA ½ CIRCULO REDONDA | F88: CATGUT CROMADO (GASTROINTESTINAL) 4/0 CON AGUJA MEDIO CIRCULO REDONDA DE 15 A 17 MM, CON LA HEBRA DE 70 CM DE LONGITUD | G88: SOBRE/UND
A89: VALOR GRUPO 7. SUTURA
A90: GRUPO No.8 CURACIONES
A91: 74 | B91: 1 | E91: Toallas alcoholadas | F91: Toallitas de alcohol con efecto bacteriostático ,para desinfección de piel y preparar sitio de venopuncion ,impregnada de alcohol isopropílico al 70% cada toallita está dispuesta en paquete individual. | G91: UND
A92: 75 | B92: 2 | C92: 51171630 | D92: 2502222 | E92: ACEITE MINERAL BLANCO, SOLVENTE | F92: ACEITE MINERAL BLANCO, SOLVENTE, MEZCLA DE HIDROCARBUROS LIQUIDOS, REFINADOS, PARAFINAS Y NAFTENICOS NATURALES. NO DEBE IRRITAR LA PIEL TOTALMENTE HIPOALERGENICO. | G92: FCO X 750 ML
A93: 76 | B93: 3 | C93: 41104213 | D93: 2502698 | E93: AGUA DESTILADA USO MEDICO | F93: AGUA DESTILADA USO MEDICO | G93: GALON X 3750 ML O GALON X 4000 ML
A94: 77 | B94: 4 | C94: 51102709 | D94: 2503875 | E94: AGUA OXIGENADA | F94: AGUA OXIGENADA | G94: FCO X 120 ML
A95: 78 | B95: 5 | E95: GEL ANTIBACTERIAL | F95: GEL ANTIBACTERIAL CON GLICERINA NEUTRO | G95: FCO X4L
A96: 79 | B96: 6 | C96: 51102710 | D96: 2504027 | E96: ALCOHOL ANTISEPTICO AL 70% PARA USO MEDICO | F96: SOLUCION HIDROALCOHOLICA EN LA QUE CADA 100 ML CONTIENE ENTRE 72.9 A 73.7 ML DE ALCOHOL ETILICO IMPOTABILIZADO 96%, USO ANTISEPTICO EXTERNO. | G96: FCO X 750 ML
A97: 80 | B97: 7 | C97: 42141502 | D97: 2503239 | E97: APLICADOR DE ALGODÓN, VARILLA ELABORADA EN MADERA | F97: APLICADOR DE ALGODÓN: VARILLA ELABORADA EN MADERA LARGOS DE GRAN RESISTENCIA; CON ALGODÓN 100% ABSORVENTE COMPACTO Y NO SE DESPRENDA CON EL USO NORMAL | G97: CAJA X 1000
A98: 81 | B98: 8 | C98: 42311518 | D98: 2500126 | E98: APOSITO OCULAR PARCHE AUTOADHESIVO EN MATERIAL MICROPOROSO, HIPOALERGENICO,TAMAÑO ADULTO. | F98: APOSITO OCULAR PARCHE AUTOADHESIVO EN MATERIAL MICROPOROSO, HIPOALERGENICO,TAMAÑO ADULTO. | G98: CAJA X 20
A99: 82 | B99: 9 | C99: 51211615 | D99: 2500148 | E99: BAJALENGUAS O DEPRESORES DE MADERA, | F99: BAJALENGUAS O DEPRESORES DE MADERA, PRESENTACION BOLSA X 20 A 25 UNIDADES | G99: BOLSA de 20 a 25 UNIDADES
A100: 83 | B100: 10 | C100: 2500417 | D100: 2500253 | E100: ESPARADRAPO DE TELA TIPO HOSPITALARIO DE FÁCIL RASGADO DE 10 YARDAS, 01 DE 1 PULGADA, 02 DE 2 PULGADAS, 01 DE 3 PULGADAS Y 01 DE 4 PULGADAS | F100: FIJACIÓN DE TODO TIPO Y TAMAÑO DE APÓSITOS Y VENDAJES. FIJACIÓN DE VENDAJES DE COMPRESIÓN. UNIVERSAL, CONFORTABLE, QUE SE ADAPTA PERFECTAMENTE A CUALQUIER PARTE DEL CUERPO. ELEVADA ADHESIVIDAD INICIAL Y PERMANENTE, INCLUSO BAJO FUERTE TENSIÓN, GRAN RESISTENCIA A LA TRACCIÓN: ADECUADO PARA LA FIJACIÓN DE VENDAJES DE COMPRESIÓN, QUE SE PUEDE CORTAR CON LOS DEDOS REPELENTE AL AGUA, PRÁCTICO: PERMITE ESCRIBIR EN SU SUPERFICIE .CONTIENE LÁTEX COMPOSICIÓN MASA ADHESIVA: ÓXIDO DE ZINC, CAUCHO Y RESINA SOPORTE: TEJIDO DE SEDA ARTIFICIAL (ACETATO DE CELULOSA) CO. TERMOESTABLE DE 0 A + 30º C | G100: TUBO X 5 ROLLOS
...

Sheet Anexo 03 - Estudio Mercado
A1: ANEXO 3. ESTUDIO DE MERCADO
A3: ESTRUCTURA CONTRATO MATERIAL MEDICO QUIRURGICO 2022
A5: NO ITEM GRAL | B5: CODIGO UNSPSC | C5: NUMERO DE MATERIAL | D5: DESCRIPCION | E5: ESPECIFICACION TECNICA | F5: PRESENTACIÓN | G5: VALOR HISTORICO CONTRATO 059 - 2022 | H5: VEYALTHY | I5: INSTRUMENTALIA | J5: ESTERILIZAR E.U. | K5: DINMED | L5: MERCADO LIBRE | M5: PROMEDIO VALORES | N5: MEDIANA | O5: MEDIA ARMONICA - PRECIO REFERENCIA
A6: ESTERILIZACION
A7: 1 | B7: 42281807 | C7: 2584099 | D7: ROLLO DE CINTA ADHESIVA TESTIGO PARA GARANTIZAR LA ESTERILIDAD DE MATERIAL EXPUESTO EN AUTOCLAVE A VAPOR DE BAJA TEMPERATURA CON FORMALDEHIDO DE GRADO QUIRÚRGICO. | E7: CINTA ADHESIVA DE PAPEL COMPATIBLE CON SISTEMA DE ESTERILIZACION MATACHANA POR VAPOR A BAJA TEMPERATURA CON FORMALFEHIDO 130LF (VBTF). DIMENSIONES 1,80CM X 50 MTS, HASTA 2 CM X 50 MTS, DE ALTA RESISTENCIA, EN LA QUE HAY POR UN LADO ADHESIVO Y POR EL OTRO LADO EL INDICADOR QUIMICO. CON CAMBIO DE COLOR DE LA TINTA INDICADORA DE GRANATE A VERDE. | F7: ROLLO | G7: 46736 | H7: 65450 | I7: 63828 | M7: =+AVERAGE(G7:L7) -> 58671.333 | N7: =+MEDIAN(G7:L7) -> 63828 | O7: =+HARMEAN(G7,H7,I7,J7,K7,L7) -> 57314.554
A8: =+A7+1 -> 2 | B8: 42281803 | C8: 000000000002584099 | D8: ROLLO DE CINTA ADHESIVA TESTIGO PARA GARANTIZAR LA ESTERILIDAD DE MATERIAL EXPUESTO EN AUTOCLAVE A VAPOR DE ALTA TEMPERATURA, DE GRADO QUIRÚRGICO. | E8: CINTA ADHESIVA COMPATIBLE CON SISTEMA DE ESTERILIZACION DE AUTOCLAVE A VAPOR DE ALTA TEMPERATURA. DIMENSIONES 1,80CM, X 50 MTS, HASTA 2 CM X 50 MTS, DE ALTA RESISTENCIA, LIBRE DE PLOMO, EN LA QUE HAY POR UN LADO ADHESIVO Y POR EL OTRO LADO EL INDICADOR QUIMICO. CON CAMBIO DE COLOR DE LA TINTA INDICADORA. | F8: ROLLO | G8: 26824.8 | H8: 45220 | M8: =+AVERAGE(G8:L8) -> 36022.4 | N8: =+MEDIAN(G8:L8) -> 36022.4 | O8: =+HARMEAN(G8,H8,I8,J8,K8,L8) -> 33673.977
A9: =+A8+1 -> 3 | B9: 42281904 | C9: 000000000002500005 | D9: BOLSA PARA ESTERILIZAR A VAPOR, DE MEDIDAS 135 MM X 255 MM (5 ¼’ X 10’) | E9: BOLSA PAPEL PLASTICO PARA ESTERILIZAR A VAPOR, INDICADOR QUÍMICO PARA VAPOR Y ÓXIDO DE ETILENO, DE MEDIDAS 135 MM X 255 MM (5 ¼’ X 10’), CON UN RANGO DE MÁS O MENOS 15%”. | F9: CAJA X 200 | G9: 54612.153 | H9: 49980 | I9: 46519 | M9: =+AVERAGE(G9:L9) -> 50370.384 | N9: =+MEDIAN(G9:L9) -> 49980 | O9: =+HARMEAN(G9,H9,I9,J9,K9,L9) -> 50154.192
A10: =+A9+1 -> 4 | B10: 42281810 | C10: 000000000002500005 | D10: BOLSA PARA ESTERILIZAR A VAPOR DE 90 MM X 230 MM A 260 MM | E10: BOLSA PARA ESTERILIZAR A VAPOR CON INDICADOR QUÍMICO PARA VAPOR Y ÓXIDO DE ETILENO, CON MEDIDAS DE 90 MM X 230 MM A 260 MM | F10: CAJA X 200 | G10: 41403.903 | H10: 34510 | I10: 33537 | M10: =+AVERAGE(G10:L10) -> 36483.634 | N10: =+MEDIAN(G10:L10) -> 34510 | O10: =+HARMEAN(G10,H10,I10,J10,K10,L10) -> 36167.572
A11: =+A10+1 -> 5 | B11: 42281706 | C11: 2584094 | D11: TEST BOWIE DICK CAJA X 50 | E11: HOJA DE PRUEBA DE ADVERTENCIA TEMPRANA PARA PROBAR LOS ESTERILIZADORES A VAPOR ASISTIDOS CON VACIO DE 132 A 134° CENTIGRADOS INDICA LA EFICIENCIA DE LA ELIMICIÓN DEL AIRE DURANTE LA FASE DE VACIO DEL ESTERILIZADOR | F11: CAJA X 50 | G11: 694868.42 | H11: 353430 | M11: =+AVERAGE(G11:L11) -> 524149.21 | N11: =+MEDIAN(G11:L11) -> 524149.21 | O11: =+HARMEAN(G11,H11,I11,J11,K11,L11) -> 468544.72
A12: =+A11+1 -> 6 | B12: 42281915 | C12: 2501244 | D12: ROLLO EN PAPEL MIXTO PARA ESTERILIZAR A VAPOR | E12: ROLLO EN PAPEL MIXTO PARA ESTERILIZAR A VAPOR: 15X200MT, GRADO MEDICO, PARA EL ENVOLVIMIENTO Y PROTECCION DE MATERIAL ESTERIL QUIRUGICO | F12: ROLLO | G12: 172634.67 | H12: 242760 | I12: 216485 | M12: =+AVERAGE(G12:L12) -> 210626.56 | N12: =+MEDIAN(G12:L12) -> 216485 | O12: =+HARMEAN(G12,H12,I12,J12,K12,L12) -> 206453.29
A13: =+A12+1 -> 7 | B13: 42281915 | C13: 2501247 | D13: ROLLO EN PAPEL MIXTO PARA ESTERILIZAR A VAPOR | E13: ROLLO EN PAPEL MIXTO PARA ESTERILIZAR A VAPOR: DE MEDIDAS 40 X 200 MT (CON UN RANGO DE MÁS O MENOS 15%), GRADO MEDICO, PARA EL ENVOLVIMIENTO Y PROTECCION DE MATERIAL ESTERIL QUIRUGICO | F13: ROLLO | G13: 470373.5 | H13: 749700 | M13: =+AVERAGE(G13:L13) -> 610036.75 | N13: =+MEDIAN(G13:L13) -> 610036.75 | O13: =+HARMEAN(G13,H13,I13,J13,K13,L13) -> 578061.92
A14: =+A13+1 -> 8 | B14: 13111201 | C14: 2501247 | D14: ROLLO EN PAPEL MIXTO PARA ESTERILIZAR A VAPOR | E14: ROLLO EN PAPEL MIXTO PARA ESTERILIZAR A VAPOR: 30X200MT, GRADO MEDICO, PARA EL ENVOLVIMIENTO Y PROTECCION DE MATERIAL ESTERIL QUIRUGICO, SIN FUELLE | F14: ROLLO | G14: 247258.17 | H14: 464100 | M14: =+AVERAGE(G14:L14) -> 355679.09 | N14: =+MEDIAN(G14:L14) -> 355679.09 | O14: =+HARMEAN(G14,H14,I14,J14,K14,L14) -> 322629.37
A15: =+A14+1 -> 9 | B15: 51102708 | C15: 1144198 | D15: PAPEL VINIPEL | E15: MATERIAL TERMOPLÁSTICO CON PROPIEDADES DE ELONGACIÓN Y RETENCIÓN DE CARGA, ASEGURAMIENTO Y PROTECCIÓN EN MOVIMIENTO Y TRANSPORTE. LOS ROLLOS VIENEN ENVUELTOS EN STRETCH FILM PARA EVITAR CONTAMINACIÓN DEL PRODUCTO Y CUNETA CON PROTECCIÓN DEL CARTÓN EN LOS BORDES PARA EVITAR DAÑOS DURANTE EL TRANSPORTE Y MANIPULACIÓN. EMPAQUE 15 a 30CM X 300MT | F15: ROLLO | G15: 19954.25 | H15: 24990 | I15: 22234 | M15: =+AVERAGE(G15:L15) -> 22392.75 | N15: =+MEDIAN(G15:L15) -> 22234 | O15: =+HARMEAN(G15,H15,I15,J15,K15,L15) -> 22204.655
A16: =+A15+1 -> 10 | B16: 42281915 | C16: 2501238 | D16: PAPEL PARA ESTERILIZAR | E16: ROLLO DE PAPEL DE GRADO MEDICO, PARA EL ENVOLVIMIENTO Y PROTECCIÓN DE MATERIAL ESTÉRIL QUIRÚRGICO, DE 38 A 60 CM X 100 METROS | F16: ROLLO | G16: 173817.67 | H16: 178500 | M16: =+AVERAGE(G16:L16) -> 176158.83 | N16: =+MEDIAN(G16:L16) -> 176158.83 | O16: =+HARMEAN(G16,H16,I16,J16,K16,L16) -> 176127.72
A17: ELEMENTOS DE CIRUGIA
A18: =+A16+1 -> 11 | B18: 42295143 | C18: 2505276 | D18: LAPIZ PARA ELECTROBISTURÍ | E18: LAPIZ PARA ELECTROBISTURÍ COMPATIBLE SISTEMA VALLEYLABS O SU EQUIVALENTE. ESTERIL | F18: UND | G18: 14274.062 | H18: 14280 | I18: 15074 | M18: =+AVERAGE(G18:L18) -> 14542.688 | N18: =+MEDIAN(G18:L18) -> 14280 | O18: =+HARMEAN(G18:L18) -> 14533.156
A19: =+A18+1 -> 12 | B19: 42295143 | C19: 2500291 | D19: PLACA DE ELECTROCAUTERIO | E19: PLACA DE ELECTROCAUTERIO DESECHABLE, COMPATIBLE CON EQUIPO VALLEY LAB CON CABLE Y CONECTOR. PARA ADULTO | F19: UND | G19: 17763.71 | H19: 22610 | M19: =+AVERAGE(G19:L19) -> 20186.855 | N19: =+MEDIAN(G19:L19) -> 20186.855 | O19: =+HARMEAN(G19:L19) -> 19895.991
A20: =+A19+1 -> 13 | B20: 42181708 | C20: 2503282 | D20: ELECTRODOS DESECHABLES PARA MONITORIZACION ADULTOS | E20: ELECTRODOS HIPOALERGENICOS SIN LATEX, NO TEJIDO, CON GEL COMPACTO (NO SE TRANSFIERE AL ADHESIVO NI AL PACIENTE), CON SOPORTE DE ESPUMA PERMITE UNA APLICACION RAPIDA, FACIL Y SEGURA DURANTE MINIMO 24 HORAS, OJAL EN PLATA: CLORURO DE PLATA. PERMITE UN APROPIADO REGISTRO, BROCHE EN ACERO INOXIDABLE O NIQUEL, RESPALDO EN PELICULA DE POLIPROPILENO O POLIETILENO, CONEXION ESTANDAR DEL BROCHE, AJUSTA EN TODOS LOS SISTEMAS.CON BROCHE DE SEGURIDAD | F20: BOLSA X 50 | G20: 21774.25 | H20: 39270 | M20: =+AVERAGE(G20:L20) -> 30522.125 | N20: =+MEDIAN(G20:L20) -> 30522.125 | O20: =+HARMEAN(G20:L20) -> 28014.917
A21: =+A20+1 -> 14 | B21: 42181707 | C21: 2504511 | D21: ELECTRODOS DESECHABLES EKG PEDIATRICO | E21: ELECTRODOS HIPOALERGENICOS SIN LATEX NO TEJIDO CON GEL COMPACTO (NO SE TRANSFIERE AL ADHESIVO NI AL PACIENTE), CON SOPORTE DE ESPUMA PERMITE UNA APLICACION RAPIDA, FACIL Y SEGURA DURANTE MINIMO 24 HORAS, OJAL EN PLATA: CLORURO DE PLATA. PERMITE UN APROPIADO REGISTRO, BROCHE EN ACERO INOXIDABLE O NIQUEL, RESPALDO EN PELICULA DE POLIPROPILENO O POLIETILENO, CONEXION ESTANDAR DEL BROCHE, AJUSTA EN TODOS LOS SISTEMAS.CON BROCHE DE SEGURIDAD | F21: BOLSA X 50 | G21: 24935.75 | H21: 39270 | M21: =+AVERAGE(G21:L21) -> 32102.875 | N21: =+MEDIAN(G21:L21) -> 32102.875 | O21: =+HARMEAN(G21:L21) -> 30502.779
A22: =+A21+1 -> 15 | B22: 42181707 | C22: 2503282 | D22: ELECTRODO (PARCHE) DESECHABLE PARA PARA DESFIBRILADOR EXTERNO (DEA) ADULTO. | E22: ELECTRODO (PARCHE) DESECHABLE PARA ADULTO, REFERENCIA 0-21-0013 - SCHILLER PARA DESFIBRILADOR EXTERNO - FREED EASY. DE 75 CM2 DE SUPERFICIE ACTIVA POR ELECTRODO, LONGITUD DEL CABLE 2 M. | F22: UND | G22: 476689.51 | H22: 583100 | I22: 495925 | M22: =+AVERAGE(G22:L22) -> 518571.5 | N22: =+MEDIAN(G22:L22) -> 495925 | O22: =+HARMEAN(G22:L22) -> 514649.74
A23: =+A22+1 -> 16 | B23: 42181715 | C23: 000000000002503935 | D23: GEL CONDUCTOR PARA ULTRASONIDO | E23: JALEA CONDUCTIVA (GEL ULTRASONIDO), VISCOSO NEUTRO, HIDROSOLUBLE, HIPOALERGÉNICO DE ALTA CONDUCCIÓN, COLOR AZUL, PARA USO EN PROCEDIMIENTOS DE IMÁGENES DIAGNÓSTICAS, Y OTROS PROCEDIMIENTOS, EL CUAL FACILITA LA TRANSMISIÓN DE ONDAS DE ULTRASONIDO E IMPULSOS ELECTRICOS. INDICADO PARA USO EN EQUIPOS DE ELECTRO ESTIMULACIÓN, TERAPIA FÍSICA ENTRE OTROS PROCEDIMIENTOS. QUE NO MANCHE, NO DETERIORE LOS TRANSDUCTORES, NO GRASO, NO CONTENGA SALES, ALCOHOLES NI FRAGANCIAS. | F23: FCO X 250 ML | G23: 5964.25 | H23: 8500 | I23: 6889 | M23: =+AVERAGE(G23:L23) -> 7117.75 | N23: =+MEDIAN(G23:L23) -> 6889 | O23: =+HARMEAN(G23:L23) -> 6969.0995
A24: =+A23+1 -> 17 | B24: 42181715 | C24: 2504235 | D24: GEL CONDUCTIVA | E24: GEL PARA USO CON ELECTRODO DE SUPERFICIE Y LA PIEL DEL PACIENTE | F24: FRASCO ENTRE 8 A 9 ONZ | G24: 106014.42 | H24: 48000 | M24: =+AVERAGE(G24:L24) -> 77007.208 | N24: =+MEDIAN(G24:L24) -> 77007.208 | O24: =+HARMEAN(G24:L24) -> 66080.723
A25: =+A24+1 -> 18 | B25: 42181715 | C25: 000000000002502424 | D25: GEL CONDUCTOR PARA ULTRASONIDO | E25: JALEA CONDUCTIVA (GEL ULTRASONIDO), VISCOSO NEUTRO, HIDROSOLUBLE, HIPOALERGÉNICO DE ALTA CONDUCCIÓN, COLOR AZUL, PARA USO EN PROCEDIMIENTOS DE IMÁGENES DIAGNÓSTICAS, Y OTROS PROCEDIMIENTOS, EL CUAL FACILITA LA TRANSMISIÓN DE ONDAS DE ULTRASONIDO E IMPULSOS ELECTRICOS. INDICADO PARA USO EN EQUIPOS DE ELECTRO ESTIMULACIÓN, TERAPIA FÍSICA ENTRE OTROS PROCEDIMIENTOS. QUE NO MANCHE, NO DETERIORE LOS TRANSDUCTORES, NO GRASO, NO CONTENGA SALES, ALCOHOLES NI FRAGANCIAS. | F25: GALON | G25: 28361.7 | H25: 51000 | I25: 41684 | M25: =+AVERAGE(G25:L25) -> 40348.567 | N25: =+MEDIAN(G25:L25) -> 41684 | O25: =+HARMEAN(G25:L25) -> 38043.701
A26: =+A25+1 -> 19 | B26: 42295406 | C26: 2503299 | D26: COMPRESA ESTERIL CON CINTA RADIO-OPACA | E26: COMPRESA ESTERIL CON CINTA RADIO-OPACA: COMPRESA QUIRURGICA ALTAMENTE ABSORBENTE CON CINTA EN MATERIAL RADIO-OPACO, PRELAVADA, 100% ALGODÓN, MEDIDAS 45 X 45CM, MINIMO 4 CAPAS CON COSTURA INTERNA. PAQUETE POR 5 UNIDADES, ESTERIL | F26: PAQ X 5 | G26: 13053.4 | H26: 14000 | I26: 15500 | M26: =+AVERAGE(G26:L26) -> 14184.467 | N26: =+MEDIAN(G26:L26) -> 14000 | O26: =+HARMEAN(G26:L26) -> 14114.121
A27: =+A26+1 -> 20 | B27: 42291613 | C27: 2500546 | D27: HOJAS DE BISTURI N° 11 | E27: HOJA DE BISTURI N° 11, EN ACERO AL CARBONO, FLEXIBLE, EXCELENTE CORTE DE ALTA RESISTENCIA, EMPAQUE INDIVIDUAL Y DE FACIL APERTURA, ESTERIL. EN PRESENTACIÓN DE CAJA X 100 UNIDADES | F27: CAJA X 100 | G27: 34318 | H27: 60690 | I27: 75764 | M27: =+AVERAGE(G27:L27) -> 56924 | N27: =+MEDIAN(G27:L27) -> 60690 | O27: =+HARMEAN(G27:L27) -> 51007.147
A28: =+A27+1 -> 21 | B28: 42291613 | C28: 2500547 | D28: HOJAS DE BISTURI N° 12 | E28: HOJA DE BISTURI N° 12, EN ACERO AL CARBONO, FLEXIBLE, EXCELENTE CORTE DE ALTA RESISTENCIA, EMPAQUE INDIVIDUAL Y DE FACIL APERTURA, ESTERIL. EN PRESENTACIÓN DE CAJA X 100 UNIDADES | F28: CAJA X 100 | G28: 34318 | H28: 60690 | I28: 75764 | M28: =+AVERAGE(G28:L28) -> 56924 | N28: =+MEDIAN(G28:L28) -> 60690 | O28: =+HARMEAN(G28:L28) -> 51007.147
A29: =+A28+1 -> 22 | B29: 42291613 | C29: 2500548 | D29: HOJAS DE BISTURI N° 15 | E29: HOJA DE BISTURI N° 15, EN ACERO AL CARBONO, FLEXIBLE, EXCELENTE CORTE DE ALTA RESISTENCIA, EMPAQUE INDIVIDUAL Y DE FACIL APERTURA, ESTERIL. EN PRESENTACIÓN DE CAJA X 100 UNIDADES | F29: CAJA X 100 | G29: 34318 | H29: 60690 | I29: 75764 | M29: =+AVERAGE(G29:L29) -> 56924 | N29: =+MEDIAN(G29:L29) -> 60690 | O29: =+HARMEAN(G29:L29) -> 51007.147
A30: =+A29+1 -> 23 | B30: 42291613 | C30: 2500549 | D30: HOJAS DE BISTURI N° 20 | E30: HOJA DE BISTURI N° 20, EN ACERO AL CARBONO, FLEXIBLE, EXCELENTE CORTE DE ALTA RESISTENCIA, EMPAQUE INDIVIDUAL Y DE FACIL APERTURA, ESTERIL. EN PRESENTACIÓN DE CAJA X 100 UNIDADES | F30: CAJA X 100 | G30: 32187.9 | H30: 60690 | I30: 75764 | M30: =+AVERAGE(G30:L30) -> 56213.967 | N30: =+MEDIAN(G30:L30) -> 60690 | O30: =+HARMEAN(G30:L30) -> 49387.891
A31: =+A30+1 -> 24 | B31: 12352319 | C31: 2504522 | D31: GUARDIAN DE CON DISPOSITIVODE SEGURIDAD ANTI-PINCHAZO DE 1,0 A 1,5 LTS | E31: RECIPIENTE DE PLÁSTICO RÍGIDO CON TAPA SELLANTE, PARA ELEMENTOS DE COLOR ROJO Y DEBIDAMENTE IDENTIFICADO CON EL ANAGRAMA DE RIESGO BIOLÓGICO, Y ROTULO PARA COLOCACIÓN DE DATOS COMO FECHA, CONTENIDO, RESPONSABLE, CON DISPOSITIVO DE SEGURIDAD ANTI-PINCHAZO DE 1,0 A 1,5 LTS. | F31: UND | G31: 4978.9 | H31: 5950 | I31: 5950 | M31: =+AVERAGE(G31:L31) -> 5626.3 | N31: =+MEDIAN(G31:L31) -> 5950 | O31: =+HARMEAN(G31:L31) -> 5586.7791
A32: =+A31+1 -> 25 | B32: 12352319 | C32: 2504522 | D32: GUARDIAN CON DISPOSITIV ODE SEGURIDAD ANTI-PINCHAZO DE 2,9 A3 LTS | E32: RECIPIENTE DE PLÁSTICO RÍGIDO CON TAPA SELLANTE, PARA ELEMENTOS DE COLOR ROJO Y DEBIDAMENTE IDENTIFICADO CON EL ANAGRAMA DE RIESGO BIOLÓGICO, Y ROTULO PARA COLOCACIÓN DE DATOS COMO FECHA, CONTENIDO, RESPONSABLE, CON DISPOSITIVO DE SEGURIDAD ANTI-PINCHAZO DE 2,9 A 3LTS. | F32: UND | H32: 13090 | I32: 7388 | M32: =+AVERAGE(G32:L32) -> 10239 | N32: =+MEDIAN(G32:L32) -> 10239 | O32: =+HARMEAN(G32:L32) -> 9445.1528
A33: =+A32+1 -> 26 | B33: 42142531 | C33: 2502240 | D33: GUARDIAN DE CON DISPOSITIVODE SEGURIDAD ANTI-PINCHAZO DE 2,5 A 3,0 LTS | E33: RECIPIENTE DE PLÁSTICO RÍGIDO CON TAPA SELLANTE, PARA ELEMENTOS DE COLOR ROJO Y DEBIDAMENTE IDENTIFICADO CON EL ANAGRAMA DE RIESGO BIOLÓGICO, Y ROTULO PARA COLOCACIÓN DE DATOS COMO FECHA, CONTENIDO, RESPONSABLE, CON DISPOSITIVO DE SEGURIDAD ANTI-PINCHAZO DE 2,5 A 3,0LTS. | F33: UND | G33: 6743.6 | H33: 9520 | I33: 8925 | M33: =+AVERAGE(G33:L33) -> 8396.2 | N33: =+MEDIAN(G33:L33) -> 8925 | O33: =+HARMEAN(G33:L33) -> 8210.7293
A34: ELEMENTOS DIAGNOSTICOS
A35: =+A33+1 -> 27 | B35: 42182206 | C35: 2501640 | D35: LAMINA PORTA OBJETO CON BORDE ESMERILADO | E35: LAMINA PORTA OBJETO CON BORDE ESMERILADO PARA BIOPISA, CAJA POR 50 UND | F35: CAJA X 50 UND | G35: 18162.75 | H35: 9639 | I35: 7574 | M35: =+AVERAGE(G35:L35) -> 11791.917 | N35: =+MEDIAN(G35:L35) -> 9639 | O35: =+HARMEAN(G35:L35) -> 10315.178
A36: =+A35+1 -> 28 | B36: 42182201 | C36: 2502701 | D36: TERMOMETRO DIGITAL | E36: TERMÓMETRO DIGITA, PUNTA FLEXIBLE Y ALARMA DE FIEBRE DE APROXIMADAMENTE 10 SEGUNDOS, LECTURA POR RECTAL Y ORAL, TERMÓMETRO MÉDICO IMPERMEABLE. | F36: UND | G36: 15353.25 | H36: 13090 | I36: 14875 | M36: =+AVERAGE(G36:L36) -> 14439.417 | N36: =+MEDIAN(G36:L36) -> 14875 | O36: =+HARMEAN(G36:L36) -> 14370.991
A37: =+A36+1 -> 29 | B37: 41116111 | C37: 2503238 | D37: CITO-FIJADOR CELULAR SPRAY | E37: FIJADOR HIDROSOLUBLE PARA CITOLOGÍA EXFOLIATIVA EN SPRAY DE 250 GR O 150 ML, CON UN RANGO DE MÁS O MENOS 10% | F37: UND | G37: 14849.2 | H37: 22610 | I37: 21777 | M37: =+AVERAGE(G37:L37) -> 19745.4 | N37: =+MEDIAN(G37:L37) -> 21777 | O37: =+HARMEAN(G37:L37) -> 19048.596
A38: DESECHABLES
A39: =+A37+1 -> 30 | B39: 42281902 | C39: 2502337 | D39: PAQUETE PEQUEÑA CIRUGIA, ESTERIL | E39: PAQUETE DE ROPA ESTERIL PARA PEQUEÑA CIRUGIA COMPUESTO POR: DE ABAJO HACIA ARRIBA: 2 ENVOLVEDERAS DE 180 X 150 CMS, 5 COMPRESAS DE 45 X 45 CMS., CON CINTA RADIOPACA, 1 CAMPO FENESTRADO DE 220 X 120 CMS. CON ORIFICIO SUPERIOR DE 15 X 15 CON REFUERZO Y ADHESIVO DE 1.5 DE ANCHO, 1 SABANA DE 1.45 X 180 CMS, 5 CAMPOS DE PIEL DE 90 X 90 CMS CON ADHESIVO., 1 CAMPO 80 X 80 SIN ADHESIVO, 1 FUNDA DE MAYO GRANDE CON REFUERZO SUPERIOR, 2 BATAS DE CIRUJANO TALLA XL CON PUÑO RESORTADO EN ALGODON, CON TOALLA DE MANOS, EN TELA DESECHABLE SMS DE 35 GRAMOS. ESTERIL, CON INDICADOR QUIMICO OE. | F39: UND | G39: 117591 | H39: 109480 | M39: =+AVERAGE(G39:L39) -> 113535.5 | N39: =+MEDIAN(G39:L39) -> 113535.5 | O39: =+HARMEAN(G39:L39) -> 113390.64
A40: =+A39+1 -> 31 | B40: 42295414 | C40: 2501209 | D40: TELA SMS ROLLO POR 200 MTS | E40: EN TELA SMS 40-45 GRAMOS ROLLO POR 200 MTS ANCHO MINIMO 60 MAXIMO 90 CMS ANTIALERGENICO | F40: ROLLO | G40: 192000 | H40: 89250 | M40: =+AVERAGE(G40:L40) -> 140625 | N40: =+MEDIAN(G40:L40) -> 140625 | O40: =+HARMEAN(G40:L40) -> 121856
A41: =+A40+1 -> 32 | B41: 42131705 | C41: 2503495 | D41: SABANA DESECHABLE RESORTADA | E41: SABANA DESEHABLE AJUSTABLE, PARA CAMILLA EN TELA SMS 35 GRAMOS, PUNTAS RESORTADAS PARA ACOMODACION A LA CAMILLA, TELA REPELENTE A FLUIDOS, RESISTENTE. MEDIDAS 2,10 A 2,50 X 1,10 A 1,50CMS, SIN ESTERILIZAR | F41: UND | G41: 5210.6875 | H41: 6545 | M41: =+AVERAGE(G41:L41) -> 5877.8438 | N41: =+MEDIAN(G41:L41) -> 5877.8438 | O41: =+HARMEAN(G41:L41) -> 5802.1191
A42: =+A41+1 -> 33 | B42: 42131705 | C42: 000000000002582832 | D42: SABANA DESECHABLE PLANA | E42: SABANA DESEHABLE PLANA, PARA CAMILLA EN TELA SMS 35 GRAMOS, PARA ACOMODACION A LA CAMILLA, TELA REPELENTE A FLUIDOS, RESISTENTE. MEDIDAS 2,40 - 250 X 2.0 - 2.20 MTS SIN ESTERILIZAR | F42: PAQ X 10 | G42: 34267 | H42: 80920 | M42: =+AVERAGE(G42:L42) -> 57593.5 | N42: =+MEDIAN(G42:L42) -> 57593.5 | O42: =+HARMEAN(G42:L42) -> 48145.809
A43: REHABILITACION
A44: =+A42+1 -> 34 | B44: 42142105 | C44: 2502386 | D44: PAQUETE CERVICAL CALIENTE | E44: PAQUETE CERVICAL CALIENTE | F44: UND | G44: 170937.5 | H44: 112000 | M44: =+AVERAGE(G44:L44) -> 141468.75 | N44: =+MEDIAN(G44:L44) -> 141468.75 | O44: =+HARMEAN(G44:L44) -> 135330.24
A45: =+A44+1 -> 35 | B45: 42142710 | C45: 2502389 | D45: PAQUETE LUMBAR CALIENTE | E45: PAQUETE LUMBAR CALIENTE | F45: UND | G45: 284290.25 | H45: 123000 | M45: =+AVERAGE(G45:L45) -> 203645.12 | N45: =+MEDIAN(G45:L45) -> 203645.12 | O45: =+HARMEAN(G45:L45) -> 171709
A46: =+A45+1 -> 36 | B46: 42131708 | C46: 2504817 | D46: PAQUETE CALIENTE HUMEDO CERVICAL | E46: MATERIAL: TELA IMPERMEABILIZADA DURABLE, ALTA RESISTENCIA AL CALOR, PROPIEDAD ANTI-BACTERIANA, CONSERVA EL CALOR POR MÁS DE 20 MINUTOS, FÁCIL LIMPIEZA. TAMAÑO CERVICAL: 17 X 60 CM | F46: UND | G46: 211646.5 | H46: 112000 | M46: =+AVERAGE(G46:L46) -> 161823.25 | N46: =+MEDIAN(G46:L46) -> 161823.25 | O46: =+HARMEAN(G46:L46) -> 146483.33
A47: =+A46+1 -> 37 | B47: 42241802 | C47: 2502389 | D47: PAQUETE CALIENTE HUMEDO LUMBAR | E47: MATERIAL: TELA IMPERMEABILIZADA DURABLE, ALTA RESISTENCIA AL CALOR, PROPIEDAD ANTI-BACTERIANA, CONSERVA EL CALOR POR MÁS DE 20 MINUTOS, FÁCIL LIMPIEZA. TAMAÑO CERVICAL: 25 X 45 CM | F47: UND | G47: 330626 | H47: 123000 | M47: =+AVERAGE(G47:L47) -> 226813 | N47: =+MEDIAN(G47:L47) -> 226813 | O47: =+HARMEAN(G47:L47) -> 179297.47
A48: =+A47+1 -> 38 | B48: 42241802 | C48: 2502387 | D48: PAQUETE FRIO PROFESIONAL CERVICAL | E48: PLÁSTICO INFLABLE, GEL TERMICO, SELLADO CON RADIOFRECUENCIA, NO TÓXICO, FLEXIBLE EN TEMPERATURAS DESDE – 11°C SIN CONGELARSE, PROPIEDAD ANTIBACTERIANA DE FÁCIL LIMPIEZA. TAMAÑO CERVICAL 60X18CM | F48: UND | G48: 174616.92 | H48: 102000 | M48: =+AVERAGE(G48:L48) -> 138308.46 | N48: =+MEDIAN(G48:L48) -> 138308.46 | O48: =+HARMEAN(G48:L48) -> 128776.83
A49: =+A48+1 -> 39 | B49: 42241802 | C49: 2502390 | D49: PAQUETE FRIO PROFESIONAL LUMBAR | E49: PLÁSTICO INFLABLE, GEL TERMICO, SELLADO CON RADIOFRECUENCIA, NO TÓXICO, FLEXIBLE EN TEMPERATURAS DESDE – 11°C SIN CONGELARSE, PROPIEDAD ANTIBACTERIANA DE FÁCIL LIMPIEZA. TAMAÑO LUMBAR 40X30CM | F49: UND | G49: 184253.67 | H49: 123000 | M49: =+AVERAGE(G49:L49) -> 153626.83 | N49: =+MEDIAN(G49:L49) -> 153626.83 | O49: =+HARMEAN(G49:L49) -> 147521.11
A50: =+A49+1 -> 40 | B50: 42181707 | D50: JUEGO DE ELECTRODOS MEDIANOS PARA TENS | E50: ELECTRODODOS CARBONADOS MEDIANOS PARA TENS CON FIJACION DE PIN | F50: PAR | G50: 56216 | H50: 53550 | M50: =+AVERAGE(G50:L50) -> 54883 | N50: =+MEDIAN(G50:L50) -> 54883 | O50: =+HARMEAN(G50:L50) -> 54850.624
A51: =+A50+1 -> 41 | B51: 60104617 | C51: 2505752 | D51: TUBING KIT EXTRA REFUERZO NORTH COAST X METRO REF. ZANC91107-KIT | E51: TUBING KIT EXTRA REFUERZO NORTH COAST X METRO REF. ZANC91107-KIT | F51: UND | G51: 167079.33 | H51: 196350 | M51: =+AVERAGE(G51:L51) -> 181714.67 | N51: =+MEDIAN(G51:L51) -> 181714.67 | O51: =+HARMEAN(G51:L51) -> 180535.93
A52: CORTOPUNZANTES
A53: =+A51+1 -> 42 | B53: 42142523 | C53: 2500063 | D53: AGUJA HIPODÉRMICA 18G | E53: AGUJA HIPODÉRMICA ESTERIL N. 18GX 1 1/2", CONFORMADA CON LUER, CANULA Y PROTECTOR DE CANULA, EMPATE UNIVERSAL BLISTER, UN SOLO USO | F53: UND | G53: 143.038 | H53: 238 | I53: 192.39 | M53: =+AVERAGE(G53:L53) -> 191.14267 | N53: =+MEDIAN(G53:L53) -> 192.39 | O53: =+HARMEAN(G53:L53) -> 183.03168
A54: =+A53+1 -> 43 | B54: 42142523 | C54: 2500623 | D54: AGUJA HIPODÉRMICA 20G | E54: AGUJA HIPODÉRMICA ESTERIL N. 20GX1 1/2", CONFORMADA CON LUER, CANULA Y PROTECTOR DE CANULA, EMPATE UNIVERSAL BLISTER, UN SOLO USO | F54: UND | G54: 135.18 | H54: 238 | I54: 184.45 | M54: =+AVERAGE(G54:L54) -> 185.87667 | N54: =+MEDIAN(G54:L54) -> 184.45 | O54: =+HARMEAN(G54:L54) -> 176.25547
A55: =+A54+1 -> 44 | B55: 42142523 | C55: 2500622 | D55: AGUJA HIPODÉRMICA 21G | E55: AGUJA HIPODÉRMICA ESTÉRIL 21GX1 1/2", CONFORMADA CON LUER, CÁNULA Y PROTECTOR DE CÁNULA, EMPATE UNIVERSAL BLISTER, UN SOLO USO | F55: UND | G55: 130.932 | H55: 238 | I55: 184.45 | M55: =+AVERAGE(G55:L55) -> 184.46067 | N55: =+MEDIAN(G55:L55) -> 184.45 | O55: =+HARMEAN(G55:L55) -> 173.80467
A56: =+A55+1 -> 45 | B56: 42142523 | C56: 2500064 | D56: AGUJA HIPODÉRMICA 23G | E56: AGUJA HIPODÉRMICA ESTERIL N. 23GX1 1/2" CONFORMADA CON LUER, CANULA Y PROTECTOR DE CANULA, EMPATE UNIVERSAL BLISTER. UN SOLO USO | F56: UND | G56: 94.49 | H56: 238 | I56: 178.5 | M56: =+AVERAGE(G56:L56) -> 170.33 | N56: =+MEDIAN(G56:L56) -> 178.5 | O56: =+HARMEAN(G56:L56) -> 147.15222
A57: =+A56+1 -> 46 | B57: 42221504 | C57: 2500220 | D57: CATETER I V, N° 16 G X 1 1/4 | E57: CATETER INTRAVENOSO N 16 G X 1 ¼. USO UNICO, ESTERILIZADO EN OXIDO DE ETILENO, LIBRE DE PIROGENOS. AGUJA TRIBICELADA O PENTABISELADA, LIBRE DE LATEX, QUE CONSTA DE TRES PARTES: CATETER, AGUJA Y/O CANULA Y MECANISMO DE SEGURIDAD. ELABORADO EN MATERIAL BIOCOMPATIBLE (POLIURETANO). | F57: UND | G57: 2870 | H57: 4100 | I57: 6582 | M57: =+AVERAGE(G57:L57) -> 4517.3333 | N57: =+MEDIAN(G57:L57) -> 4100 | O57: =+HARMEAN(G57:L57) -> 4030.8278
A58: =+A57+1 -> 47 | B58: 42221504 | C58: 2500219 | D58: CATETER IV, N° 18 G X 1 1/4 | E58: CATETER INTRAVENOSO N° 18 G X 1 ¼. USO UNICO, ESTERILIZADO EN OXIDO DE ETILENO, LIBRE DE PIROGENOS. AGUJA TRIBICELADA O PENTABISELADA LIBRE DE LATEX, QUE CONSTA DE TRES PARTES: CATETER, AGUJA Y/O CANULA Y MECANISMO DE SEGURIDAD . ELABORADO EN MATERIAL BIOCOMPATIBLE (POLIURETANO). | F58: UND | G58: 2666.65 | H58: 4100 | I58: 4624 | M58: =+AVERAGE(G58:L58) -> 3796.8833 | N58: =+MEDIAN(G58:L58) -> 4100 | O58: =+HARMEAN(G58:L58) -> 3592.0927
A59: =+A58+1 -> 48 | D59: CATETER VENOSO RETRACTIL NO 18 | E59: CATETER ANTIOINCHAZO, NORMA BOTIQUIN. | F59: UND | H59: 6500 | L59: 6500 | M59: =+AVERAGE(G59:L59) -> 6500 | N59: =+MEDIAN(G59:L59) -> 6500 | O59: =+HARMEAN(G59:L59) -> 6500
A60: =+A59+1 -> 49 | B60: 42221504 | C60: 2500218 | D60: CATETER I V, N° 20 G X 1 1/4 | E60: CATETER INTRAVENOSO N 20 G X 1 ¼. USO UNICO, ESTERILIZADO EN OXIDO DE ETILENO, LIBRE DE PIROGENOS. AGUJA TRIBICELADA, LIBRE DE LATEX, QUE CONSTA DE TRES PARTES: CATETER, AGUJA Y/O CANULA Y MECANISMO DE SEGURIDAD. ELABORADO EN MATERIAL BIOCOMPATIBLE (POLIURETANO,). | F60: UND | G60: 2666.65 | H60: 4100 | I60: 6009 | M60: =+AVERAGE(G60:L60) -> 4258.55 | N60: =+MEDIAN(G60:L60) -> 4100 | O60: =+HARMEAN(G60:L60) -> 3820.0899
A61: =+A60+1 -> 50 | B61: 42221504 | C61: 2500215 | D61: CATETER I V, N° 22 G X 1 | E61: CATETER INTRAVENOSO N 22G X 1G. USO UNICO, ESTERILIZADO EN OXIDO DE ETILENO, LIBRE DE PIROGENOS. AGUJA TRIBICELADA, LIBRE DE LATEX, QUE CONSTA DE TRES PARTES: CATETER, AGUJA Y/O CANULA Y MECANISMO DE SEGURIDAD. ELABORADO EN MATERIAL BIOCOMPATIBLE (POLIURETANO). | F61: UND | G61: 2666.65 | H61: 4100 | I61: 6009 | M61: =+AVERAGE(G61:L61) -> 4258.55 | N61: =+MEDIAN(G61:L61) -> 4100 | O61: =+HARMEAN(G61:L61) -> 3820.0899
A62: =+A61+1 -> 51 | B62: 42221504 | C62: 2500216 | D62: CATETER I V, N° 24 G X 3/4 | E62: CATETER INTRAVENOSO N 24 G X 3/4 USO UNICO, ESTERILIZADO EN OXIDO DE ETILENO, LIBRE DE PIROGENOS. AGUJA TRIBICELADA, LIBRE DE LATEX, QUE CONSTA DE TRES PARTES: CATETER, AGUJA Y/O CANULA Y MECANISMO DE SEGURIDAD. ELABORADO EN MATERIAL BIOCOMPATIBLE (POLIURETANO,). | F62: UND | G62: 2666.65 | H62: 4100 | I62: 5334 | M62: =+AVERAGE(G62:L62) -> 4033.55 | N62: =+MEDIAN(G62:L62) -> 4100 | O62: =+HARMEAN(G62:L62) -> 3720.3241
A63: =+A62+1 -> 52 | B63: 42142609 | C63: 2584762 | D63: JERINGA DE 1 ML, 30 G X 1/2 | E63: JERINGA DE 1 CC, COMPUESTA POR CILINDRO Y CUERPO DE CILINDRO, ALAS DE SUJECION, EMBOLO, PISTON, DISCO DE EMPUJE Y ESCALA VOLUMETRICA; AGUJA INTEGRADA N° 30 X 1/2" EMPAQUE INDIVIDUAL DE PAPEL MICROPOROSO, PELICULA PLASTICA, IMPRESIÓN Y LENGUETAS QUE FACILITEN SU APERTURA | F63: UND | G63: 852.965 | H63: 595 | M63: =+AVERAGE(G63:L63) -> 723.9825 | N63: =+MEDIAN(G63:L63) -> 723.9825 | O63: =+HARMEAN(G63:L63) -> 701.00337
A64: =+A63+1 -> 53 | B64: 42142609 | C64: 2584760 | D64: JERINGA DE 1ML, 25 G (3 PARTES) | E64: JERINGA DE 1 CC, COMPUESTA POR CILINDRO Y CUERPO DE CILINDRO, ALAS DE SUJECIÓN, EMBOLO, PISTÓN, DISCO DE EMPUJE Y ESCALA VOLUMÉTRICA; AGUJA HIPODÉRMICA DE 25 G, DE EMPAQUE INDIVIDUAL DE PAPEL MICROPOROSO, PELÍCULA PLÁSTICA, IMPRESIÓN Y LENGÜETAS QUE FACILITEN SU APERTURA | F64: UND | G64: 452.3875 | H64: 357 | M64: =+AVERAGE(G64:L64) -> 404.69375 | N64: =+MEDIAN(G64:L64) -> 404.69375 | O64: =+HARMEAN(G64:L64) -> 399.07297
A65: =+A64+1 -> 54 | B65: 42142609 | C65: 2503411 | D65: JERINGA 1ML PARA INSULINA ULTRA FINE 13 MM LARGO (1/2") CALIBRE 30 | E65: JERINGA DE 1 ML, COMPUESTA POR CILINDRO Y CUERPO DE CILINDRO, ALAS DE SUJECIÓN; EMBOLO, PISTÓN, DISCO DE EMPUJE Y ESCALA VOLUMÉTRICA, DE EMPAQUE INDIVIDUAL DE PAPEL MICROPOROSO, PELÍCULA PLÁSTICA, IMPRESIÓN Y LENGÜETAS QUE FACILITEN SU APERTURA - AGUJA ULTRA FINE 13 MM LARGO (1/2") CALIBRE 30 GROSOR | F65: UND | G65: 1362.3267 | H65: 1785 | M65: =+AVERAGE(G65:L65) -> 1573.6633 | N65: =+MEDIAN(G65:L65) -> 1573.6633 | O65: =+HARMEAN(G65:L65) -> 1545.2817
A66: =+A65+1 -> 55 | B66: 42142609 | C66: 2501227 | D66: JERINGA 3 ML 21G X 1 1/2 (3 PARTES) | E66: JERINGA DE 3 CC, COMPUESTA POR CILINDRO Y CUERPO DE CILINDRO, ALAS DE SUJECION, EMBOLO, PISTON, DISCO DE EMPUJE Y ESCALA VOLUMETRICA; AGUJA INTEGRADA N° 21 X 1 ½. EMPAQUE INDIVIDUAL DE PAPEL MICROPOROSO, Y/O PLASTICO; ESTERIL GRADO MÉDICO, PELICULA PLASTICA, IMPRESIÓN Y LENGUETAS QUE FACILITEN SU APERTURA. | F66: UND | G66: 356.208 | H66: 357 | M66: =+AVERAGE(G66:L66) -> 356.604 | N66: =+MEDIAN(G66:L66) -> 356.604 | O66: =+HARMEAN(G66:L66) -> 356.60356
A67: =+A66+1 -> 56 | B67: 42142609 | C67: 2501228 | D67: JERINGA 5 ML 21G X 1 1/2 (3 PARTES) | E67: JERINGA DE 5 CC, COMPUESTA POR CILINDRO Y CUERPO DE CILINDRO, ALAS DE SUJECION, EMBOLO, PISTON, DISCO DE EMPUJE Y ESCALA VOLUMETRICA; AGUJA INTEGRADA N° 21. EMPAQUE INDIVIDUAL DE PAPEL MICROPOROSO, Y/O PLASTICO; ESTERIL GRADO MÉDICO, PELICULA PLASTICA, IMPRESIÓN Y LENGUETAS QUE FACILITEN SU APERTURA. | F67: UND | G67: 402.836 | H67: 476 | M67: =+AVERAGE(G67:L67) -> 439.418 | N67: =+MEDIAN(G67:L67) -> 439.418 | O67: =+HARMEAN(G67:L67) -> 436.37251
A68: =+A67+1 -> 57 | B68: 42142609 | C68: 2500001 | D68: JERINGA 10 ML 21G X 1 1/2 (3 PARTES) | E68: JERINGA DE 10 CC, COMPUESTA POR CILINDRO Y CUERPO DE CILINDRO, ALAS DE SUJECION, EMBOLO, PISTON, DISCO DE EMPUJE Y ESCALA VOLUMETRICA; AGUJA INTEGRADA N° 21. EMPAQUE INDIVIDUAL DE PAPEL MICROPOROSO, Y/O PLASTICO; ESTERIL GRADO MÉDICO, PELICULA PLASTICA, IMPRESIÓN Y LENGUETAS QUE FACILITEN SU APERTURA. | F68: UND | G68: 480.76 | H68: 595 | M68: =+AVERAGE(G68:L68) -> 537.88 | N68: =+MEDIAN(G68:L68) -> 537.88 | O68: =+HARMEAN(G68:L68) -> 531.81416
A69: =+A68+1 -> 58 | B69: 42142609 | C69: 2502243 | D69: JERINGA 20 ML 21G 1 1/2 | E69: JERINGA DE 20 CC, COMPUESTA POR CILINDRO Y CUERPO DE CILINDRO, ALAS DE SUJECION, EMBOLO, PISTON, DISCO DE EMPUJE Y ESCALA VOLUMETRICA; AGUJA INTEGRADA N° 21. EMPAQUE INDIVIDUAL DE PAPEL MICROPOROSO, Y/O PLASTICO; ESTERIL GRADO MÉDICO, PELICULA PLASTICA, IMPRESIÓN Y LENGUETAS QUE FACILITEN SU APERTURA. | F69: UND | G69: 643.8 | H69: 952 | M69: =+AVERAGE(G69:L69) -> 797.9 | N69: =+MEDIAN(G69:L69) -> 797.9 | O69: =+HARMEAN(G69:L69) -> 768.13836
A70: =+A69+1 -> 59 | B70: 42142609 | C70: 2584110 | D70: JERINGA 50CC (3 PARTES) | E70: JERINGA DE 50 CC, COMPUESTA POR CILINDRO Y CUERPO DE CILINDRO, ALAS DE SUJECION, EMBOLO, PISTON, DISCO DE EMPUJE Y ESCALA VOLUMETRICA; AGUJA INTEGRADA N° 21. EMPAQUE INDIVIDUAL DE PAPEL MICROPOROSO, Y/O PLASTICO; ESTERIL GRADO MÉDICO, PELICULA PLASTICA, IMPRESIÓN Y LENGUETAS QUE FACILITEN SU APERTURA. | F70: UND | G70: 1630.8388 | H70: 1904 | M70: =+AVERAGE(G70:L70) -> 1767.4194 | N70: =+MEDIAN(G70:L70) -> 1767.4194 | O70: =+HARMEAN(G70:L70) -> 1756.8649
A71: =+A70+1 -> 60 | B71: 42142502 | C71: 2505439 | D71: AGUJA ESPINAL No. 26 PARA ANESTESIA REGIONAL SUBARACNOIDEA | E71: AGUJA ESPINAL No. 26 PARA ANESTESIA REGIONAL SUBARACNOIDEA, EN EMPAQUE ESTERIL GRADO MEDICO. TRANSPARENTE CON BISEL, CAMARA TRANSPARENTE. | F71: CAJA X 25 | G71: 485548 | H71: 630700 | M71: =+AVERAGE(G71:L71) -> 558124 | N71: =+MEDIAN(G71:L71) -> 558124 | O71: =+HARMEAN(G71:L71) -> 548686.53
A72: =+A71+1 -> 61 | B72: 42142502 | C72: 2505439 | D72: AGUJA ESPINAL No. 27 PARA ANESTESIA REGIONAL SUBARACNOIDEA | E72: AGUJA ESPINAL No. 27 PARA ANESTESIA REGIONAL SUBARACNOIDEA. EN EMPAQUE ESTERIL GRADO MEDICO. TRANSPARENTE CON BISEL CAMARA TRANSPARENTE | F72: CAJA X 25 | G72: 437766.6 | H72: 630700 | I72: 487875 | M72: =+AVERAGE(G72:L72) -> 518780.53 | N72: =+MEDIAN(G72:L72) -> 487875 | O72: =+HARMEAN(G72:L72) -> 506793.78
A73: SUTURAS
A74: =+A72+1 -> 62 | B74: 42292904 | C74: 2500766 | D74: MONOFILAMENTO DE POLIPROPILENO 0 AGUJA PUNTA REDONDA MEDIO CIRCULO DE 24MM HASTA 26MM LONG HEBRA 75CM | E74: SUTURA DE POLIPROPILENO TEÑIDO, ESTERIL NO ABSORBIBLE COMPUESTA POR UN ESTEREOISOMERO CRISTALINO ISOTÁCTICO DE POLIPROPILENO Y UNA POLIOLEFINA LINEAL SINTETICA, AZUL MONOFILAMENTO, CALIBRE 0, LONGITUD DE 75CM, AGUJA CURVA MEDIANA AHUSADA (CONT) FUERTE DE 1/2 CIRC, MONOFILAMENTO DE POLIPROPILENO 0 AGUJA PUNTA REDONDA MEDIO CIRCULO de 24 a 26MM LONG HEBRA 75CM | F74: SOBRE/UND | G74: 12725.75 | H74: 16000 | M74: =+AVERAGE(G74:L74) -> 14362.875 | N74: =+MEDIAN(G74:L74) -> 14362.875 | O74: =+HARMEAN(G74:L74) -> 14176.27
A75: =+A74+1 -> 63 | B75: 42292904 | C75: 2500771 | D75: POLIPROPILENO MONOFILAMENTO 2/0 | E75: POLIPROPILENO MONOFILAMENTO 2/0: SUTURA DE POLIPROPILENO TEÑIDO, ESTERIL NO ABSORBIBLE COMPUESTA POR UN ESTEREOISOMERO CRISTALINO ISOTÁCTICO DE POLIPROPILENO Y UNA POLIOLEFINA LINEAL SINTETICA, AZUL MONOFILAMENTO, CALIBRE 2/0 , AGUJA REVERSO CORTANTE RECTADE 60MM LONGITUD DE LA HEBRA DE 75 MM EMPAQUE PRIMARIO Y SECUNDARIO DEBEN SER SEGURO Y ERGONOMICO,LA SILUETA DE LA AGUJA MOSTRADA EN EL EMPAQUE DEBE SER LA DEL TAMAÑO REAL,EL ENSAMBLE DE LA AGUJA AL MATERIAL DE SUTURA DEBE SER FIRME,EMPAQUE QUE PERMITA MINIMA MEMORIA DE LA SUTURA. | F75: SOBRE/UND | G75: 14913 | H75: 17000 | M75: =+AVERAGE(G75:L75) -> 15956.5 | N75: =+MEDIAN(G75:L75) -> 15956.5 | O75: =+HARMEAN(G75:L75) -> 15888.259
A76: =+A75+1 -> 64 | B76: 42292904 | C76: 2500772 | D76: MONOFILAMENTO DE POLIPROPILENO 2-0, CON AGUJA 1/2 DE CIRCULO REDONDA | E76: SUTURA DE POLIPROPILENO, ESTERIL NO ABSORBIBLE COMPUESTA POR UN ESTEREOISOMERO CRISTALINO ISOTÁCTICO DE POLIPROPILENO Y UNA POLIOLEFINA LINEAL SINTETICA, AZUL MONOFILAMENTO. CON AGUJA DE 1/2 DE CIRCULO CORTANTE DE 34 A 37 MM, CON UNA HEBRA DE MINIMO 40 CMS DE LONGITUD. | F76: SOBRE/UND | G76: 11825.073 | H76: 16000 | M76: =+AVERAGE(G76:L76) -> 13912.536 | N76: =+MEDIAN(G76:L76) -> 13912.536 | O76: =+HARMEAN(G76:L76) -> 13599.329
A77: =+A76+1 -> 65 | B77: 42292904 | C77: 2500776 | D77: MONOFILAMENTO DE POLIPROPILENO 3-0 AGUJA PUNTA CORTANTE DE 3/8 DE CIRCULO CORTANTE DE 24MM HASTA 26MM LONG HEBRA 45 HASTA 75CM | E77: SUTURA DE POLIPROPILENO TEÑIDO, ESTERIL NO ABSORBIBLE COMPUESTA POR UN ESTEREOISOMERO CRISTALINO ISOTÁCTICO DE POLIPROPILENO Y UNA POLIOLEFINA LINEAL SINTETICA, AZUL MONOFILAMENTO, CALIBRE 3/0 LONGITUD DE 45 HASTA 75CM, AGUJA CURVA REVERSO CORTANTE DE 3/8 CIRCULO | F77: SOBRE/UND | G77: 12264.75 | H77: 16000 | M77: =+AVERAGE(G77:L77) -> 14132.375 | N77: =+MEDIAN(G77:L77) -> 14132.375 | O77: =+HARMEAN(G77:L77) -> 13885.564
A78: =+A77+1 -> 66 | B78: 42292904 | C78: 2500782 | D78: MONOFILAMENTO DE POLIPROPILENO 4-0 AGUJA PUNTA REVERSO CORTANTE DE 3/8 DE CIRCULO DESDE 19 MM HASTA 20MM LONG HEBRA 45 HASTA 75CM | E78: SUTURA DE POLIPROPILENO TEÑIDO, ESTERIL NO ABSORBIBLE COMPUESTA POR UN ESTEREOISOMERO CRISTALINO ISOTÁCTICO DE POLIPROPILENO Y UNA POLIOLEFINA LINEAL SINTETICA, AZUL MONOFILAMENTO, CALIBRE 4-0 LONGITUD DE 45 HASTA 75CM, AGUJA CURVA PEQUEÑA CORTANTE DE 3/8 CIRCULO | F78: SOBRE/UND | G78: 13893.323 | H78: 16000 | M78: =+AVERAGE(G78:L78) -> 14946.661 | N78: =+MEDIAN(G78:L78) -> 14946.661 | O78: =+HARMEAN(G78:L78) -> 14872.429
A79: =+A78+1 -> 67 | B79: 42292904 | C79: 2582856 | D79: MONOFILAMENTO DE POLIPROPILENO 5-0 AGUJA PUNTA REVERSO CORTANTE DE 3/8 DE CIRCULO HASTA 16MM LONG HEBRA 45 HASTA 75CM | E79: SUTURA DE POLIPROPILENO TEÑIDO, ESTERIL NO ABSORBIBLE COMPUESTA POR UN ESTEREOISOMERO CRISTALINO ISOTÁCTICO DE POLIPROPILENO Y UNA POLIOLEFINA LINEAL SINTETICA, AZUL MONOFILAMENTO, CALIBRE 5-0 LONGITUD DE 45 HASTA 75CM, AGUJA CURVA PEQUEÑA CORTANTE DE 3/8 CIRCULO | F79: SOBRE/UND | G79: 12499.658 | H79: 18000 | M79: =+AVERAGE(G79:L79) -> 15249.829 | N79: =+MEDIAN(G79:L79) -> 15249.829 | O79: =+HARMEAN(G79:L79) -> 14753.86
A80: =+A79+1 -> 68 | B80: 42292904 | C80: 2500747 | D80: POLIGLACTINA 3-0 CON O SIN RECUBRIMIENTO ANTIBACTERIAL MULTIFILAMENTO SINTETICO ABSORBIBLE TRENZADO CON AGUJA PUNTA REDONDA AHUSADA DE MEDIO CIRCULO HASTA 26 MM LONG HEBRA 70 HASTA 90CM | E80: SUTURA ESTERIL, SINTETICA ABSORBIBLE POLIGLACTINA 910 CON O SIN RECUBRIMIENTO DE ANTIBACTERIAL, VIOLETA TENZADO, CALIBRE 3-0 LONGITUD DE 70 HASTA 90CM, CON AGUJA CURVA MEDIANA REDONDA 1/2 CIRCULO HASTA 26MM | F80: SOBRE/UND | G80: 21396.857 | H80: 28000 | M80: =+AVERAGE(G80:L80) -> 24698.428 | N80: =+MEDIAN(G80:L80) -> 24698.428 | O80: =+HARMEAN(G80:L80) -> 24257.09
A81: =+A80+1 -> 69 | B81: 42292904 | C81: 2500749 | D81: POLIGLACTINA 4-0 CON O SIN RECUBRIMIENTO ANTIBACTERIAL MULTIFILAMENTO SINTETICO ABSORBIBLE TRENZADO CON AGUJA PUNTA REDONDA DE MEDIO CIRCULO HASTA 17MM LONG HEBRA 70 A 75CM | E81: SUTURA ESTERIL, SINTETICA ABSORBIBLE POLIGLACTINA 910 CON O SIN RECUBRIMIENTO DE ANTIBACTERIAL, VIOLETA TRENZADO, CALIBRE 4-0 LONGITUD DE 70CM A 75CM, CON AGUJA CURVA AHUSADA REDONDA DE 1/2 CIRCULO HASTA 17MM | F81: SOBRE/UND | G81: 21155.523 | H81: 28000 | M81: =+AVERAGE(G81:L81) -> 24577.762 | N81: =+MEDIAN(G81:L81) -> 24577.762 | O81: =+HARMEAN(G81:L81) -> 24101.245
A82: =+A81+1 -> 70 | B82: 42292904 | C82: 2502286 | D82: POLIGLACTINA 5/0 CON O SIN RECUBRIMIENTO ANTIBACTERIAL MULTIFILAMENTO SINTETICO ABSORBIBLE TRENZADO CON AGUJA PUNTA CORTANTE DE 3/8 DE CIRCULO DESDE 13 MM LONG HEBRA 45 CM | E82: SUTURA ESTERIL, SINTETICA ABSORBIBLE POLIGLACTINA 910 CON O SIN RECUBRIMIENTO DE ANTIBACTERIAL, VIOLETA TRENZADA, CALIBRE 5-0 MULTIFILAMENTO, CON AGUJA PUNTA CORTANTE DE 3/8 CIRCULO DESDE 13MM LONG HEBRA 45CM | F82: SOBRE/UND | G82: 21155.523 | H82: 28000 | M82: =+AVERAGE(G82:L82) -> 24577.762 | N82: =+MEDIAN(G82:L82) -> 24577.762 | O82: =+HARMEAN(G82:L82) -> 24101.245
A83: =+A82+1 -> 71 | B83: 42292904 | C83: 2502281 | D83: SEDA 4/0 CON AGUJA ½ CIRCULO REDONDA | E83: SEDA TRENZADA SUTURA QUIRURGICA ESTERIL Y NO ABSORBIBLE, TEÑIDA DE NEGRO Y REVESTIDA RECUBIERTA 4/0, AGUJA 1/2 CIRCULO REDONDA DE 24 - 26 MM. CON UNA HEBRA DE 75 CM DE LONGITUD | F83: SOBRE/UND | G83: 11619.713 | H83: 14000 | M83: =+AVERAGE(G83:L83) -> 12809.857 | N83: =+MEDIAN(G83:L83) -> 12809.857 | O83: =+HARMEAN(G83:L83) -> 12699.282
A84: =+A83+1 -> 72 | B84: 42292904 | C84: 2500790 | D84: SEDA 3/0 CON AGUJA ½ CIRCULO REDONDA | E84: SEDA TRENZADA SUTURA QUIRURGICA ESTERIL Y NO ABSORBIBLE, TEÑIDA DE NEGRO Y REVESTIDA RECUBIERTA 3/0 , AGUJA 1/2 CIRCULO REDONDA DE 24 - 26 MM. CON UNA HEBRA DE 75 CM DE LONGITUD | F84: SOBRE/UND | G84: 10759.035 | H84: 14000 | M84: =+AVERAGE(G84:L84) -> 12379.517 | N84: =+MEDIAN(G84:L84) -> 12379.517 | O84: =+HARMEAN(G84:L84) -> 12167.396
A85: =+A84+1 -> 73 | B85: 42292904 | C85: 2565517 | D85: CATGUT CROMADO 4/0 CON AGUJA ½ CIRCULO REDONDA | E85: CATGUT CROMADO (GASTROINTESTINAL) 4/0 CON AGUJA MEDIO CIRCULO REDONDA DE 15 A 17 MM, CON LA HEBRA DE 70 CM DE LONGITUD | F85: SOBRE/UND | G85: 12950.392 | H85: 14000 | M85: =+AVERAGE(G85:L85) -> 13475.196 | N85: =+MEDIAN(G85:L85) -> 13475.196 | O85: =+HARMEAN(G85:L85) -> 13454.757
A86: CURACIONES
A87: =+A85+1 -> 74 | D87: Toallas alcoholadas | E87: Toallitas de alcohol con efecto bacteriostático ,para desinfección de piel y preparar sitio de venopuncion ,impregnada de alcohol isopropílico al 70% cada toallita está dispuesta en paquete individual. | F87: UND | H87: 100 | I87: 130 | M87: =+AVERAGE(G87:L87) -> 115 | N87: =+MEDIAN(G87:L87) -> 115 | O87: =+HARMEAN(G87:L87) -> 113.04348
A88: =+A87+1 -> 75 | B88: 51171630 | C88: 2502222 | D88: ACEITE MINERAL BLANCO, SOLVENTE | E88: ACEITE MINERAL BLANCO, SOLVENTE, MEZCLA DE HIDROCARBUROS LIQUIDOS, REFINADOS, PARAFINAS Y NAFTENICOS NATURALES. NO DEBE IRRITAR LA PIEL TOTALMENTE HIPOALERGENICO. | F88: FCO X 750 ML | G88: 25118.63 | H88: 23205 | M88: =+AVERAGE(G88:L88) -> 24161.815 | N88: =+MEDIAN(G88:L88) -> 24161.815 | O88: =+HARMEAN(G88:L88) -> 24123.925
A89: =+A88+1 -> 76 | B89: 41104213 | C89: 2502698 | D89: AGUA DESTILADA USO MEDICO | E89: AGUA DESTILADA USO MEDICO | F89: GALON X 3750 ML O GALON X 4000 ML | G89: 21512.5 | H89: 24000 | I89: 18546 | M89: =+AVERAGE(G89:L89) -> 21352.833 | N89: =+MEDIAN(G89:L89) -> 21512.5 | O89: =+HARMEAN(G89:L89) -> 21116.165
A90: =+A89+1 -> 77 | B90: 51102709 | C90: 2503875 | D90: AGUA OXIGENADA | E90: AGUA OXIGENADA | F90: FCO X 120 ML | G90: 2817.125 | H90: 3100 | I90: 3442 | M90: =+AVERAGE(G90:L90) -> 3119.7083 | N90: =+MEDIAN(G90:L90) -> 3100 | O90: =+HARMEAN(G90:L90) -> 3098.9135
A91: =+A90+1 -> 78 | D91: GEL ANTIBACTERIAL | E91: GEL ANTIBACTERIAL CON GLICERINA NEUTRO | F91: FCO X4L | G91: 24462.75 | H91: 115000 | M91: =+AVERAGE(G91:L91) -> 69731.375 | N91: =+MEDIAN(G91:L91) -> 69731.375 | O91: =+HARMEAN(G91:L91) -> 40343.622
A92: =+A91+1 -> 79 | B92: 51102710 | C92: 2504027 | D92: ALCOHOL ANTISEPTICO AL 70% PARA USO MEDICO | E92: SOLUCION HIDROALCOHOLICA EN LA QUE CADA 100 ML CONTIENE ENTRE 72.9 A 73.7 ML DE ALCOHOL ETILICO IMPOTABILIZADO 96%, USO ANTISEPTICO EXTERNO. | F92: FCO X 750 ML | G92: 7307.75 | H92: 7900 | M92: =+AVERAGE(G92:L92) -> 7603.875 | N92: =+MEDIAN(G92:L92) -> 7603.875 | O92: =+HARMEAN(G92:L92) -> 7592.3427
A93: =+A92+1 -> 80 | B93: 42141502 | C93: 2503239 | D93: APLICADOR DE ALGODÓN, VARILLA ELABORADA EN MADERA | E93: APLICADOR DE ALGODÓN: VARILLA ELABORADA EN MADERA LARGOS DE GRAN RESISTENCIA; CON ALGODÓN 100% ABSORVENTE COMPACTO Y NO SE DESPRENDA CON EL USO NORMAL | F93: CAJA X 1000 | G93: 33721.4 | H93: 52360 | I93: 53761 | M93: =+AVERAGE(G93:L93) -> 46614.133 | N93: =+MEDIAN(G93:L93) -> 52360 | O93: =+HARMEAN(G93:L93) -> 44540.684
A94: =+A93+1 -> 81 | B94: 42311518 | C94: 2500126 | D94: APOSITO OCULAR PARCHE AUTOADHESIVO EN MATERIAL MICROPOROSO, HIPOALERGENICO,TAMAÑO ADULTO. | E94: APOSITO OCULAR PARCHE AUTOADHESIVO EN MATERIAL MICROPOROSO, HIPOALERGENICO,TAMAÑO ADULTO. | F94: CAJA X 20 | G94: 24093.625 | H94: 10000 | I94: 15834 | M94: =+AVERAGE(G94:L94) -> 16642.542 | N94: =+MEDIAN(G94:L94) -> 15834 | O94: =+HARMEAN(G94:L94) -> 14658.459
A95: =+A94+1 -> 82 | B95: 51211615 | C95: 2500148 | D95: BAJALENGUAS O DEPRESORES DE MADERA, | E95: BAJALENGUAS O DEPRESORES DE MADERA, PRESENTACION BOLSA X 20 A 25 UNIDADES | F95: BOLSA de 20 a 25 UNIDADES | G95: 7102.9 | H95: 46410 | M95: =+AVERAGE(G95:L95) -> 26756.45 | N95: =+MEDIAN(G95:L95) -> 26756.45 | O95: =+HARMEAN(G95:L95) -> 12320.229
A96: =+A95+1 -> 83 | B96: 2500417 | C96: 2500253 | D96: ESPARADRAPO DE TELA TIPO HOSPITALARIO DE FÁCIL RASGADO DE 10 YARDAS, 01 DE 1 PULGADA, 02 DE 2 PULGADAS, 01 DE 3 PULGADAS Y 01 DE 4 PULGADAS | E96: FIJACIÓN DE TODO TIPO Y TAMAÑO DE APÓSITOS Y VENDAJES. FIJACIÓN DE VENDAJES DE COMPRESIÓN. UNIVERSAL, CONFORTABLE, QUE SE ADAPTA PERFECTAMENTE A CUALQUIER PARTE DEL CUERPO. ELEVADA ADHESIVIDAD INICIAL Y PERMANENTE, INCLUSO BAJO FUERTE TENSIÓN, GRAN RESISTENCIA A LA TRACCIÓN: ADECUADO PARA LA FIJACIÓN DE VENDAJES DE COMPRESIÓN, QUE SE PUEDE CORTAR CON LOS DEDOS REPELENTE AL AGUA, PRÁCTICO: PERMITE ESCRIBIR EN SU SUPERFICIE .CONTIENE LÁTEX COMPOSICIÓN MASA ADHESIVA: ÓXIDO DE ZINC, CAUCHO Y RESINA SOPORTE: TEJIDO DE SEDA ARTIFICIAL (ACETATO DE CELULOSA) CO. TERMOESTABLE DE 0 A + 30º C | F96: TUBO X 5 ROLLOS | G96: 53120.8 | H96: 98000 | M96: =+AVERAGE(G96:L96) -> 75560.4 | N96: =+MEDIAN(G96:L96) -> 75560.4 | O96: =+HARMEAN(G96:L96) -> 68896.385
A97: =+A96+1 -> 84 | B97: 2500417 | C97: 2504341 | D97: ESPARADRAPO TRANSPARENTE POROSO DE PLÁSTICO HIPOALERGÉNICO (2,5CM X 10 YARDAS), ROLLO DE UN SOLO USO, 1527-1 | E97: ESPARADRAPO TRANSPARENTE POROSO DE PLÁSTICO HIPOALERGÉNICO (2,5CM X 10 YARDAS), ROLLO DE UN SOLO USO, 1527-1 RASGADO FÁCIL, RECTO Y BIDIRECCIONAL QUE PERMITE RECORTAR EL ESPARADRAPO, POROSO Y TRANSPIRABLE, FÁCIL DE MANIPULAR CON GUANTES, BUENA ADHESIÓN A LA PIEL Y TUBOS PARA UNA FIJACIÓN SEGURA, TRANSPARENTE PARA UN SENCILLO CONTROL. | F97: UND | G97: 10654.4 | H97: 8000 | M97: =+AVERAGE(G97:L97) -> 9327.2 | N97: =+MEDIAN(G97:L97) -> 9327.2 | O97: =+HARMEAN(G97:L97) -> 9138.3481
A98: =+A97+1 -> 85 | B98: 42311708 | C98: 2500619 | D98: CINTA AUTO ADHESIVA HIPOALERGENICA POLIESTER ELASTICO | E98: CINTA AUTO ADHESIVA HIPOALERGENICA POLIESTER ELASTICO MICROPOROSO ALTA CAPACIDAD ELASTICA, PERMEABLE AL VAPOR Y AL AGUA RADIOTRANSPARENTE SIN LATEX,PERMITE LA TRANSPIRACION Y REDUCE EL RIESGO DE MACERACION FLEXIBLE DE 10M X 10 CMS | F98: ROLLO | G98: 76851.262 | H98: 30000 | M98: =+AVERAGE(G98:L98) -> 53425.631 | N98: =+MEDIAN(G98:L98) -> 53425.631 | O98: =+HARMEAN(G98:L98) -> 43154.153
A99: =+A98+1 -> 86 | B99: 42311708 | C99: 2583795 | D99: CINTA QUIRURGICA HIPOALERGENICA MICROPOROSA NO OCLUSIVA, DE 0.5" | E99: CINTA QUIRURGICA HIPOALERGENICA MICROPOROSA NO OCLUSIVA, TELA COLOR PIEL DE RAYON NO TEJIDO CON SOPORTE ACRILICO Y ADHESIVO HIPOALERGENICO, DE 0,5" | F99: ROLLO | G99: 2083.6667 | H99: 1600 | M99: =+AVERAGE(G99:L99) -> 1841.8333 | N99: =+MEDIAN(G99:L99) -> 1841.8333 | O99: =+HARMEAN(G99:L99) -> 1810.0805
A100: =+A99+1 -> 87 | B100: 42311708 | C100: 2503420 | D100: CINTA QUIRURGICA HIPOALERGENICA MICROPOROSA NO OCLUSIVA, DE1" | E100: CINTA QUIRURGICA HIPOALERGENICA MICROPOROSA NO OCLUSIVA, TELA COLOR PIEL DE RAYON NO TEJIDO CON SOPORTE ACRILICO Y ADHESIVO HIPOALERGENICO, DE 1" | F100: ROLLO | G100: 2996.4167 | H100: 3100 | M100: =+AVERAGE(G100:L100) -> 3048.2083 | N100: =+MEDIAN(G100:L100) -> 3048.2083 | O100: =+HARMEAN(G100:L100) -> 3047.3283
A101: =+A100+1 -> 88 | B101: 42311708 | C101: 2583796 | D101: CINTA QUIRURGICA HIPOALERGENICA MICROPOROSA NO OCLUSIVA, DE 2" | E101: CINTA QUIRURGICA HIPOALERGENICA MICROPOROSA NO OCLUSIVA, TELA COLOR PIEL DE RAYON NO TEJIDO CON SOPORTE ACRILICO Y ADHESIVO HIPOALERGENICO, DE 2" | F101: ROLLO | G101: 4939.6667 | H101: 6200 | M101: =+AVERAGE(G101:L101) -> 5569.8333 | N101: =+MEDIAN(G101:L101) -> 5569.8333 | O101: =+HARMEAN(G101:L101) -> 5498.5368
A102: =+A101+1 -> 89 | B102: 42311511 | C102: 2503344 | D102: GASA ESTERIL PRECORTADA, SIN CINTA RADIO-OPACA | E102: GASA ESTERIL: GASA QUIRURGICA ALTAMENTE ABSORBENTE, PRELAVADA Y PRECORTADA, FABRICADO EN 100% HILO DE ALGODÓN, MEDIDAS APROX 7,5X7,5CM, EMPAQUE ESTERIL X 5 UNIDADES | F102: PAQ X 5 | G102: 570.75 | H102: 1200 | M102: =+AVERAGE(G102:L102) -> 885.375 | N102: =+MEDIAN(G102:L102) -> 885.375 | O102: =+HARMEAN(G102:L102) -> 773.57052
...

